Workbook
Name \0: #REF!
Name \00: #REF!
Name \a: #REF!
Name \AA: [1]LIQUIDACION!#REF!
Name \b: #REF!
Name \bb: [2]STRSUMM0!#REF!
Name \c: #REF!
Name \E: #REF!
Name \EE: #REF!
Name \eliminar: [3]RESUM96!#REF!
Name \eliminar1: [3]RESUM96!#REF!
Name \G: #REF!
Name \k: '[4]7422CW00'!#REF!
Name \l: [5]STRSUMM0!#REF!
Name \M: #REF!
Name \ñ: '[6]7422CW00'!#REF!
Name \P: #REF!
Name \q: #REF!
Name \R: #REF!
Name \s: #REF!
Name \V: #REF!
Name \X: #N/A
Name \Z: #N/A
Name ________________EST1: #REF!
Name ________________EST10: #REF!
Name ________________EST11: #REF!
Name ________________EST12: #REF!
Name ________________EST13: #REF!
Name ________________EST14: #REF!
Name ________________EST15: #REF!
Name ________________EST16: #REF!
Name ________________EST17: #REF!
Name ________________EST18: #REF!
Name ________________EST19: #REF!
Name ________________EST2: #REF!
Name ________________EST3: #REF!
Name ________________EST4: #REF!
Name ________________EST5: #REF!
Name ________________EST6: #REF!
Name ________________EST7: #REF!
Name ________________EST8: #REF!
Name ________________EST9: #REF!
Name ________________EXC1: #REF!
Name ________________EXC10: #REF!
Name ________________EXC11: #REF!
Name ________________EXC12: #REF!
Name ________________EXC2: #REF!
Name ________________EXC3: #REF!
Name ________________EXC4: #REF!
Name ________________EXC5: #REF!
Name ________________EXC6: #REF!
Name ________________EXC7: #REF!
Name ________________EXC8: #REF!
Name ________________EXC9: #REF!
Name _______________EST1: #REF!
Name _______________EST10: #REF!
Name _______________EST11: #REF!
Name _______________EST12: #REF!
Name _______________EST13: #REF!
Name _______________EST14: #REF!

Sheet PPTO CONSUL - ANEXO 12
B2: 1 | C2: 2 | D2: 3 | E2: 4 | F2: 5 | G2: 6
C3: PRESUPUESTO ESTIMADO: CONSULTORIA | O3: FLUJO DE CAJA
C4: ACTIVIDADES | D4: % | E4: UND | F4: CANTIDAD | G4: VALOR TOTAL | H4: VALOR TOTAL (INCLUYE IVA) | I4: % | J4: VERIF | M4: % | O4: MES 1 | P4: MES 2 | Q4: MES 3 | R4: MES 4 | S4: MES 5 | T4: MES 6 | U4: TOTAL | W4: DIFERENCIA
B5: ITEM | C5: FASE 0. Acciones previas - Declaratoria | D5: =SUM(D6:D12) -> 0.4634587 | G5: =SUM(G6:G12) -> 266293339 | H5: =SUM(H6:H12) -> 316889075 | O5: =SUM(O6:O12) -> 1.3470922e+08 | P5: =SUM(P6:P12) -> 1.3158412e+08 | Q5: =SUM(Q6:Q12) -> 0 | R5: =SUM(R6:R12) -> 0 | S5: =SUM(S6:S12) -> 0 | T5: =SUM(T6:T12) -> 0 | U5: =SUM(U6:U12) -> 266293339
B6: 1.01 | C6: Priorización de cuerpos de agua para el acotamiento de su ronda hídrica | D6: =(G6)/$G$37 -> 0.03379667 | E6: GLB | F6: 1 | G6: 19418835 | H6: =ROUND((G6*1.19),0) -> 23108414 | I6: =H6/$H$37 -> 0.033796671 | J6: =+D6-I6 -> -5.1534432e-10 | O6: =$G6*0.5 -> 9709417.5 | P6: =$G6*0.5 -> 9709417.5 | U6: =SUM(O6:T6) -> 19418835 | W6: =+G6-U6 -> 0
B7: 1.02 | C7: Recopilación de información secundaria | D7: =(G7)/$G$37 -> 0.03379667 | E7: GLB | F7: 1 | G7: 19418835 | H7: =ROUND((G7*1.19),0) -> 23108414 | I7: =H7/$H$37 -> 0.033796671 | J7: =+D7-I7 -> -5.1534432e-10 | O7: =$G7*0.5 -> 9709417.5 | P7: =$G7*0.5 -> 9709417.5 | U7: =SUM(O7:T7) -> 19418835 | W7: =+G7-U7 -> 0
B8: 1.03 | C8: Diseño de la estrategia de participación | D8: =(G8)/$G$37 -> 0.0054389449 | E8: GLB | F8: 1 | G8: 3125100 | H8: =ROUND((G8*1.19),0) -> 3718869 | I8: =H8/$H$37 -> 0.0054389449 | J8: =+D8-I8 -> -5.5682195e-13 | O8: =$G8*1 -> 3125100 | U8: =SUM(O8:T8) -> 3125100 | W8: =+G8-U8 -> 0
B9: 1.04 | C9: Diseño conceptual de la base de datos geográfica | D9: =(G9)/$G$37 -> 0.03379667 | E9: GLB | F9: 1 | G9: 19418835 | H9: =ROUND((G9*1.19),0) -> 23108414 | I9: =H9/$H$37 -> 0.033796671 | J9: =+D9-I9 -> -5.1534432e-10 | O9: =$G9*0.5 -> 9709417.5 | P9: =$G9*0.5 -> 9709417.5 | U9: =SUM(O9:T9) -> 19418835 | W9: =+G9-U9 -> 0
B10: 1.05 | C10: Estudios soporte | D10: =(G10)/$G$37 -> 0.28903641 | E10: GLB | F10: 1 | G10: 166074064 | H10: =ROUND((G10*1.19),0) -> 197628136 | I10: =H10/$H$37 -> 0.28903641 | J10: =+D10-I10 -> 2.044136e-10 | O10: =$G10*0.5 -> 83037032 | P10: =$G10*0.5 -> 83037032 | U10: =SUM(O10:T10) -> 166074064 | W10: =+G10-U10 -> 0
B11: 1.06 | C11: Programación de actividades | D11: =(G11)/$G$37 -> 0.03379667 | E11: GLB | F11: 1 | G11: 19418835 | H11: =ROUND((G11*1.19),0) -> 23108414 | I11: =H11/$H$37 -> 0.033796671 | J11: =+D11-I11 -> -5.1534432e-10 | O11: =$G11*0.5 -> 9709417.5 | P11: =$G11*0.5 -> 9709417.5 | U11: =SUM(O11:T11) -> 19418835 | W11: =+G11-U11 -> 0
B12: 1.07 | C12: Plan Operativo | D12: =(G12)/$G$37 -> 0.03379667 | E12: GLB | F12: 1 | G12: 19418835 | H12: =ROUND((G12*1.19),0) -> 23108414 | I12: =H12/$H$37 -> 0.033796671 | J12: =+D12-I12 -> -5.1534432e-10 | O12: =$G12*0.5 -> 9709417.5 | P12: =$G12*0.5 -> 9709417.5 | U12: =SUM(O12:T12) -> 19418835 | W12: =+G12-U12 -> 0
C13: FASE 1: Delimitación del cauce permanente o de la línea de mareas máximas | D13: =SUM(D15:D17) -> 0.20122009 | G13: =SUM(G15:G17) -> 115616706 | H13: =SUM(H15:H17) -> 137583880 | O13: =SUM(O15:O17) -> 0 | P13: =SUM(P15:P17) -> 0 | Q13: =SUM(Q15:Q17) -> 115616706 | R13: =SUM(R15:R17) -> 0 | S13: =SUM(S15:S17) -> 0 | T13: =SUM(T15:T17) -> 0 | U13: =SUM(U15:U17) -> 115616706 | W13: =+G13-U13 -> 0
B14: 2.01 | C14: Delimitación del Cauce Permanente | W14: =+G14-U14 -> 0
B15: 2.02 | C15: Identificación preliminar de las formas del terreno asociadas al cauce permanente | D15: =(G15)/$G$37 -> 0.087769152 | E15: GLB | F15: 1 | G15: 50430255 | H15: =ROUND((G15*1.19),0) -> 60012003 | I15: =H15/$H$37 -> 0.087769152 | J15: =+D15-I15 -> 6.4915144e-10 | Q15: =$G15*1 -> 50430255 | U15: =SUM(O15:T15) -> 50430255 | W15: =+G15-U15 -> 0
B16: 2.03 | C16: Delimitación el ancho del cauce permanente y verificarlo en campo | D16: =(G16)/$G$37 -> 0.043313029 | E16: GLB | F16: 1 | G16: 24886729 | H16: =ROUND((G16*1.19),0) -> 29615208 | I16: =H16/$H$37 -> 0.04331303 | J16: =+D16-I16 -> -7.2107229e-10 | Q16: =$G16*1 -> 24886729 | U16: =SUM(O16:T16) -> 24886729 | W16: =+G16-U16 -> 0
B17: 2.04 | C17: Delimitación el cauce permanente del sistema lótico | D17: =(G17)/$G$37 -> 0.070137905 | E17: GLB | F17: 1 | G17: 40299722 | H17: =ROUND((G17*1.19),0) -> 47956669 | I17: =H17/$H$37 -> 0.070137905 | J17: =+D17-I17 -> 2.5607429e-10 | Q17: =$G17*1 -> 40299722 | U17: =SUM(O17:T17) -> 40299722 | W17: =+G17-U17 -> 0
C18: FASE 2. Definición del límite físico y de estrategias para el manejo ambiental de la ronda hídrica | D18: =SUM(D20:D36) -> 0.33532121 | G18: =SUM(G20:G36) -> 192668308 | H18: =SUM(H20:H36) -> 229275285 | O18: =SUM(O20:O36) -> 0 | P18: =SUM(P20:P36) -> 0 | Q18: =SUM(Q20:Q36) -> 0 | R18: =SUM(R20:R36) -> 99645384 | S18: =SUM(S20:S36) -> 45853736 | T18: =SUM(T20:T36) -> 47169188 | U18: =SUM(U20:U36) -> 192668308 | W18: =+G18-U18 -> 0
B19: 3.01 | C19: Definición del límite físico | W19: =+G19-U19 -> 0
B20: 3.02 | C20: Delimitación del componente geomorfológico | D20: =(G20)/$G$37 -> 0.021600093 | E20: GLB | F20: 1 | G20: 12410946 | H20: =ROUND((G20*1.19),0) -> 14769026 | I20: =H20/$H$37 -> 0.021600094 | J20: =+D20-I20 -> -3.8246827e-10 | R20: =$G20*1 -> 12410946 | U20: =SUM(O20:T20) -> 12410946 | W20: =+G20-U20 -> 0
B21: 3.03 | C21: Delimitación del componente hidrológico | D21: =(G21)/$G$37 -> 0.021600093 | E21: GLB | F21: 1 | G21: 12410946 | H21: =ROUND((G21*1.19),0) -> 14769026 | I21: =H21/$H$37 -> 0.021600094 | J21: =+D21-I21 -> -3.8246827e-10 | R21: =$G21*1 -> 12410946 | U21: =SUM(O21:T21) -> 12410946 | W21: =+G21-U21 -> 0
B22: 3.04 | C22: Delimitación del componente ecosistémico | D22: =(G22)/$G$37 -> 0.10862321 | E22: GLB | F22: 1 | G22: 62412546 | H22: =ROUND((G22*1.19),0) -> 74270930 | I22: =H22/$H$37 -> 0.10862321 | J22: =+D22-I22 -> -3.9137743e-10 | R22: =$G22*1 -> 62412546 | U22: =SUM(O22:T22) -> 62412546 | W22: =+G22-U22 -> 0
B23: 3.05 | C23: Definición del límite físico de la ronda hídrica | D23: =(G23)/$G$37 -> 0.021600093 | E23: GLB | F23: 1 | G23: 12410946 | H23: =ROUND((G23*1.19),0) -> 14769026 | I23: =H23/$H$37 -> 0.021600094 | J23: =+D23-I23 -> -3.8246827e-10 | R23: =$G23*1 -> 12410946 | U23: =SUM(O23:T23) -> 12410946 | W23: =+G23-U23 -> 0
B24: 3.06 | C24: Directrices para el manejo ambiental de las rondas hídricas | W24: =+G24-U24 -> 0
B25: 3,06,01 | C25: Aprobación de las generalidades | D25: =(G25)/$G$37 -> 0.01487304 | E25: GLB | F25: 1 | G25: 8545727 | H25: =ROUND((G25*1.19),0) -> 10169415 | I25: =H25/$H$37 -> 0.01487304 | J25: =+D25-I25 -> 1.886058e-10 | S25: =$G25*1 -> 8545727 | U25: =SUM(O25:T25) -> 8545727 | W25: =+G25-U25 -> 0
B26: 3,06,02 | C26: Identificación de los elementos constituyentes de la ronda hídrica establecidos en el artículo 206 de la Ley 1450 de 2011 | D26: =(G26)/$G$37 -> 0.01487304 | E26: GLB | F26: 1 | G26: 8545727 | H26: =ROUND((G26*1.19),0) -> 10169415 | I26: =H26/$H$37 -> 0.01487304 | J26: =+D26-I26 -> 1.886058e-10 | S26: =$G26*1 -> 8545727 | U26: =SUM(O26:T26) -> 8545727 | W26: =+G26-U26 -> 0
B27: 3,06,03 | C27: Identificación de actores | D27: =(G27)/$G$37 -> 0.039134278 | E27: GLB | F27: 1 | G27: 22485709 | H27: =ROUND((G27*1.19),0) -> 26757994 | I27: =H27/$H$37 -> 0.039134278 | J27: =+D27-I27 -> -4.2813916e-10 | S27: =$G27*0.519033122388256 -> 11670828 | T27: =$G27*0.480966877611744 -> 10814881 | U27: =SUM(O27:T27) -> 22485709 | W27: =+G27-U27 -> 0
B28: 3,06,04 | C28: Identificación de servicios ecosistémicos | D28: =(G28)/$G$37 -> 0.01487304 | E28: GLB | F28: 1 | G28: 8545727 | H28: =ROUND((G28*1.19),0) -> 10169415 | I28: =H28/$H$37 -> 0.01487304 | J28: =+D28-I28 -> 1.886058e-10 | S28: =$G28*1 -> 8545727 | U28: =SUM(O28:T28) -> 8545727 | W28: =+G28-U28 -> 0
B29: 3,06,05 | C29: Estrategias para el manejo ambiental de las rondas hídricas. | D29: =(G29)/$G$37 -> 0.01487304 | E29: GLB | F29: 1 | G29: 8545727 | H29: =ROUND((G29*1.19),0) -> 10169415 | I29: =H29/$H$37 -> 0.01487304 | J29: =+D29-I29 -> 1.886058e-10 | S29: =$G29*1 -> 8545727 | U29: =SUM(O29:T29) -> 8545727 | W29: =+G29-U29 -> 0
B30: 3.12 | C30: Remisión de los resultados del acotamiento de las rondas hídricas y de sus estrategias para el manejo ambiental a los municipios y distritos | W30: =+G30-U30 -> 0
B31: 3,07,01 | C31: Remisión de los resultados del acotamiento a los municipios y distritos | D31: =(G31)/$G$37 -> 0.0097378938 | E31: GLB | F31: 1 | G31: 5595183 | H31: =ROUNDDOWN((G31*1.19),0) -> 6658267 | I31: =H31/$H$37 -> 0.0097378927 | J31: =+D31-I31 -> 1.1251486e-09 | T31: =$G31*1 -> 5595183 | U31: =SUM(O31:T31) -> 5595183 | W31: =+G31-U31 -> 0
B32: 3.14 | C32: Plan de seguimiento y evaluación | W32: =+G32-U32 -> 0
B33: 3,08,01 | C33: Línea base de seguimiento y evaluación | D33: =(G33)/$G$37 -> 0.013383346 | E33: GLB | F33: 1 | G33: 7689781 | H33: =ROUNDDOWN((G33*1.19),0) -> 9150839 | I33: =H33/$H$37 -> 0.013383346 | J33: =+D33-I33 -> 5.6901523e-10 | T33: =$G33*1 -> 7689781 | U33: =SUM(O33:T33) -> 7689781 | W33: =+G33-U33 -> 0
B34: 3,08,02 | C34: Formulación del Plan de Seguimiento y Evaluación | D34: =(G34)/$G$37 -> 0.013383346 | E34: GLB | F34: 1 | G34: 7689781 | H34: =ROUNDDOWN((G34*1.19),0) -> 9150839 | I34: =H34/$H$37 -> 0.013383346 | J34: =+D34-I34 -> 5.6901523e-10 | T34: =$G34*1 -> 7689781 | U34: =SUM(O34:T34) -> 7689781 | W34: =+G34-U34 -> 0
B35: 3,08,03 | C35: Elaboración de la Providencia | D35: =(G35)/$G$37 -> 0.013383346 | E35: GLB | F35: 1 | G35: 7689781 | H35: =ROUNDDOWN((G35*1.19),0) -> 9150839 | I35: =H35/$H$37 -> 0.013383346 | J35: =+D35-I35 -> 5.6901523e-10 | T35: =$G35*1 -> 7689781 | U35: =SUM(O35:T35) -> 7689781 | W35: =+G35-U35 -> 0
B36: 3,08,04 | C36: Resolución de Ronda | D36: =(G36)/$G$37 -> 0.013383346 | E36: GLB | F36: 1 | G36: 7689781 | H36: =ROUNDDOWN((G36*1.19),0) -> 9150839 | I36: =H36/$H$37 -> 0.013383346 | J36: =+D36-I36 -> 5.6901523e-10 | T36: =$G36*1 -> 7689781 | U36: =SUM(O36:T36) -> 7689781 | W36: =+G36-U36 -> 0
C37: SUBTOTAL ACOTAMIENTO LAS GACHAS | D37: =+D5+D13+D18 -> 1 | G37: =+G5+G13+G18 -> 574578353 | H37: =+H5+H13+H18 -> 683748240 | O37: =+O5+O13+O18 -> 1.3470922e+08 | P37: =+P5+P13+P18 -> 1.3158412e+08 | Q37: =+Q5+Q13+Q18 -> 115616706 | R37: =+R5+R13+R18 -> 99645384 | S37: =+S5+S13+S18 -> 45853736 | T37: =+T5+T13+T18 -> 47169188 | U37: =+U5+U13+U18 -> 574578353 | W37: =+W5+W13+W18 -> 0
C38: IVA 19% | G38: =ROUND((G37*0.19),0) -> 109169887 | O38: =+O37*0.19 -> 25594752 | P38: =+P37*0.19 -> 25000983 | Q38: =+Q37*0.19 -> 21967174 | R38: =+R37*0.19 -> 18932623 | S38: =+S37*0.19 -> 8712209.8 | T38: =+T37*0.19 -> 8962145.8 | U38: =+U37*0.19 -> 1.0916989e+08 | W38: =+W37*0.19 -> 0
C39: VALOR TOTAL | G39: =ROUND((G37+G38),0) -> 683748240 | O39: =ROUND((O37+O38),0) -> 160303971 | P39: =ROUND((P37+P38),0) -> 156585102 | Q39: =ROUND((Q37+Q38),0) -> 137583880 | R39: =ROUND((R37+R38),0) -> 118578007 | S39: =ROUND((S37+S38),0) -> 54565946 | T39: =ROUND((T37+T38),0) -> 56131334 | U39: =ROUND((U37+U38),0) -> 683748240 | W39: =ROUND((W37+W38),0) -> 0
C41: PRESUPUESTO CONSULTOR - ANEXO 12 | G41: 683748240
C42: DIFERENCIA | G42: =G41-G39 -> 0

Sheet PROGRAMACION
D4: ESTUDIOS PARA LA DELIMITACIÓN DE LA RONDA HÍDRICA DE LA QUEBRADA LAS GACHAS EN EL MUNICIPIO DE GUADALUPE, SANTANDER - No. CM2-008-2025 | S4: SEGUIMIENTO PLAN DE TRABAJO VERSION 1 - 12 DE SEPTIEMBRE DE 2025
S5: INICIO DE ACTIVIDAD | T5: FECHA DE CORTE | U5: FECHA REAL DE FINALIZACION DE LA ACTIVIDAD | V5: TIEMPO EJECUTADO REAL | W5: TIEMPO (Dias) A EJECUTAR LA ACTIVIDAD | X5: % PROGRAMADO A FECHA DE CORTE | Y5: ATRASO % POR ACTIVIDAD | Z5: DIAS DE ATRASO y/o ADELANTO
T6: =TODAY() -> 46076
E7: VALOR DEL CONTRATO CONSULTORIA | F7: =+'PPTO CONSUL - ANEXO 12'!G39 -> 683748240
D9: ID | E9: ACTIVIDADES | F9: RESPONSABLE | G9: ACTIVIDAD PROYECTADA | H9: ACTIVIDAD EJECUTADA | I9: VALOR PROGRAMADO | J9: VALOR EJECUTADO | K9: Inicio | L9: Fin | M9: N°Días | O9: Observaciones
D10: 0 | E10: Firma Contrato Consultor | F10: Consultor - Supervision | I10: NA | J10: NA | K10: 45884 | L10: =+K10 -> 45884 | M10: =-((_xlfn.DAYS(K10,L10)))+1 -> 1
D11: 0 | E11: Firma Contrato Interventor | F11: Consultor - Supervision | I11: NA | J11: NA | K11: 45889 | L11: =+K11 -> 45889 | M11: =-((_xlfn.DAYS(K11,L11)))+1 -> 1
D12: 0 | E12: Documentacion | F12: Consultor - Interventor | I12: NA | J12: NA | K12: =+L11+1 -> 45890 | L12: =+K12+7 -> 45897 | M12: =-((_xlfn.DAYS(K12,L12)))+1 -> 8
D13: 0 | E13: Acta de Inicio | F13: Consultor - Supervision - Interventoria | I13: NA | J13: NA | K13: =+L12+5 -> 45902 | L13: =+K13 -> 45902 | M13: =-((_xlfn.DAYS(K13,L13)))+1 -> 1
D14: 1 | E14: FASE 0. Acciones previas - Declaratoria | G14: 0.4635 | H14: =+H30+H33+H44+H49+H52+H55 -> 0 | I14: =+'PPTO CONSUL - ANEXO 12'!U5 -> 266293339 | X14: =SUM(X15:X77) -> 0.76343708
D15: Admon | E15: Solicitud de Documentacion Contractual a Consultor | F15: Interventor | I15: NA | J15: NA | K15: =+$L$13+2 -> 45904 | L15: =+K15+1 -> 45905 | M15: =-((_xlfn.DAYS(K15,L15))) -> 1 | S15: =K15 -> 45904 | T15: =$T$6 -> 46076 | V15: =IF(U15=0,(T15-S15),(U15-S15)) -> 172 | W15: =IF(V15<=0,0,IF(V15>M15,M15,V15)) -> 1 | X15: =(IF(W15/M15<0,0,W15/M15))*G15 -> 0 | Y15: =H15-X15 -> 0 | Z15: =M15-V15 -> -171
D16: Admon | E16: Entrega de Documentacion Contractual | F16: Consultor | I16: NA | J16: NA | K16: =+L15 -> 45905 | L16: =+K16+5 -> 45910 | M16: =-((_xlfn.DAYS(K16,L16))) -> 5 | S16: =K16 -> 45905 | T16: =$T$6 -> 46076 | V16: =IF(U16=0,(T16-S16),(U16-S16)) -> 171 | W16: =IF(V16<=0,0,IF(V16>M16,M16,V16)) -> 5 | X16: =(IF(W16/M16<0,0,W16/M16))*G16 -> 0 | Y16: =H16-X16 -> 0 | Z16: =M16-V16 -> -166
D17: Admon | E17: Revision de Documentacion Contractual (Aprobacion/No aprobacion) | F17: Interventor | I17: NA | J17: NA | K17: =+L16 -> 45910 | L17: =+K17+4 -> 45914 | M17: =-((_xlfn.DAYS(K17,L17))) -> 4 | S17: =K17 -> 45910 | T17: =$T$6 -> 46076 | V17: =IF(U17=0,(T17-S17),(U17-S17)) -> 166 | W17: =IF(V17<=0,0,IF(V17>M17,M17,V17)) -> 4 | X17: =(IF(W17/M17<0,0,W17/M17))*G17 -> 0 | Y17: =H17-X17 -> 0 | Z17: =M17-V17 -> -162
D18: Admon | E18: Solicitud de Certificacion de Equipos a Utilizar por parte del Consultor | F18: Interventor | I18: NA | J18: NA | K18: =+$L$13+2 -> 45904 | L18: =+K18+1 -> 45905 | M18: =-((_xlfn.DAYS(K18,L18))) -> 1 | S18: =K18 -> 45904 | T18: =$T$6 -> 46076 | V18: =IF(U18=0,(T18-S18),(U18-S18)) -> 172 | W18: =IF(V18<=0,0,IF(V18>M18,M18,V18)) -> 1 | X18: =(IF(W18/M18<0,0,W18/M18))*G18 -> 0 | Y18: =H18-X18 -> 0 | Z18: =M18-V18 -> -171
D19: Admon | E19: Entrega de Certificacion de Equipos a Utilizar por parte del Consultor | F19: Consultor | I19: NA | J19: NA | K19: =+K65-5 -> 45940 | L19: =+K19+5 -> 45945 | M19: =-((_xlfn.DAYS(K19,L19))) -> 5 | S19: =K19 -> 45940 | T19: =$T$6 -> 46076 | V19: =IF(U19=0,(T19-S19),(U19-S19)) -> 136 | W19: =IF(V19<=0,0,IF(V19>M19,M19,V19)) -> 5 | X19: =(IF(W19/M19<0,0,W19/M19))*G19 -> 0 | Y19: =H19-X19 -> 0 | Z19: =M19-V19 -> -131
D20: Admon | E20: Revision de Certificacion de Equipos a Utiliza (Aprobacion/No aprobacion) | F20: Interventor | I20: NA | J20: NA | K20: 45931 | L20: =+K20+4 -> 45935 | M20: =-((_xlfn.DAYS(K20,L20))) -> 4 | S20: =K20 -> 45931 | T20: =$T$6 -> 46076 | V20: =IF(U20=0,(T20-S20),(U20-S20)) -> 145 | W20: =IF(V20<=0,0,IF(V20>M20,M20,V20)) -> 4 | X20: =(IF(W20/M20<0,0,W20/M20))*G20 -> 0 | Y20: =H20-X20 -> 0 | Z20: =M20-V20 -> -141
D21: Admon | E21: Solicitud de Arte y especificaciones Pendon por parte del Consultor | F21: Interventor | I21: NA | J21: NA | K21: =+$L$13+2 -> 45904 | L21: =+K21+1 -> 45905 | M21: =-((_xlfn.DAYS(K21,L21))) -> 1 | S21: =K21 -> 45904 | T21: =$T$6 -> 46076 | V21: =IF(U21=0,(T21-S21),(U21-S21)) -> 172 | W21: =IF(V21<=0,0,IF(V21>M21,M21,V21)) -> 1 | X21: =(IF(W21/M21<0,0,W21/M21))*G21 -> 0 | Y21: =H21-X21 -> 0 | Z21: =M21-V21 -> -171
D22: Admon | E22: Entrega de Arte y especificaciones Pendon por parte del Consultor | F22: Consultor | I22: NA | J22: NA | K22: =+L21 -> 45905 | L22: 45916 | M22: =-((_xlfn.DAYS(K22,L22))) -> 11 | S22: =K22 -> 45905 | T22: =$T$6 -> 46076 | V22: =IF(U22=0,(T22-S22),(U22-S22)) -> 171 | W22: =IF(V22<=0,0,IF(V22>M22,M22,V22)) -> 11 | X22: =(IF(W22/M22<0,0,W22/M22))*G22 -> 0 | Y22: =H22-X22 -> 0 | Z22: =M22-V22 -> -160
D23: Admon | E23: Revision de Arte y especificaciones Pendon (Aprobacion/No aprobacion) | F23: Interventor | I23: NA | J23: NA | K23: =+L22 -> 45916 | L23: =+K23+4 -> 45920 | M23: =-((_xlfn.DAYS(K23,L23))) -> 4 | S23: =K23 -> 45916 | T23: =$T$6 -> 46076 | V23: =IF(U23=0,(T23-S23),(U23-S23)) -> 160 | W23: =IF(V23<=0,0,IF(V23>M23,M23,V23)) -> 4 | X23: =(IF(W23/M23<0,0,W23/M23))*G23 -> 0 | Y23: =H23-X23 -> 0 | Z23: =M23-V23 -> -156
D24: Admon | E24: Solicitud de Arte y especificaciones de Indumentarias para el personal del Contratista | F24: Interventor | I24: NA | J24: NA | K24: =+$L$13+2 -> 45904 | L24: =+K24+1 -> 45905 | M24: =-((_xlfn.DAYS(K24,L24))) -> 1 | S24: =K24 -> 45904 | T24: =$T$6 -> 46076 | V24: =IF(U24=0,(T24-S24),(U24-S24)) -> 172 | W24: =IF(V24<=0,0,IF(V24>M24,M24,V24)) -> 1 | X24: =(IF(W24/M24<0,0,W24/M24))*G24 -> 0 | Y24: =H24-X24 -> 0 | Z24: =M24-V24 -> -171
D25: Admon | E25: Entrega de Arte y especificaciones de Indumentarias para el personal del Contratista | F25: Consultor | I25: NA | J25: NA | K25: =+L24 -> 45905 | L25: =+K25+5 -> 45910 | M25: =-((_xlfn.DAYS(K25,L25))) -> 5 | S25: =K25 -> 45905 | T25: =$T$6 -> 46076 | V25: =IF(U25=0,(T25-S25),(U25-S25)) -> 171 | W25: =IF(V25<=0,0,IF(V25>M25,M25,V25)) -> 5 | X25: =(IF(W25/M25<0,0,W25/M25))*G25 -> 0 | Y25: =H25-X25 -> 0 | Z25: =M25-V25 -> -166
D26: Admon | E26: Revision de Indumentarias (Aprobacion/No aprobacion) | F26: Interventor | I26: NA | J26: NA | K26: =+L25 -> 45910 | L26: =+K26+4 -> 45914 | M26: =-((_xlfn.DAYS(K26,L26))) -> 4 | S26: =K26 -> 45910 | T26: =$T$6 -> 46076 | V26: =IF(U26=0,(T26-S26),(U26-S26)) -> 166 | W26: =IF(V26<=0,0,IF(V26>M26,M26,V26)) -> 4 | X26: =(IF(W26/M26<0,0,W26/M26))*G26 -> 0 | Y26: =H26-X26 -> 0 | Z26: =M26-V26 -> -162
D27: Admon | E27: Solicitud de Entrega de la política de especial consideración a la conservación del medio ambiente del Contratista | F27: Interventor | I27: NA | J27: NA | K27: 45912 | L27: =+K27+1 -> 45913 | M27: =-((_xlfn.DAYS(K27,L27))) -> 1 | S27: =K27 -> 45912 | T27: =$T$6 -> 46076 | V27: =IF(U27=0,(T27-S27),(U27-S27)) -> 164 | W27: =IF(V27<=0,0,IF(V27>M27,M27,V27)) -> 1 | X27: =(IF(W27/M27<0,0,W27/M27))*G27 -> 0 | Y27: =H27-X27 -> 0 | Z27: =M27-V27 -> -163
D28: Admon | E28: Entrega de la política de especial consideración a la conservación del medio ambiente del Contratista | F28: Consultor | I28: NA | J28: NA | K28: =+L27 -> 45913 | L28: =+K28+5 -> 45918 | M28: =-((_xlfn.DAYS(K28,L28))) -> 5 | S28: =K28 -> 45913 | T28: =$T$6 -> 46076 | V28: =IF(U28=0,(T28-S28),(U28-S28)) -> 163 | W28: =IF(V28<=0,0,IF(V28>M28,M28,V28)) -> 5 | X28: =(IF(W28/M28<0,0,W28/M28))*G28 -> 0 | Y28: =H28-X28 -> 0 | Z28: =M28-V28 -> -158
D29: Admon | E29: Revision de Politica Ambiental (Aprobacion/No aprobacion) | F29: Interventor | I29: NA | J29: NA | K29: =+L28 -> 45918 | L29: =+K29+4 -> 45922 | M29: =-((_xlfn.DAYS(K29,L29))) -> 4 | S29: =K29 -> 45918 | T29: =$T$6 -> 46076 | V29: =IF(U29=0,(T29-S29),(U29-S29)) -> 158 | W29: =IF(V29<=0,0,IF(V29>M29,M29,V29)) -> 4 | X29: =(IF(W29/M29<0,0,W29/M29))*G29 -> 0 | Y29: =H29-X29 -> 0 | Z29: =M29-V29 -> -154
D30: 1.01 | E30: Priorización de cuerpos de agua para el acotamiento de su ronda hídrica | F30: Consultor | G30: =+'PPTO CONSUL - ANEXO 12'!D6 -> 0.03379667 | H30: =SUM(H31:H32) -> 0 | I30: =+'PPTO CONSUL - ANEXO 12'!U6 -> 19418835 | J30: =ROUND((H30/$F$7),0) -> 0 | K30: =MIN(K31:K32) -> 45915 | L30: =MAX(L31:L32) -> 45931 | M30: =-((_xlfn.DAYS(K30,L30))) -> 16 | S30: =K30 -> 45915 | T30: =$T$6 -> 46076 | V30: =IF(U30=0,(T30-S30),(U30-S30)) -> 161 | W30: =IF(V30<=0,0,IF(V30>M30,M30,V30)) -> 16 | X30: =(IF(W30/M30<0,0,W30/M30))*G30 -> 0.03379667 | Y30: =H30-X30 -> -0.03379667 | Z30: =M30-V30 -> -145
D31: 1,01,01 | E31: Entrega Informe de Priorización de cuerpos de agua para el acotamiento de su ronda hídrica | F31: Consultor | K31: 45915 | L31: =+K31+10 -> 45925 | M31: =-((_xlfn.DAYS(K31,L31))) -> 10 | S31: =K31 -> 45915 | T31: =$T$6 -> 46076 | V31: =IF(U31=0,(T31-S31),(U31-S31)) -> 161 | W31: =IF(V31<=0,0,IF(V31>M31,M31,V31)) -> 10 | X31: =(IF(W31/M31<0,0,W31/M31))*G31 -> 0 | Y31: =H31-X31 -> 0 | Z31: =M31-V31 -> -151
D32: 1,01,02 | E32: Revision Informe de Priorización de cuerpos de agua para el acotamiento de su ronda hídrica | F32: Interventoria | K32: =+L31+1 -> 45926 | L32: =+K32+5 -> 45931 | M32: =-((_xlfn.DAYS(K32,L32))) -> 5 | S32: =K32 -> 45926 | T32: =$T$6 -> 46076 | V32: =IF(U32=0,(T32-S32),(U32-S32)) -> 150 | W32: =IF(V32<=0,0,IF(V32>M32,M32,V32)) -> 5 | X32: =(IF(W32/M32<0,0,W32/M32))*G32 -> 0 | Y32: =H32-X32 -> 0 | Z32: =M32-V32 -> -145
D33: 1.02 | E33: Recopilación de información secundaria | F33: Consultor | G33: =+'PPTO CONSUL - ANEXO 12'!D7 -> 0.03379667 | H33: =SUM(H34:H43) -> 0 | I33: =+'PPTO CONSUL - ANEXO 12'!U7 -> 19418835 | J33: =ROUND((H33/$F$7),0) -> 0 | K33: =MIN(K34:K43) -> 45912 | L33: =MAX(L34:L43) -> 45945 | M33: =-((_xlfn.DAYS(K33,L33))) -> 33 | S33: =K33 -> 45912 | T33: =$T$6 -> 46076 | V33: =IF(U33=0,(T33-S33),(U33-S33)) -> 164 | W33: =IF(V33<=0,0,IF(V33>M33,M33,V33)) -> 33 | X33: =(IF(W33/M33<0,0,W33/M33))*G33 -> 0.03379667 | Y33: =H33-X33 -> -0.03379667 | Z33: =M33-V33 -> -131
D34: 1,02,01 | E34: Informacion historica de eventos de inundaciones o avenidas torrenciales | F34: Consultor | G34: =$G$33/8 -> 0.0042245838 | I34: =ROUND(($F$7*G34),0) -> 2888552 | J34: =ROUND((H34/$F$7),0) -> 0 | K34: 45912 | L34: =+K34+8 -> 45920 | M34: =-((_xlfn.DAYS(K34,L34))) -> 8 | S34: =K34 -> 45912 | T34: =$T$6 -> 46076 | V34: =IF(U34=0,(T34-S34),(U34-S34)) -> 164 | W34: =IF(V34<=0,0,IF(V34>M34,M34,V34)) -> 8 | X34: =(IF(W34/M34<0,0,W34/M34))*G34 -> 0.0042245838 | Y34: =H34-X34 -> -0.0042245838 | Z34: =M34-V34 -> -156
D35: 1,02,02 | E35: Caracterizacion climatica | F35: Consultor | G35: =$G$33/8 -> 0.0042245838 | I35: =ROUND(($F$7*G35),0) -> 2888552 | J35: =ROUND((H35/$F$7),0) -> 0 | K35: 45912 | L35: 45927 | M35: =-((_xlfn.DAYS(K35,L35))) -> 15 | S35: =K35 -> 45912 | T35: =$T$6 -> 46076 | V35: =IF(U35=0,(T35-S35),(U35-S35)) -> 164 | W35: =IF(V35<=0,0,IF(V35>M35,M35,V35)) -> 15 | X35: =(IF(W35/M35<0,0,W35/M35))*G35 -> 0.0042245838 | Y35: =H35-X35 -> -0.0042245838 | Z35: =M35-V35 -> -149
D36: 1,02,03 | E36: Mapa de zonas de vida 1: 100000 | F36: Consultor | G36: =$G$33/8 -> 0.0042245838 | I36: =ROUND(($F$7*G36),0) -> 2888552 | J36: =ROUND((H36/$F$7),0) -> 0 | K36: =+K34 -> 45912 | L36: =+K36+10 -> 45922 | M36: =-((_xlfn.DAYS(K36,L36))) -> 10 | S36: =K36 -> 45912 | T36: =$T$6 -> 46076 | V36: =IF(U36=0,(T36-S36),(U36-S36)) -> 164 | W36: =IF(V36<=0,0,IF(V36>M36,M36,V36)) -> 10 | X36: =(IF(W36/M36<0,0,W36/M36))*G36 -> 0.0042245838 | Y36: =H36-X36 -> -0.0042245838 | Z36: =M36-V36 -> -154
D37: 1,02,04 | E37: Caracterizacion de suelos - Informacion secundaria | F37: Consultor | G37: =$G$33/8 -> 0.0042245838 | I37: =ROUND(($F$7*G37),0) -> 2888552 | J37: =ROUND((H37/$F$7),0) -> 0 | K37: =+K34 -> 45912 | L37: =+K37+10 -> 45922 | M37: =-((_xlfn.DAYS(K37,L37))) -> 10 | S37: =K37 -> 45912 | T37: =$T$6 -> 46076 | V37: =IF(U37=0,(T37-S37),(U37-S37)) -> 164 | W37: =IF(V37<=0,0,IF(V37>M37,M37,V37)) -> 10 | X37: =(IF(W37/M37<0,0,W37/M37))*G37 -> 0.0042245838 | Y37: =H37-X37 -> -0.0042245838 | Z37: =M37-V37 -> -154
D38: 1,02,05 | E38: Mapa de humedades de Colombia | F38: Consultor | G38: =$G$33/8 -> 0.0042245838 | I38: =ROUND(($F$7*G38),0) -> 2888552 | J38: =ROUND((H38/$F$7),0) -> 0 | K38: =+K34 -> 45912 | L38: =+K38+10 -> 45922 | M38: =-((_xlfn.DAYS(K38,L38))) -> 10 | S38: =K38 -> 45912 | T38: =$T$6 -> 46076 | V38: =IF(U38=0,(T38-S38),(U38-S38)) -> 164 | W38: =IF(V38<=0,0,IF(V38>M38,M38,V38)) -> 10 | X38: =(IF(W38/M38<0,0,W38/M38))*G38 -> 0.0042245838 | Y38: =H38-X38 -> -0.0042245838 | Z38: =M38-V38 -> -154
D39: 1,02,06 | E39: Peticiones quejas solicitudes y reclamos o conflictos ambientales | F39: Consultor | G39: =$G$33/8 -> 0.0042245838 | I39: =ROUND(($F$7*G39),0) -> 2888552 | J39: =ROUND((H39/$F$7),0) -> 0 | K39: =+K34 -> 45912 | L39: =+K39+14 -> 45926 | M39: =-((_xlfn.DAYS(K39,L39))) -> 14 | S39: =K39 -> 45912 | T39: =$T$6 -> 46076 | V39: =IF(U39=0,(T39-S39),(U39-S39)) -> 164 | W39: =IF(V39<=0,0,IF(V39>M39,M39,V39)) -> 14 | X39: =(IF(W39/M39<0,0,W39/M39))*G39 -> 0.0042245838 | Y39: =H39-X39 -> -0.0042245838 | Z39: =M39-V39 -> -150
D40: 1,02,07 | E40: Diseño conceptual de la base de datos geografica | F40: Consultor | G40: =$G$33/8 -> 0.0042245838 | I40: =ROUNDDOWN(($F$7*G40),0) -> 2888551 | J40: =ROUND((H40/$F$7),0) -> 0 | K40: =+L34 -> 45920 | L40: =+K40+6 -> 45926 | M40: =-((_xlfn.DAYS(K40,L40))) -> 6 | S40: =K40 -> 45920 | T40: =$T$6 -> 46076 | V40: =IF(U40=0,(T40-S40),(U40-S40)) -> 156 | W40: =IF(V40<=0,0,IF(V40>M40,M40,V40)) -> 6 | X40: =(IF(W40/M40<0,0,W40/M40))*G40 -> 0.0042245838 | Y40: =H40-X40 -> -0.0042245838 | Z40: =M40-V40 -> -150
D41: 1,02,08 | E41: Documento técnico Informacion secundaria - aprobación del area de estudio | F41: Consultor | G41: =$G$33/8 -> 0.0042245838 | I41: =ROUNDDOWN(($F$7*G41),0) -> 2888551 | J41: =ROUND((H41/$F$7),0) -> 0 | K41: =MAX(L34:L40) -> 45927 | L41: =+K41+10 -> 45937 | M41: =-((_xlfn.DAYS(K41,L41))) -> 10 | S41: =K41 -> 45927 | T41: =$T$6 -> 46076 | V41: =IF(U41=0,(T41-S41),(U41-S41)) -> 149 | W41: =IF(V41<=0,0,IF(V41>M41,M41,V41)) -> 10 | X41: =(IF(W41/M41<0,0,W41/M41))*G41 -> 0.0042245838 | Y41: =H41-X41 -> -0.0042245838 | Z41: =M41-V41 -> -139
D42: 1,02,09 | E42: Entrega Informe de Recopilación de información secundaria | F42: Consultor | K42: =MAX(L34:L41) -> 45937 | L42: =+K42+2 -> 45939 | M42: =-((_xlfn.DAYS(K42,L42))) -> 2 | S42: =K42 -> 45937 | T42: =$T$6 -> 46076 | V42: =IF(U42=0,(T42-S42),(U42-S42)) -> 139 | W42: =IF(V42<=0,0,IF(V42>M42,M42,V42)) -> 2 | X42: =(IF(W42/M42<0,0,W42/M42))*G42 -> 0 | Y42: =H42-X42 -> 0 | Z42: =M42-V42 -> -137
D43: 1,02,10 | E43: Revision Informe de Recopilación de información secundaria/aprobacion area estudio | F43: Interventoria | K43: =+L42+1 -> 45940 | L43: =+K43+5 -> 45945 | M43: =-((_xlfn.DAYS(K43,L43))) -> 5 | S43: =K43 -> 45940 | T43: =$T$6 -> 46076 | V43: =IF(U43=0,(T43-S43),(U43-S43)) -> 136 | W43: =IF(V43<=0,0,IF(V43>M43,M43,V43)) -> 5 | X43: =(IF(W43/M43<0,0,W43/M43))*G43 -> 0 | Y43: =H43-X43 -> 0 | Z43: =M43-V43 -> -131
D44: 1.03 | E44: Diseño de la estrategia de participación | F44: Consultor | G44: =+'PPTO CONSUL - ANEXO 12'!D8 -> 0.0054389449 | H44: =SUM(H45:H48) -> 0 | I44: =+'PPTO CONSUL - ANEXO 12'!U8 -> 3125100 | J44: =ROUND((H44/$F$7),0) -> 0 | K44: =MIN(K45:K48) -> 45912 | L44: =MAX(L45:L48) -> 45937 | M44: =-((_xlfn.DAYS(K44,L44))) -> 25 | S44: =K44 -> 45912 | T44: =$T$6 -> 46076 | V44: =IF(U44=0,(T44-S44),(U44-S44)) -> 164 | W44: =IF(V44<=0,0,IF(V44>M44,M44,V44)) -> 25 | X44: =(IF(W44/M44<0,0,W44/M44))*G44 -> 0.0054389449 | Y44: =H44-X44 -> -0.0054389449 | Z44: =M44-V44 -> -139
D45: 1,03,01 | E45: Documento de metodologia y estrategia de participacion | F45: Consultor | G45: =+G44 -> 0.0054389449 | I45: =+I44 -> 3125100 | J45: =ROUND((H45/$F$7),0) -> 0 | K45: 45912 | L45: =+K45+10 -> 45922 | M45: =-((_xlfn.DAYS(K45,L45))) -> 10 | S45: =K45 -> 45912 | T45: =$T$6 -> 46076 | V45: =IF(U45=0,(T45-S45),(U45-S45)) -> 164 | W45: =IF(V45<=0,0,IF(V45>M45,M45,V45)) -> 10 | X45: =(IF(W45/M45<0,0,W45/M45))*G45 -> 0.0054389449 | Y45: =H45-X45 -> -0.0054389449 | Z45: =M45-V45 -> -154
D46: 1,03,02 | E46: Talleres de Socializacion (2 und) | F46: Consultor | J46: =ROUND((H46/$F$7),0) -> 0 | K46: =+L45 -> 45922 | L46: =+K46+2 -> 45924 | M46: =-((_xlfn.DAYS(K46,L46))) -> 2 | S46: =K46 -> 45922 | T46: =$T$6 -> 46076 | V46: =IF(U46=0,(T46-S46),(U46-S46)) -> 154 | W46: =IF(V46<=0,0,IF(V46>M46,M46,V46)) -> 2 | X46: =(IF(W46/M46<0,0,W46/M46))*G46 -> 0 | Y46: =H46-X46 -> 0 | Z46: =M46-V46 -> -152
D47: 1,03,03 | E47: Entrega Informe del diseño de la estrategia de participación | F47: Consultor | K47: 45930 | L47: =+K47+1 -> 45931 | M47: =-((_xlfn.DAYS(K47,L47))) -> 1 | S47: =K47 -> 45930 | T47: =$T$6 -> 46076 | V47: =IF(U47=0,(T47-S47),(U47-S47)) -> 146 | W47: =IF(V47<=0,0,IF(V47>M47,M47,V47)) -> 1 | X47: =(IF(W47/M47<0,0,W47/M47))*G47 -> 0 | Y47: =H47-X47 -> 0 | Z47: =M47-V47 -> -145
D48: 1,03,04 | E48: Revision Informe del diseño de la estrategia de participación | F48: Interventoria | K48: =+L47+1 -> 45932 | L48: =+K48+5 -> 45937 | M48: =-((_xlfn.DAYS(K48,L48))) -> 5 | S48: =K48 -> 45932 | T48: =$T$6 -> 46076 | V48: =IF(U48=0,(T48-S48),(U48-S48)) -> 144 | W48: =IF(V48<=0,0,IF(V48>M48,M48,V48)) -> 5 | X48: =(IF(W48/M48<0,0,W48/M48))*G48 -> 0 | Y48: =H48-X48 -> 0 | Z48: =M48-V48 -> -139
D49: 1.04 | E49: Diseño conceptual de la base de datos geográfica | F49: Consultor | G49: 0.034 | H49: =SUM(H50:H51) -> 0 | I49: =+'PPTO CONSUL - ANEXO 12'!U9 -> 19418835 | J49: =ROUND((H49/$F$7),0) -> 0 | K49: =MIN(K50:K51) -> 45912 | L49: =MAX(L50:L51) -> 45928 | M49: =-((_xlfn.DAYS(K49,L49))) -> 16 | S49: =K49 -> 45912 | T49: =$T$6 -> 46076 | V49: =IF(U49=0,(T49-S49),(U49-S49)) -> 164 | W49: =IF(V49<=0,0,IF(V49>M49,M49,V49)) -> 16 | X49: =(IF(W49/M49<0,0,W49/M49))*G49 -> 0.034 | Y49: =H49-X49 -> -0.034 | Z49: =M49-V49 -> -148
D50: 1,04,01 | E50: Entrega Informe de Diseño conceptual de la base de datos geográfica | F50: Consultor | K50: 45912 | L50: =+K50+10 -> 45922 | M50: =-((_xlfn.DAYS(K50,L50))) -> 10 | S50: =K50 -> 45912 | T50: =$T$6 -> 46076 | V50: =IF(U50=0,(T50-S50),(U50-S50)) -> 164 | W50: =IF(V50<=0,0,IF(V50>M50,M50,V50)) -> 10 | X50: =(IF(W50/M50<0,0,W50/M50))*G50 -> 0 | Y50: =H50-X50 -> 0 | Z50: =M50-V50 -> -154
D51: 1,04,02 | E51: Revision Informe de Diseño conceptual de la base de datos geográfica | F51: Interventoria | K51: =+L50+1 -> 45923 | L51: =+K51+5 -> 45928 | M51: =-((_xlfn.DAYS(K51,L51))) -> 5 | S51: =K51 -> 45923 | T51: =$T$6 -> 46076 | V51: =IF(U51=0,(T51-S51),(U51-S51)) -> 153 | W51: =IF(V51<=0,0,IF(V51>M51,M51,V51)) -> 5 | X51: =(IF(W51/M51<0,0,W51/M51))*G51 -> 0 | Y51: =H51-X51 -> 0 | Z51: =M51-V51 -> -148
D52: 1.06 | E52: Programación de actividades | F52: Consultor | G52: 0.034 | H52: =SUM(H53:H54) -> 0 | I52: =+'PPTO CONSUL - ANEXO 12'!U11 -> 19418835 | J52: =ROUND((H52/$F$7),0) -> 0 | K52: =MAX(K53:K54) -> 45911 | L52: =MAX(L53:L54) -> 45916 | M52: =-((_xlfn.DAYS(K52,L52))) -> 5 | S52: =K52 -> 45911 | T52: =$T$6 -> 46076 | V52: =IF(U52=0,(T52-S52),(U52-S52)) -> 165 | W52: =IF(V52<=0,0,IF(V52>M52,M52,V52)) -> 5 | X52: =(IF(W52/M52<0,0,W52/M52))*G52 -> 0.034 | Y52: =H52-X52 -> -0.034 | Z52: =M52-V52 -> -160
D53: 1,06,01 | E53: Entrega Informe de Programación de actividades | F53: Consultor | K53: 45903 | L53: 45912 | M53: =-((_xlfn.DAYS(K53,L53))) -> 9 | S53: =K53 -> 45903 | T53: =$T$6 -> 46076 | V53: =IF(U53=0,(T53-S53),(U53-S53)) -> 173 | W53: =IF(V53<=0,0,IF(V53>M53,M53,V53)) -> 9 | X53: =(IF(W53/M53<0,0,W53/M53))*G53 -> 0 | Y53: =H53-X53 -> 0 | Z53: =M53-V53 -> -164
D54: 1,06,02 | E54: Revision Informe de Programación de actividades | F54: Interventoria | K54: 45911 | L54: =+K54+5 -> 45916 | M54: =-((_xlfn.DAYS(K54,L54))) -> 5 | S54: =K54 -> 45911 | T54: =$T$6 -> 46076 | V54: =IF(U54=0,(T54-S54),(U54-S54)) -> 165 | W54: =IF(V54<=0,0,IF(V54>M54,M54,V54)) -> 5 | X54: =(IF(W54/M54<0,0,W54/M54))*G54 -> 0 | Y54: =H54-X54 -> 0 | Z54: =M54-V54 -> -160
D55: 1.07 | E55: Plan Operativo | F55: Consultor | G55: 0.034 | H55: =SUM(H56:H57) -> 0 | I55: =+'PPTO CONSUL - ANEXO 12'!U12 -> 19418835 | J55: =ROUND((H55/$F$7),0) -> 0 | K55: =MAX(K56:K57) -> 45923 | L55: =MAX(L56:L57) -> 45928 | M55: =-((_xlfn.DAYS(K55,L55))) -> 5 | S55: =K55 -> 45923 | T55: =$T$6 -> 46076 | V55: =IF(U55=0,(T55-S55),(U55-S55)) -> 153 | W55: =IF(V55<=0,0,IF(V55>M55,M55,V55)) -> 5 | X55: =(IF(W55/M55<0,0,W55/M55))*G55 -> 0.034 | Y55: =H55-X55 -> -0.034 | Z55: =M55-V55 -> -148
D56: 1,07,01 | E56: Entrega Informe de Plan Operativo | F56: Consultor | K56: 45912 | L56: =+K56+10 -> 45922 | M56: =-((_xlfn.DAYS(K56,L56))) -> 10 | S56: =K56 -> 45912 | T56: =$T$6 -> 46076 | V56: =IF(U56=0,(T56-S56),(U56-S56)) -> 164 | W56: =IF(V56<=0,0,IF(V56>M56,M56,V56)) -> 10 | X56: =(IF(W56/M56<0,0,W56/M56))*G56 -> 0 | Y56: =H56-X56 -> 0 | Z56: =M56-V56 -> -154
D57: 1,07,02 | E57: Revision Informe de Plan Operativo | F57: Interventoria | I57: =+I55+I52+I49+I44+I33+I30 -> 100219275 | K57: =+L56+1 -> 45923 | L57: =+K57+5 -> 45928 | M57: =-((_xlfn.DAYS(K57,L57))) -> 5 | S57: =K57 -> 45923 | T57: =$T$6 -> 46076 | V57: =IF(U57=0,(T57-S57),(U57-S57)) -> 153 | W57: =IF(V57<=0,0,IF(V57>M57,M57,V57)) -> 5 | X57: =(IF(W57/M57<0,0,W57/M57))*G57 -> 0 | Y57: =H57-X57 -> 0 | Z57: =M57-V57 -> -148
E58: Documento tecnico FASE 0A- Aprestamiento | K58: =+K43 -> 45940 | L58: =+L43 -> 45945 | S58: =K58 -> 45940
E60: Entrega Informe Mensual Consultor N° 1 | F60: Consultor | K60: 45935
D61: 1.08 | E61: Entrega Informe Consolidado FASE 0A - Aprestamiento por parte del Consultor | F61: Consultor | K61: =+L58 -> 45945 | L61: =+K61+2 -> 45947 | M61: =-((_xlfn.DAYS(K61,L61)))+1 -> 3
D62: 1.09 | E62: Revision de Informe por parte de la Supervision (Validacion) | F62: Supervision | K62: =+L61 -> 45947 | L62: =+K62+5 -> 45952 | M62: =-((_xlfn.DAYS(K62,L62)))+1 -> 6
D63: 1.1 | E63: Revision de Informe por parte de Interventoria (Aprobado/No Aprobado) | F63: Interventoria | K63: 45981 | L63: 45988 | M63: =-((_xlfn.DAYS(K63,L63)))+1 -> 8
D64: 1.05 | E64: Estudios soporte | F64: Consultor | G64: =+'PPTO CONSUL - ANEXO 12'!D10 -> 0.28903641 | H64: =SUM(H65:H77) -> 0 | I64: =+'PPTO CONSUL - ANEXO 12'!U10 -> 166074064 | J64: =ROUND((H64/$F$7),0) -> 0 | K64: =MIN(K65:K74) -> 45945 | L64: =MAX(L65:L74) -> 45992 | M64: =-((_xlfn.DAYS(K64,L64))) -> 47 | S64: =K64 -> 45945 | T64: =$T$6 -> 46076 | V64: =IF(U64=0,(T64-S64),(U64-S64)) -> 131 | W64: =IF(V64<=0,0,IF(V64>M64,M64,V64)) -> 47 | X64: =(IF(W64/M64<0,0,W64/M64))*G64 -> 0.28903641 | Y64: =H64-X64 -> -0.28903641 | Z64: =M64-V64 -> -84
D65: 1,05,01 | E65: Levantamiento topo batimetrico | F65: Consultor | G65: =$G$64/10 -> 0.028903641 | I65: 23021570 | J65: =ROUND((H65/$F$7),0) -> 0 | K65: =+L43 -> 45945 | L65: =+K65+12 -> 45957 | M65: =-((_xlfn.DAYS(K65,L65))) -> 12 | S65: =K65 -> 45945 | T65: =$T$6 -> 46076 | V65: =IF(U65=0,(T65-S65),(U65-S65)) -> 131 | W65: =IF(V65<=0,0,IF(V65>M65,M65,V65)) -> 12 | X65: =(IF(W65/M65<0,0,W65/M65))*G65 -> 0.028903641 | Y65: =H65-X65 -> -0.028903641 | Z65: =M65-V65 -> -119
D66: 1,05,03 | E66: Imágenes sensores remotos | F66: Consultor | G66: =$G$64/10 -> 0.028903641 | I66: 157505.04 | J66: =ROUND((H66/$F$7),0) -> 0 | K66: 45945 | L66: =+K66+2 -> 45947 | M66: =-((_xlfn.DAYS(K66,L66))) -> 2 | S66: =K66 -> 45945 | T66: =$T$6 -> 46076 | V66: =IF(U66=0,(T66-S66),(U66-S66)) -> 131 | W66: =IF(V66<=0,0,IF(V66>M66,M66,V66)) -> 2 | X66: =(IF(W66/M66<0,0,W66/M66))*G66 -> 0.028903641 | Y66: =H66-X66 -> -0.028903641 | Z66: =M66-V66 -> -129
D67: 1,05,04 | E67: Levantamiento orthofotomosaico drone + postproceso | F67: Consultor | G67: =$G$64/10 -> 0.028903641 | I67: 93173606 | J67: =ROUND((H67/$F$7),0) -> 0 | K67: 45945 | L67: =+K67+10 -> 45955 | M67: =-((_xlfn.DAYS(K67,L67))) -> 10 | S67: =K67 -> 45945 | T67: =$T$6 -> 46076 | V67: =IF(U67=0,(T67-S67),(U67-S67)) -> 131 | W67: =IF(V67<=0,0,IF(V67>M67,M67,V67)) -> 10 | X67: =(IF(W67/M67<0,0,W67/M67))*G67 -> 0.028903641 | Y67: =H67-X67 -> -0.028903641 | Z67: =M67-V67 -> -121
D68: 1,05,05 | E68: Modelo digital del terreno | F68: Consultor | G68: =$G$64/10 -> 0.028903641 | J68: =ROUND((H68/$F$7),0) -> 0 | K68: =MAX(L46,L67) -> 45955 | L68: =+K68+12 -> 45967 | M68: =-((_xlfn.DAYS(K68,L68))) -> 12 | S68: =K68 -> 45955 | T68: =$T$6 -> 46076 | V68: =IF(U68=0,(T68-S68),(U68-S68)) -> 121 | W68: =IF(V68<=0,0,IF(V68>M68,M68,V68)) -> 12 | X68: =(IF(W68/M68<0,0,W68/M68))*G68 -> 0.028903641 | Y68: =H68-X68 -> -0.028903641 | Z68: =M68-V68 -> -109
D69: 1,05,06 | E69: Cartografia basica generada para el proyecto 1:10000 | F69: Consultor | G69: =$G$64/10 -> 0.028903641 | J69: =ROUND((H69/$F$7),0) -> 0 | K69: =MAX(L65:L68) -> 45967 | L69: =+K69+15 -> 45982 | M69: =-((_xlfn.DAYS(K69,L69))) -> 15 | S69: =K69 -> 45967 | T69: =$T$6 -> 46076 | V69: =IF(U69=0,(T69-S69),(U69-S69)) -> 109 | W69: =IF(V69<=0,0,IF(V69>M69,M69,V69)) -> 15 | X69: =(IF(W69/M69<0,0,W69/M69))*G69 -> 0.028903641 | Y69: =H69-X69 -> -0.028903641 | Z69: =M69-V69 -> -94
D70: 1,05,07 | E70: Geomorfologia Fluvial de detalle asociada al cauce prinicpal | F70: Consultor | G70: =$G$64/10 -> 0.028903641 | I70: 25782075 | J70: =ROUND((H70/$F$7),0) -> 0 | K70: =+K69 -> 45967 | L70: =+K70+12 -> 45979 | M70: =-((_xlfn.DAYS(K70,L70))) -> 12 | S70: =K70 -> 45967 | T70: =$T$6 -> 46076 | V70: =IF(U70=0,(T70-S70),(U70-S70)) -> 109 | W70: =IF(V70<=0,0,IF(V70>M70,M70,V70)) -> 12 | X70: =(IF(W70/M70<0,0,W70/M70))*G70 -> 0.028903641 | Y70: =H70-X70 -> -0.028903641 | Z70: =M70-V70 -> -97
E71: Levantamiento Geomorfologico a escala 1:10000 | I71: 34069840 | K71: =+K70 -> 45967 | L71: =+K71+15 -> 45982 | M71: =-((_xlfn.DAYS(K71,L71))) -> 15
D72: 1,05,08 | E72: Levantamiento de fauna y flora | F72: Consultor | G72: =$G$64/10 -> 0.028903641 | I72: 50001600 | J72: =ROUND((H72/$F$7),0) -> 0 | K72: =+K70 -> 45967 | L72: =+K72+12 -> 45979 | M72: =-((_xlfn.DAYS(K72,L72))) -> 12 | S72: =K72 -> 45967 | T72: =$T$6 -> 46076 | V72: =IF(U72=0,(T72-S72),(U72-S72)) -> 109 | W72: =IF(V72<=0,0,IF(V72>M72,M72,V72)) -> 12 | X72: =(IF(W72/M72<0,0,W72/M72))*G72 -> 0.028903641 | Y72: =H72-X72 -> -0.028903641 | Z72: =M72-V72 -> -97
D73: 1,05,09 | E73: Cobertura de tierra 1: 10000 | F73: Consultor | G73: =$G$64/10 -> 0.028903641 | I73: 10358370 | J73: =ROUND((H73/$F$7),0) -> 0 | K73: =+L68 -> 45967 | L73: =+K73+10 -> 45977 | M73: =-((_xlfn.DAYS(K73,L73))) -> 10 | S73: =K73 -> 45967 | T73: =$T$6 -> 46076 | V73: =IF(U73=0,(T73-S73),(U73-S73)) -> 109 | W73: =IF(V73<=0,0,IF(V73>M73,M73,V73)) -> 10 | X73: =(IF(W73/M73<0,0,W73/M73))*G73 -> 0.028903641 | Y73: =H73-X73 -> -0.028903641 | Z73: =M73-V73 -> -99
D74: 1,05,10 | E74: Documento tecnico de estudios soporte / Cartografia estudios soporte | F74: Consultor | G74: =$G$64/10 -> 0.028903641 | J74: =ROUND((H74/$F$7),0) -> 0 | K74: =MAX(L65:L73) -> 45982 | L74: =+K74+10 -> 45992 | M74: =-((_xlfn.DAYS(K74,L74))) -> 10 | S74: =K74 -> 45982 | T74: =$T$6 -> 46076 | V74: =IF(U74=0,(T74-S74),(U74-S74)) -> 94 | W74: =IF(V74<=0,0,IF(V74>M74,M74,V74)) -> 10 | X74: =(IF(W74/M74<0,0,W74/M74))*G74 -> 0.028903641 | Y74: =H74-X74 -> -0.028903641 | Z74: =M74-V74 -> -84
E75: Hidrologia de detalle | I75: 51564150 | K75: =+K65 -> 45945 | L75: =+K75+20 -> 45965 | M75: =-((_xlfn.DAYS(K75,L75))) -> 20
D76: 1,05,11 | E76: Informe de Estudios soporte | F76: Consultor | K76: =MAX(L65:L74) -> 45992 | L76: =+K76+10 -> 46002 | M76: =-((_xlfn.DAYS(K76,L76))) -> 10 | S76: =K76 -> 45992 | T76: =$T$6 -> 46076 | V76: =IF(U76=0,(T76-S76),(U76-S76)) -> 84 | W76: =IF(V76<=0,0,IF(V76>M76,M76,V76)) -> 10 | X76: =(IF(W76/M76<0,0,W76/M76))*G76 -> 0 | Y76: =H76-X76 -> 0 | Z76: =M76-V76 -> -74
D77: 1,05,12 | E77: Revision Informe de Estudios soporte | F77: Interventoria | K77: =+L76+1 -> 46003 | L77: =+K77+5 -> 46008 | M77: =-((_xlfn.DAYS(K77,L77))) -> 5 | S77: =K77 -> 46003 | T77: =$T$6 -> 46076 | V77: =IF(U77=0,(T77-S77),(U77-S77)) -> 73 | W77: =IF(V77<=0,0,IF(V77>M77,M77,V77)) -> 5 | X77: =(IF(W77/M77<0,0,W77/M77))*G77 -> 0 | Y77: =H77-X77 -> 0 | Z77: =M77-V77 -> -68
E78: Entrega Informe Mensual Consultor N° 1 | F78: Consultor | K78: 45935
D79: 1.08 | E79: Entrega Informe Consolidado FASE 0B - Estudios Soporte por parte del Consultor | F79: Consultor | K79: =+L76 -> 46002 | L79: =+K77 -> 46003 | M79: =-((_xlfn.DAYS(K79,L79)))+1 -> 2
D80: 1.09 | E80: Revision de Informe por parte de la Supervision (Validacion) | F80: Supervision | K80: =+K77 -> 46003 | L80: =+L77 -> 46008 | M80: =-((_xlfn.DAYS(K80,L80)))+1 -> 6
D81: 1.1 | E81: Revision de Informe por parte de Interventoria (Aprobado/No Aprobado) | F81: Interventoria | K81: 45969 | L81: 45976 | M81: =-((_xlfn.DAYS(K81,L81)))+1 -> 8
D82: 2 | E82: FASE 1: Delimitación del cauce permanente o de la línea de mareas máximas | G82: =+G84+G91+G94 -> 0.2012 | H82: =+H84+H91+H94 -> 0 | I82: =+'PPTO CONSUL - ANEXO 12'!G13 -> 115616706 | X82: =SUM(X83:X97) -> 0.2892
D83: 2.01 | E83: Delimitación del Cauce Permanente
D84: 2.02 | E84: Identificación preliminar de las formas del terreno asociadas al cauce permanente | F84: Consultor | G84: 0.088 | H84: =SUM(H85:H90) -> 0 | I84: =+'PPTO CONSUL - ANEXO 12'!G15 -> 50430255 | J84: =ROUND((H84/$F$7),0) -> 0 | K84: =MIN(K85:K90) -> 45982 | L84: =MAX(L85:L90) -> 46019 | M84: =-((_xlfn.DAYS(K84,L84))) -> 37 | S84: =K84 -> 45982 | T84: =$T$6 -> 46076 | V84: =IF(U84=0,(T84-S84),(U84-S84)) -> 94 | W84: =IF(V84<=0,0,IF(V84>M84,M84,V84)) -> 37 | X84: =(IF(W84/M84<0,0,W84/M84))*G84 -> 0.088 | Y84: =H84-X84 -> -0.088 | Z84: =M84-V84 -> -57
D85: 2,02,01 | E85: Analisis de Imágenes de sensores remotos y fotografias | F85: Consultor | G85: =$G$84/4 -> 0.022 | I85: =+$I$84/4 -> 12607564 | J85: =ROUND((H85/$F$7),0) -> 0 | K85: =L69 -> 45982 | L85: =+K85+10 -> 45992 | M85: =-((_xlfn.DAYS(K85,L85))) -> 10 | S85: =K85 -> 45982 | T85: =$T$6 -> 46076 | V85: =IF(U85=0,(T85-S85),(U85-S85)) -> 94 | W85: =IF(V85<=0,0,IF(V85>M85,M85,V85)) -> 10 | X85: =(IF(W85/M85<0,0,W85/M85))*G85 -> 0.022 | Y85: =H85-X85 -> -0.022 | Z85: =M85-V85 -> -84
D86: 2,02,02 | E86: Analisis desde la geometria hidráulica | F86: Consultor | G86: =$G$84/4 -> 0.022 | I86: =+$I$84/4 -> 12607564 | J86: =ROUND((H86/$F$7),0) -> 0 | K86: =K85 -> 45982 | L86: =+K86+15 -> 45997 | M86: =-((_xlfn.DAYS(K86,L86))) -> 15 | S86: =K86 -> 45982 | T86: =$T$6 -> 46076 | V86: =IF(U86=0,(T86-S86),(U86-S86)) -> 94 | W86: =IF(V86<=0,0,IF(V86>M86,M86,V86)) -> 15 | X86: =(IF(W86/M86<0,0,W86/M86))*G86 -> 0.022 | Y86: =H86-X86 -> -0.022 | Z86: =M86-V86 -> -79
D87: 2,03,04 | E87: Delimitación del ancho del cauce permanente - verificacion en campo - Mapa 2 | F87: Consultor | G87: =$G$84/4 -> 0.022 | I87: =+$I$84/4 -> 12607564 | J87: =ROUND((H87/$F$7),0) -> 0 | K87: =MAX(L85:L86) -> 45997 | L87: =+K87+5 -> 46002 | M87: =-((_xlfn.DAYS(K87,L87))) -> 5 | S87: =K87 -> 45997 | T87: =$T$6 -> 46076 | V87: =IF(U87=0,(T87-S87),(U87-S87)) -> 79 | W87: =IF(V87<=0,0,IF(V87>M87,M87,V87)) -> 5 | X87: =(IF(W87/M87<0,0,W87/M87))*G87 -> 0.022 | Y87: =H87-X87 -> -0.022 | Z87: =M87-V87 -> -74
D88: 2,03,05 | E88: Delimitación del cauce permanente del sistema lótico. - Mapa 3 | F88: Consultor | G88: =$G$84/4 -> 0.022 | I88: =+$I$84/4 -> 12607564 | J88: =ROUND((H88/$F$7),0) -> 0 | K88: =+L87 -> 46002 | L88: =+K88+10 -> 46012 | M88: =-((_xlfn.DAYS(K88,L88))) -> 10 | S88: =K88 -> 46002 | T88: =$T$6 -> 46076 | V88: =IF(U88=0,(T88-S88),(U88-S88)) -> 74 | W88: =IF(V88<=0,0,IF(V88>M88,M88,V88)) -> 10 | X88: =(IF(W88/M88<0,0,W88/M88))*G88 -> 0.022 | Y88: =H88-X88 -> -0.022 | Z88: =M88-V88 -> -64
D89: 2,02,06 | E89: Entrega Informe de Identificación preliminar de las formas del terreno asociadas al cauce permanente | F89: Consultor | K89: =MAX(L85:L88) -> 46012 | L89: =+K89+1 -> 46013 | M89: =-((_xlfn.DAYS(K89,L89))) -> 1 | S89: =K89 -> 46012 | T89: =$T$6 -> 46076 | V89: =IF(U89=0,(T89-S89),(U89-S89)) -> 64 | W89: =IF(V89<=0,0,IF(V89>M89,M89,V89)) -> 1 | X89: =(IF(W89/M89<0,0,W89/M89))*G89 -> 0 | Y89: =H89-X89 -> 0 | Z89: =M89-V89 -> -63
D90: 2,02,07 | E90: Revision Informe de Identificación preliminar de las formas del terreno asociadas al cauce permanente | F90: Interventoria | K90: =+L89+1 -> 46014 | L90: =+K90+5 -> 46019 | M90: =-((_xlfn.DAYS(K90,L90))) -> 5 | S90: =K90 -> 46014 | T90: =$T$6 -> 46076 | V90: =IF(U90=0,(T90-S90),(U90-S90)) -> 62 | W90: =IF(V90<=0,0,IF(V90>M90,M90,V90)) -> 5 | X90: =(IF(W90/M90<0,0,W90/M90))*G90 -> 0 | Y90: =H90-X90 -> 0 | Z90: =M90-V90 -> -57
D91: 2.03 | E91: Delimitacion del ancho del cauce permanente (Verificado en campo) | F91: Consultor | G91: 0.043 | H91: =SUM(H92:H93) -> 0 | I91: =+'PPTO CONSUL - ANEXO 12'!G16 -> 24886729 | J91: =ROUND((H91/$F$7),0) -> 0 | K91: =MIN(K92:K93) -> 46012 | L91: =MAX(L92:L93) -> 46019 | M91: =-((_xlfn.DAYS(K91,L91))) -> 7 | S91: =K91 -> 46012 | T91: =$T$6 -> 46076 | V91: =IF(U91=0,(T91-S91),(U91-S91)) -> 64 | W91: =IF(V91<=0,0,IF(V91>M91,M91,V91)) -> 7 | X91: =(IF(W91/M91<0,0,W91/M91))*G91 -> 0.043 | Y91: =H91-X91 -> -0.043 | Z91: =M91-V91 -> -57
D92: 2,03,01 | E92: Entrega Informe de Delimitacion del ancho del cauce permanente (Verificado en campo) | F92: Consultor | K92: =MAX(L85:L88) -> 46012 | L92: =+K92+1 -> 46013 | M92: =-((_xlfn.DAYS(K92,L92))) -> 1 | S92: =K92 -> 46012 | T92: =$T$6 -> 46076 | V92: =IF(U92=0,(T92-S92),(U92-S92)) -> 64 | W92: =IF(V92<=0,0,IF(V92>M92,M92,V92)) -> 1 | X92: =(IF(W92/M92<0,0,W92/M92))*G92 -> 0 | Y92: =H92-X92 -> 0 | Z92: =M92-V92 -> -63
D93: 2,03,02 | E93: Revision Informe de Delimitacion del ancho del cauce permanente (Verificado en campo) | F93: Interventoria | K93: =+L92+1 -> 46014 | L93: =+K93+5 -> 46019 | M93: =-((_xlfn.DAYS(K93,L93))) -> 5 | S93: =K93 -> 46014 | T93: =$T$6 -> 46076 | V93: =IF(U93=0,(T93-S93),(U93-S93)) -> 62 | W93: =IF(V93<=0,0,IF(V93>M93,M93,V93)) -> 5 | X93: =(IF(W93/M93<0,0,W93/M93))*G93 -> 0 | Y93: =H93-X93 -> 0 | Z93: =M93-V93 -> -57
D94: 2.04 | E94: Delimitacion del cauce permanente del sistema lótico | F94: Consultor | G94: 0.0702 | H94: =SUM(H95:H97) -> 0 | I94: =+'PPTO CONSUL - ANEXO 12'!G17 -> 40299722 | J94: =ROUND((H94/$F$7),0) -> 0 | K94: =+K91 -> 46012 | L94: =+L91 -> 46019 | M94: =-((_xlfn.DAYS(K94,L94))) -> 7 | S94: =K94 -> 46012 | T94: =$T$6 -> 46076 | V94: =IF(U94=0,(T94-S94),(U94-S94)) -> 64 | W94: =IF(V94<=0,0,IF(V94>M94,M94,V94)) -> 7 | X94: =(IF(W94/M94<0,0,W94/M94))*G94 -> 0.0702 | Y94: =H94-X94 -> -0.0702 | Z94: =M94-V94 -> -57
D95: 2,04,01 | E95: Talleres de Socializacion (2 und) | F95: Consultor | G95: =IFERROR((VLOOKUP(D95,'PPTO CONSUL - ANEXO 12'!$B$6:$G$37,3,0)),0) -> 0 | I95: =ROUND(($F$7*G95),0) -> 0 | J95: =ROUND((H95/$F$7),0) -> 0 | K95: =+L94 -> 46019 | L95: =+K95+1 -> 46020 | M95: =-((_xlfn.DAYS(K95,L95))) -> 1 | S95: =K95 -> 46019 | T95: =$T$6 -> 46076 | V95: =IF(U95=0,(T95-S95),(U95-S95)) -> 57 | W95: =IF(V95<=0,0,IF(V95>M95,M95,V95)) -> 1 | X95: =(IF(W95/M95<0,0,W95/M95))*G95 -> 0 | Y95: =H95-X95 -> 0 | Z95: =M95-V95 -> -56
D96: 2,04,02 | E96: Entrega Informe de Delimitacion del cauce permanente del sistema lótico | F96: Consultor | K96: =MAX(L94:L95) -> 46020 | L96: =+K96+1 -> 46021 | M96: =-((_xlfn.DAYS(K96,L96))) -> 1 | S96: =K96 -> 46020 | T96: =$T$6 -> 46076 | V96: =IF(U96=0,(T96-S96),(U96-S96)) -> 56 | W96: =IF(V96<=0,0,IF(V96>M96,M96,V96)) -> 1 | X96: =(IF(W96/M96<0,0,W96/M96))*G96 -> 0 | Y96: =H96-X96 -> 0 | Z96: =M96-V96 -> -55
D97: 2,04,03 | E97: Revision Informe de Delimitacion del cauce permanente del sistema lótico | F97: Interventoria | K97: =+L96+1 -> 46022 | L97: =+K97+5 -> 46027 | M97: =-((_xlfn.DAYS(K97,L97))) -> 5 | S97: =K97 -> 46022 | T97: =$T$6 -> 46076 | V97: =IF(U97=0,(T97-S97),(U97-S97)) -> 54 | W97: =IF(V97<=0,0,IF(V97>M97,M97,V97)) -> 5 | X97: =(IF(W97/M97<0,0,W97/M97))*G97 -> 0 | Y97: =H97-X97 -> 0 | Z97: =M97-V97 -> -49
E98: Entrega Informe Mensual Consultor N° 2 | F98: Consultor | K98: 45966
D99: 2.05 | E99: Entrega Informe Consolidado FASE 1 por parte del Consultor | F99: Consultor | K99: =MAX(L90,L93,L97) -> 46027 | L99: =+K99+1 -> 46028 | M99: =-((_xlfn.DAYS(K99,L99)))+1 -> 2
D100: 2.06 | E100: Revision de Informe por parte de la Supervision (Validacion) | F100: Supervision | K100: =+L99+1 -> 46029 | L100: =+K100+7 -> 46036 | M100: =-((_xlfn.DAYS(K100,L100)))+1 -> 8
D101: 2.07 | E101: Revision de Informe por parte de Interventoria (Aprobado/No Aprobado) | F101: Interventoria | K101: =+L100+1 -> 46037 | L101: =+K101+7 -> 46044 | M101: =-((_xlfn.DAYS(K101,L101)))+1 -> 8
D102: 3 | E102: FASE 2. Definición del límite físico y de estrategias para el manejo ambiental de la ronda hídrica | G102: =+G104+G110+G117+G125+G131 -> 0.336 | H102: =+H104+H110+H117+H125+H131 -> 0 | I102: =+'PPTO CONSUL - ANEXO 12'!G18 -> 192668308 | X102: =SUM(X104:X148) -> 0.511
D103: 3.01 | E103: Límite físico
D104: 3.02 | E104: Delimitación del componente geomorfológico | F104: Consultor | G104: 0.022 | H104: =SUM(H105:H109) -> 0 | I104: =+'PPTO CONSUL - ANEXO 12'!G20 -> 12410946 | J104: =SUM(J105:J107) -> 0 | K104: =MIN(K105:K109) -> 45992 | L104: =MAX(L105:L109) -> 46014 | M104: =-((_xlfn.DAYS(K104,L104))) -> 22 | S104: =K104 -> 45992 | T104: =$T$6 -> 46076 | V104: =IF(U104=0,(T104-S104),(U104-S104)) -> 84 | W104: =IF(V104<=0,0,IF(V104>M104,M104,V104)) -> 22 | X104: =(IF(W104/M104<0,0,W104/M104))*G104 -> 0.022 | Y104: =H104-X104 -> -0.022 | Z104: =M104-V104 -> -62
D105: 3,02,01 | E105: Geoformas asociadas a la Ronda hídrica - Mapa 7 | F105: Consultor | G105: =$G$104/3 -> 0.0073333333 | I105: =ROUND(($I$104/3),0) -> 4136982 | J105: =ROUND((H105/$F$7),0) -> 0 | K105: =MAX(L70,L74) -> 45992 | L105: =+K105+10 -> 46002 | M105: =-((_xlfn.DAYS(K105,L105))) -> 10 | S105: =K105 -> 45992 | T105: =$T$6 -> 46076 | V105: =IF(U105=0,(T105-S105),(U105-S105)) -> 84 | W105: =IF(V105<=0,0,IF(V105>M105,M105,V105)) -> 10 | X105: =(IF(W105/M105<0,0,W105/M105))*G105 -> 0.0073333333 | Y105: =H105-X105 -> -0.0073333333 | Z105: =M105-V105 -> -74
...

Sheet Linea Base 1 - 160925
E1: 1 | F1: 2 | G1: 3 | H1: 4 | I1: 5 | J1: 6 | K1: 7 | L1: 8 | M1: 9 | N1: 10 | O1: 11 | P1: 12 | Q1: 13 | AD1: 0.16633523
E4: ESTUDIOS PARA LA DELIMITACIÓN DE LA RONDA HÍDRICA DE LA QUEBRADA LAS GACHAS EN EL MUNICIPIO DE GUADALUPE, SANTANDER - No. CM2-008-2025 | V4: SEGUIMIENTO PLAN DE TRABAJO VERSION 1 - 16 DE SEPTIEMBRE DE 2025
V5: INICIO DE ACTIVIDAD | W5: FECHA DE CORTE | Z5: FECHA REAL DE FINALIZACION DE LA ACTIVIDAD | AA5: NUMERO DE COMUNICADO | AB5: TIEMPO EJECUTADO REAL | AC5: TIEMPO (Dias) A EJECUTAR LA ACTIVIDAD | AD5: % PROGRAMADO A FECHA DE CORTE | AE5: ATRASO % POR ACTIVIDAD | AF5: DIAS DE ATRASO y/o ADELANTO
W6: 46013
F7: VALOR DEL CONTRATO CONSULTORIA | G7: =+'PPTO CONSUL - ANEXO 12'!G39 -> 683748240 | P7: RUTA CRITICA
E9: ID | F9: ACTIVIDADES | G9: RESPONSABLE | H9: ACTIVIDAD PROYECTADA | I9: ACTIVIDAD PROGRAMADA | J9: ACTIVIDAD EJECUTADA | K9: VALOR PROYECTADO | L9: Veri | M9: VALOR PROGRAMADO | N9: VALOR EJECUTADO | O9: Inicio | P9: Fin | Q9: N°Días | AF9: DIAS DE ATRASO y/o ADELANTO | AQ9: valor propuesto
E10: 0 | F10: Firma Contrato Consultor | G10: Consultor - Supervision | O10: 45884 | P10: =+O10 -> 45884 | Q10: =-((_xlfn.DAYS(O10,P10)))+1 -> 1 | AO10: NA | AP10: =EXACT(K10,AO10) -> FALSE | AQ10: NA | AT10: 0
E11: 0 | F11: Firma Contrato Interventor | G11: Consultor - Supervision | O11: 45889 | P11: =+O11 -> 45889 | Q11: =-((_xlfn.DAYS(O11,P11)))+1 -> 1 | AO11: NA | AP11: =EXACT(K11,AO11) -> FALSE | AQ11: NA | AT11: 0
E12: 0 | F12: Documentacion | G12: Consultor - Interventor | O12: =+P11+1 -> 45890 | P12: =+O12+7 -> 45897 | Q12: =-((_xlfn.DAYS(O12,P12)))+1 -> 8 | AO12: NA | AP12: =EXACT(K12,AO12) -> FALSE | AQ12: NA | AT12: 0
E13: 0 | F13: Acta de Inicio | G13: Consultor - Supervision - Interventoria | O13: =+P12+5 -> 45902 | P13: =+O13 -> 45902 | Q13: =-((_xlfn.DAYS(O13,P13)))+1 -> 1 | V13: % PROGRAMADO PROYECTO | AD13: =AD14+AD77+AD97 -> 0.74271775 | AE13: =AE14+AE77+AE97 -> -0.36974715 | AJ13: =I14-J14 -> 0.090488103 | AO13: NA | AP13: =EXACT(K13,AO13) -> FALSE | AQ13: NA | AT13: 0
E14: 1 | F14: FASE 0. Acciones previas - Declaratoria | H14: =+H31+H34+H44+H49+H52+H55+H62 -> 0.4634587 | I14: =+I31+I34+I44+I49+I52+I55+I62 -> 0.4634587 | J14: =+J31+J34+J44+J49+J52+J55+J62 -> 0.3729706 | K14: =+K31+K34+K44+K49+K52+K55+K62 -> 316889075 | L14: =+'PPTO CONSUL - ANEXO 12'!H5-K14 -> 0 | M14: =+M31+M34+M44+M49+M52+M55+M62 -> 316889075 | N14: =+N31+N34+N44+N49+N52+N55+N62 -> 255017994 | O14: =MIN(O15:O30) -> 45904 | P14: =MAX(P15:P30) -> 45950 | V14: % FASE 0 | AD14: =SUM(AD15:AD72) -> 0.4634587 | AE14: =SUM(AE15:AE72) -> -0.090488103 | AO14: 316889075 | AP14: =EXACT(K14,AO14) -> TRUE | AQ14: 316889075 | AR14: =+AO14-AQ14 -> 0 | AT14: 1
E15: Admon | F15: Solicitud de Documentacion Contractual a Consultor | G15: Interventor | O15: =+$P$13+2 -> 45904 | P15: =+O15+1 -> 45905 | Q15: =-((_xlfn.DAYS(O15,P15))) -> 1 | V15: =O15 -> 45904 | W15: =$W$6 -> 46013 | X15: =IF(W15-V15>Q15,Q15,W15-V15) -> 1 | Y15: =IF(X15<0,0,X15) -> 1 | Z15: 45903 | AA15: OF-RHQG-01-25 | AF15: =Q15-#REF! -> #REF! | AO15: NA | AP15: =EXACT(K15,AO15) -> FALSE | AQ15: NA | AT15: Admon
E16: Admon | F16: Entrega de Documentacion Contractual | G16: Consultor | O16: =+P15 -> 45905 | P16: =+O16+5 -> 45910 | Q16: =-((_xlfn.DAYS(O16,P16))) -> 5 | V16: =O16 -> 45905 | W16: =$W$6 -> 46013 | X16: =IF(W16-V16>Q16,Q16,W16-V16) -> 5 | Y16: =IF(X16<0,0,X16) -> 5 | Z16: 45908 | AA16: OFICIO 001 | AF16: =Q16-#REF! -> #REF! | AO16: NA | AP16: =EXACT(K16,AO16) -> FALSE | AQ16: NA | AT16: Admon
E17: Admon | F17: Revision de Documentacion Contractual (Aprobacion/No aprobacion) | G17: Interventor | O17: =+P16 -> 45910 | P17: =+O17+4 -> 45914 | Q17: =-((_xlfn.DAYS(O17,P17))) -> 4 | V17: =O17 -> 45910 | W17: =$W$6 -> 46013 | X17: =IF(W17-V17>Q17,Q17,W17-V17) -> 4 | Y17: =IF(X17<0,0,X17) -> 4 | Z17: 45918 | AA17: OF-RHQG-0xx-25 | AF17: =Q17-#REF! -> #REF! | AO17: NA | AP17: =EXACT(K17,AO17) -> FALSE | AQ17: NA | AT17: Admon
E18: Admon | F18: Solicitud de Certificacion de Equipos a Utilizar por parte del Consultor | G18: Interventor | O18: =+$P$13+2 -> 45904 | P18: =+O18+1 -> 45905 | Q18: =-((_xlfn.DAYS(O18,P18))) -> 1 | V18: =O18 -> 45904 | W18: =$W$6 -> 46013 | X18: =IF(W18-V18>Q18,Q18,W18-V18) -> 1 | Y18: =IF(X18<0,0,X18) -> 1 | Z18: 45903 | AA18: OF-RHQG-01-25 | AF18: =Q18-#REF! -> #REF! | AO18: NA | AP18: =EXACT(K18,AO18) -> FALSE | AQ18: NA | AT18: Admon
E19: Admon | F19: Entrega de Certificacion de Equipos a Utilizar por parte del Consultor | G19: Consultor | O19: =+O63-5 -> 45940 | P19: =+O19+5 -> 45945 | Q19: =-((_xlfn.DAYS(O19,P19))) -> 5 | V19: =O19 -> 45940 | W19: =$W$6 -> 46013 | X19: =IF(W19-V19>Q19,Q19,W19-V19) -> 5 | Y19: =IF(X19<0,0,X19) -> 5 | Z19: 45908 | AA19: OFICIO 001 | AF19: =Q19-#REF! -> #REF! | AO19: NA | AP19: =EXACT(K19,AO19) -> FALSE | AQ19: NA | AT19: Admon
E20: Admon | F20: Revision de Certificacion de Equipos a Utilizar (Aprobacion/No aprobacion) | G20: Interventor | O20: =+P19+1 -> 45946 | P20: =+O20+4 -> 45950 | Q20: =-((_xlfn.DAYS(O20,P20))) -> 4 | V20: =O20 -> 45946 | W20: =$W$6 -> 46013 | X20: =IF(W20-V20>Q20,Q20,W20-V20) -> 4 | Y20: =IF(X20<0,0,X20) -> 4 | AA20: Pendiente a Entrega | AF20: =Q20-#REF! -> #REF! | AO20: NA | AP20: =EXACT(K20,AO20) -> FALSE | AQ20: NA | AT20: Admon
E21: Admon | F21: Solicitud de Arte y especificaciones Pendon por parte del Consultor | G21: Interventor | O21: =+$P$13+2 -> 45904 | P21: =+O21+1 -> 45905 | Q21: =-((_xlfn.DAYS(O21,P21))) -> 1 | V21: =O21 -> 45904 | W21: =$W$6 -> 46013 | X21: =IF(W21-V21>Q21,Q21,W21-V21) -> 1 | Y21: =IF(X21<0,0,X21) -> 1 | Z21: 45903 | AA21: OF-RHQG-01-25 | AF21: =Q21-#REF! -> #REF! | AO21: NA | AP21: =EXACT(K21,AO21) -> FALSE | AQ21: NA | AT21: Admon
E22: Admon | F22: Entrega de Arte y especificaciones Pendon por parte del Consultor | G22: Consultor | O22: =+P21 -> 45905 | P22: =+O22+11 -> 45916 | Q22: =-((_xlfn.DAYS(O22,P22))) -> 11 | V22: =O22 -> 45905 | W22: =$W$6 -> 46013 | X22: =IF(W22-V22>Q22,Q22,W22-V22) -> 11 | Y22: =IF(X22<0,0,X22) -> 11 | Z22: 45917 | AA22: OFICIO 004 | AF22: =Q22-#REF! -> #REF! | AO22: NA | AP22: =EXACT(K22,AO22) -> FALSE | AQ22: NA | AT22: Admon
E23: Admon | F23: Revision de Arte y especificaciones Pendon (Aprobacion/No aprobacion) | G23: Interventor | O23: =+P22 -> 45916 | P23: =+O23+4 -> 45920 | Q23: =-((_xlfn.DAYS(O23,P23))) -> 4 | V23: =O23 -> 45916 | W23: =$W$6 -> 46013 | X23: =IF(W23-V23>Q23,Q23,W23-V23) -> 4 | Y23: =IF(X23<0,0,X23) -> 4 | Z23: 45918 | AA23: OF-RHQG-0xx-25 | AF23: =Q23-#REF! -> #REF! | AO23: NA | AP23: =EXACT(K23,AO23) -> FALSE | AQ23: NA | AT23: Admon
E24: Admon | F24: Instalacion Pendon | G24: Consultor | O24: =+P23+3 -> 45923 | P24: =+O24+2 -> 45925 | Q24: =-((_xlfn.DAYS(O24,P24))) -> 2 | V24: =O24 -> 45923 | W24: =$W$6 -> 46013 | X24: =IF(W24-V24>Q24,Q24,W24-V24) -> 2 | Y24: =IF(X24<0,0,X24) -> 2 | Z24: 45925 | AF24: =Q24-#REF! -> #REF! | AT24: Admon
E25: Admon | F25: Solicitud de Arte y especificaciones de Indumentarias para el personal del Contratista | G25: Interventor | O25: =+$P$13+2 -> 45904 | P25: =+O25+1 -> 45905 | Q25: =-((_xlfn.DAYS(O25,P25))) -> 1 | V25: =O25 -> 45904 | W25: =$W$6 -> 46013 | X25: =IF(W25-V25>Q25,Q25,W25-V25) -> 1 | Y25: =IF(X25<0,0,X25) -> 1 | Z25: 45903 | AA25: OF-RHQG-01-25 | AF25: =Q25-#REF! -> #REF! | AO25: NA | AP25: =EXACT(K25,AO25) -> FALSE | AQ25: NA | AT25: Admon
E26: Admon | F26: Entrega de Arte y especificaciones de Indumentarias para el personal del Contratista | G26: Consultor | O26: =+P25 -> 45905 | P26: =+O26+5 -> 45910 | Q26: =-((_xlfn.DAYS(O26,P26))) -> 5 | V26: =O26 -> 45905 | W26: =$W$6 -> 46013 | X26: =IF(W26-V26>Q26,Q26,W26-V26) -> 5 | Y26: =IF(X26<0,0,X26) -> 5 | Z26: 45908 | AA26: OFICIO 001 | AF26: =Q26-#REF! -> #REF! | AO26: NA | AP26: =EXACT(K26,AO26) -> FALSE | AQ26: NA | AT26: Admon
E27: Admon | F27: Revision de Indumentarias (Aprobacion/No aprobacion) | G27: Interventor | O27: =+P26 -> 45910 | P27: =+O27+4 -> 45914 | Q27: =-((_xlfn.DAYS(O27,P27))) -> 4 | V27: =O27 -> 45910 | W27: =$W$6 -> 46013 | X27: =IF(W27-V27>Q27,Q27,W27-V27) -> 4 | Y27: =IF(X27<0,0,X27) -> 4 | Z27: 45918 | AA27: OF-RHQG-0xx-25 | AF27: =Q27-#REF! -> #REF! | AO27: NA | AP27: =EXACT(K27,AO27) -> FALSE | AQ27: NA | AT27: Admon
E28: Admon | F28: Solicitud de Entrega de la política de especial consideración a la conservación del medio ambiente del Contratista | G28: Interventor | O28: =+P27+1 -> 45915 | P28: =+O28+1 -> 45916 | Q28: =-((_xlfn.DAYS(O28,P28))) -> 1 | V28: =O28 -> 45915 | W28: =$W$6 -> 46013 | X28: =IF(W28-V28>Q28,Q28,W28-V28) -> 1 | Y28: =IF(X28<0,0,X28) -> 1 | Z28: 45903 | AA28: OF-RHQG-01-25 | AF28: =Q28-#REF! -> #REF! | AO28: NA | AP28: =EXACT(K28,AO28) -> FALSE | AQ28: NA | AT28: Admon
E29: Admon | F29: Entrega de la política de especial consideración a la conservación del medio ambiente del Contratista | G29: Consultor | O29: =+P28 -> 45916 | P29: =+O29+5 -> 45921 | Q29: =-((_xlfn.DAYS(O29,P29))) -> 5 | V29: =O29 -> 45916 | W29: =$W$6 -> 46013 | X29: =IF(W29-V29>Q29,Q29,W29-V29) -> 5 | Y29: =IF(X29<0,0,X29) -> 5 | Z29: 45937 | AA29: Entrega vía mail | AF29: =Q29-#REF! -> #REF! | AO29: NA | AP29: =EXACT(K29,AO29) -> FALSE | AQ29: NA | AT29: Admon
E30: Admon | F30: Revision de Politica Ambiental (Aprobacion/No aprobacion) | G30: Interventor | O30: =+P29 -> 45921 | P30: =+O30+4 -> 45925 | Q30: =-((_xlfn.DAYS(O30,P30))) -> 4 | V30: =O30 -> 45921 | W30: =$W$6 -> 46013 | X30: =IF(W30-V30>Q30,Q30,W30-V30) -> 4 | Y30: =IF(X30<0,0,X30) -> 4 | Z30: 45925 | AF30: =Q30-#REF! -> #REF! | AO30: NA | AP30: =EXACT(K30,AO30) -> FALSE | AQ30: NA
E31: 1.01 | F31: Priorización de cuerpos de agua para el acotamiento de su ronda hídrica | G31: Consultor | H31: =+'PPTO CONSUL - ANEXO 12'!D6 -> 0.03379667 | I31: =+AD31 -> 0.03379667 | J31: =H31*1 -> 0.03379667 | K31: =ROUND(($G$7*H31),0) -> 23108414 | L31: ='PPTO CONSUL - ANEXO 12'!H6-K31 -> 0 | M31: =ROUND(($G$7*I31),0) -> 23108414 | N31: =ROUND(($G$7*J31),0) -> 23108414 | O31: =MIN(O32:O33) -> 45915 | P31: =MAX(P32:P33) -> 45931 | Q31: =-((_xlfn.DAYS(O31,P31))) -> 16 | V31: =O31 -> 45915 | W31: =$W$6 -> 46013 | X31: =IF(W31-V31>Q31,Q31,W31-V31) -> 16 | Y31: =IF(X31<0,0,X31) -> 16 | Z31: 45925 | AA31: OFICIO 007 | AB31: =IF(Z31=0,Y31,Z31-V31) -> 10 | AC31: =Q31-AB31 -> 6 | AD31: =(H31/Q31)*Y31 -> 0.03379667 | AE31: =J31-AD31 -> 0 | AF31: =Q31-#REF! -> #REF! | AJ31: =(H31/Q31)*Q31 -> 0.03379667 | AO31: 23108414 | AP31: =EXACT(K31,AO31) -> TRUE | AQ31: 23108414 | AR31: =+AO31-AQ31 -> 0 | AT31: 1.01 | AU31: =EXACT(AT31,E31) -> TRUE
E32: 1,01,01 | F32: Entrega Informe de Priorización de cuerpos de agua para el acotamiento de su ronda hídrica | G32: Consultor | O32: =+P13+13 -> 45915 | P32: =+O32+10 -> 45925 | Q32: =-((_xlfn.DAYS(O32,P32))) -> 10 | V32: =O32 -> 45915 | W32: =$W$6 -> 46013 | X32: =IF(W32-V32>Q32,Q32,W32-V32) -> 10 | Y32: =IF(X32<0,0,X32) -> 10 | Z32: 45929 | AF32: =Q32-#REF! -> #REF! | AP32: =EXACT(K32,AO32) -> TRUE | AR32: =+AO32-AQ32 -> 0 | AT32: 1,01,01 | AU32: =EXACT(AT32,E32) -> TRUE
E33: 1,01,02 | F33: Revision Informe de Priorización de cuerpos de agua para el acotamiento de su ronda hídrica | G33: Interventoria | O33: =+P32+1 -> 45926 | P33: =+O33+5 -> 45931 | Q33: =-((_xlfn.DAYS(O33,P33))) -> 5 | V33: =O33 -> 45926 | W33: =$W$6 -> 46013 | X33: =IF(W33-V33>Q33,Q33,W33-V33) -> 5 | Y33: =IF(X33<0,0,X33) -> 5 | Z33: 45944 | AF33: =Q33-#REF! -> #REF! | AP33: =EXACT(K33,AO33) -> TRUE | AR33: =+AO33-AQ33 -> 0 | AT33: 1,01,02 | AU33: =EXACT(AT33,E33) -> TRUE
E34: 1.02 | F34: Recopilación de información secundaria | G34: Consultor | H34: =SUM(H35:H41) -> 0.03379667 | I34: =SUM(I35:I41) -> 0.03379667 | J34: =SUM(J35:J41) -> 0.03379667 | K34: =SUM(K35:K41) -> 23108414 | L34: ='PPTO CONSUL - ANEXO 12'!H7-K34 -> 0 | M34: =SUM(M35:M41) -> 23108414 | N34: =SUM(N35:N41) -> 23108414 | O34: =MIN(O35:O43) -> 45912 | P34: =MAX(P35:P43) -> 45945 | Q34: =-((_xlfn.DAYS(O34,P34))) -> 33 | V34: =O34 -> 45912 | W34: =$W$6 -> 46013 | X34: =IF(W34-V34>Q34,Q34,W34-V34) -> 33 | Y34: =IF(X34<0,0,X34) -> 33 | Z34: 45929 | AF34: =Q34-#REF! -> #REF! | AO34: 23108414 | AP34: =EXACT(K34,AO34) -> TRUE | AQ34: 23108414 | AR34: =+AO34-AQ34 -> 0 | AT34: 1.02 | AU34: =EXACT(AT34,E34) -> TRUE
E35: 1,02,01 | F35: Informacion historica de eventos de inundaciones o avenidas torrenciales | G35: Consultor | H35: 0.0048280957 | I35: =+AD35 -> 0.0048280957 | J35: =H35*1 -> 0.0048280957 | K35: =ROUND(($G$7*H35),0) -> 3301202 | M35: =ROUND(($G$7*I35),0) -> 3301202 | N35: =ROUND(($G$7*J35),0) -> 3301202 | O35: =+P13+10 -> 45912 | P35: =+O35+8 -> 45920 | Q35: =-((_xlfn.DAYS(O35,P35))) -> 8 | V35: =O35 -> 45912 | W35: =$W$6 -> 46013 | X35: =IF(W35-V35>Q35,Q35,W35-V35) -> 8 | Y35: =IF(X35<0,0,X35) -> 8 | Z35: 45923 | AB35: =IF(Z35=0,Y35,Z35-V35) -> 11 | AC35: =Q35-AB35 -> -3 | AD35: =(H35/Q35)*Y35 -> 0.0048280957 | AE35: =J35-AD35 -> 0 | AF35: =Q35-#REF! -> #REF! | AO35: 2888552 | AP35: =EXACT(K35,AO35) -> FALSE | AQ35: 2888552 | AR35: =+AO35-AQ35 -> 0 | AT35: 1,02,01 | AU35: =EXACT(AT35,E35) -> TRUE
E36: 1,02,02 | F36: Caracterizacion climatica | G36: Consultor | H36: 0.0048280957 | I36: =+AD36 -> 0.0048280957 | J36: =H36*1 -> 0.0048280957 | K36: =ROUND(($G$7*H36),0) -> 3301202 | M36: =ROUND(($G$7*I36),0) -> 3301202 | N36: =ROUND(($G$7*J36),0) -> 3301202 | O36: =+O35 -> 45912 | P36: =+O36+15 -> 45927 | Q36: =-((_xlfn.DAYS(O36,P36))) -> 15 | V36: =O36 -> 45912 | W36: =$W$6 -> 46013 | X36: =IF(W36-V36>Q36,Q36,W36-V36) -> 15 | Y36: =IF(X36<0,0,X36) -> 15 | Z36: 45947 | AB36: =IF(Z36=0,Y36,Z36-V36) -> 35 | AC36: =Q36-AB36 -> -20 | AD36: =(H36/Q36)*Y36 -> 0.0048280957 | AE36: =J36-AD36 -> 0 | AF36: =Q36-#REF! -> #REF! | AO36: 2888552 | AP36: =EXACT(K36,AO36) -> FALSE | AQ36: 2888552 | AR36: =+AO36-AQ36 -> 0 | AT36: 1,02,02 | AU36: =EXACT(AT36,E36) -> TRUE
E37: 1,02,03 | F37: Mapa de zonas de vida 1: 100000 | G37: Consultor | H37: 0.0048280957 | I37: =+AD37 -> 0.0048280957 | J37: =H37*1 -> 0.0048280957 | K37: =ROUND(($G$7*H37),0) -> 3301202 | M37: =ROUND(($G$7*I37),0) -> 3301202 | N37: =ROUND(($G$7*J37),0) -> 3301202 | O37: =+O36 -> 45912 | P37: =+O37+10 -> 45922 | Q37: =-((_xlfn.DAYS(O37,P37))) -> 10 | V37: =O37 -> 45912 | W37: =$W$6 -> 46013 | X37: =IF(W37-V37>Q37,Q37,W37-V37) -> 10 | Y37: =IF(X37<0,0,X37) -> 10 | Z37: 45923 | AB37: =IF(Z37=0,Y37,Z37-V37) -> 11 | AC37: =Q37-AB37 -> -1 | AD37: =(H37/Q37)*Y37 -> 0.0048280957 | AE37: =J37-AD37 -> 0 | AF37: =Q37-#REF! -> #REF! | AO37: 2888552 | AP37: =EXACT(K37,AO37) -> FALSE | AQ37: 2888552 | AR37: =+AO37-AQ37 -> 0 | AT37: 1,02,03 | AU37: =EXACT(AT37,E37) -> TRUE
E38: 1,02,04 | F38: Caracterizacion de suelos - Informacion secundaria | G38: Consultor | H38: 0.0048280957 | I38: =+AD38 -> 0.0048280957 | J38: =H38*1 -> 0.0048280957 | K38: =ROUND(($G$7*H38),0) -> 3301202 | M38: =ROUND(($G$7*I38),0) -> 3301202 | N38: =ROUND(($G$7*J38),0) -> 3301202 | O38: =+O37 -> 45912 | P38: =+O38+10 -> 45922 | Q38: =-((_xlfn.DAYS(O38,P38))) -> 10 | V38: =O38 -> 45912 | W38: =$W$6 -> 46013 | X38: =IF(W38-V38>Q38,Q38,W38-V38) -> 10 | Y38: =IF(X38<0,0,X38) -> 10 | Z38: 45951 | AB38: =IF(Z38=0,Y38,Z38-V38) -> 39 | AC38: =Q38-AB38 -> -29 | AD38: =(H38/Q38)*Y38 -> 0.0048280957 | AE38: =J38-AD38 -> 0 | AF38: =Q38-#REF! -> #REF! | AO38: 2888552 | AP38: =EXACT(K38,AO38) -> FALSE | AQ38: 2888552 | AR38: =+AO38-AQ38 -> 0 | AT38: 1,02,04 | AU38: =EXACT(AT38,E38) -> TRUE
E39: 1,02,05 | F39: Mapa de humedades de Colombia | G39: Consultor | H39: 0.0048280957 | I39: =+AD39 -> 0.0048280957 | J39: =H39*1 -> 0.0048280957 | K39: =ROUND(($G$7*H39),0) -> 3301202 | M39: =ROUND(($G$7*I39),0) -> 3301202 | N39: =ROUND(($G$7*J39),0) -> 3301202 | O39: =+O38 -> 45912 | P39: =+O39+10 -> 45922 | Q39: =-((_xlfn.DAYS(O39,P39))) -> 10 | V39: =O39 -> 45912 | W39: =$W$6 -> 46013 | X39: =IF(W39-V39>Q39,Q39,W39-V39) -> 10 | Y39: =IF(X39<0,0,X39) -> 10 | Z39: 45923 | AB39: =IF(Z39=0,Y39,Z39-V39) -> 11 | AC39: =Q39-AB39 -> -1 | AD39: =(H39/Q39)*Y39 -> 0.0048280957 | AE39: =J39-AD39 -> 0 | AF39: =Q39-#REF! -> #REF! | AO39: 2888552 | AP39: =EXACT(K39,AO39) -> FALSE | AQ39: 2888552 | AR39: =+AO39-AQ39 -> 0 | AT39: 1,02,05 | AU39: =EXACT(AT39,E39) -> TRUE
E40: 1,02,06 | F40: Peticiones quejas solicitudes y reclamos o conflictos ambientales | G40: Consultor | H40: 0.0048280957 | I40: =+AD40 -> 0.0048280957 | J40: =H40*1 -> 0.0048280957 | K40: =ROUND(($G$7*H40),0) -> 3301202 | M40: =ROUND(($G$7*I40),0) -> 3301202 | N40: =ROUND(($G$7*J40),0) -> 3301202 | O40: =+O39 -> 45912 | P40: =+O40+14 -> 45926 | Q40: =-((_xlfn.DAYS(O40,P40))) -> 14 | V40: =O40 -> 45912 | W40: =$W$6 -> 46013 | X40: =IF(W40-V40>Q40,Q40,W40-V40) -> 14 | Y40: =IF(X40<0,0,X40) -> 14 | Z40: 45945 | AB40: =IF(Z40=0,Y40,Z40-V40) -> 33 | AC40: =Q40-AB40 -> -19 | AD40: =(H40/Q40)*Y40 -> 0.0048280957 | AE40: =J40-AD40 -> 0 | AF40: =Q40-#REF! -> #REF! | AO40: 2888552 | AP40: =EXACT(K40,AO40) -> FALSE | AQ40: 2888552 | AR40: =+AO40-AQ40 -> 0 | AT40: 1,02,06 | AU40: =EXACT(AT40,E40) -> TRUE
E41: 1,02,07 | F41: Documento técnico Informacion secundaria - aprobación del area de estudio | G41: Consultor | H41: 0.0048280957 | I41: =+AD41 -> 0.0048280957 | J41: =H41*1 -> 0.0048280957 | K41: =ROUND(($G$7*H41),0) -> 3301202 | M41: =ROUND(($G$7*I41),0) -> 3301202 | N41: =ROUND(($G$7*J41),0) -> 3301202 | O41: =MAX(P35:P40) -> 45927 | P41: =+O41+10 -> 45937 | Q41: =-((_xlfn.DAYS(O41,P41))) -> 10 | V41: =O41 -> 45927 | W41: =$W$6 -> 46013 | X41: =IF(W41-V41>Q41,Q41,W41-V41) -> 10 | Y41: =IF(X41<0,0,X41) -> 10 | Z41: 45947 | AB41: =IF(Z41=0,Y41,Z41-V41) -> 20 | AC41: =Q41-AB41 -> -10 | AD41: =(H41/Q41)*Y41 -> 0.0048280957 | AE41: =J41-AD41 -> 0 | AF41: =Q41-#REF! -> #REF! | AO41: 2888551 | AP41: =EXACT(K41,AO41) -> FALSE | AQ41: 2888551 | AR41: =+AO41-AQ41 -> 0 | AT41: 1,02,09 | AU41: =EXACT(AT41,E41) -> FALSE
E42: 1,02,08 | F42: Entrega Informe de Recopilación de información secundaria | G42: Consultor | O42: =MAX(P35:P41) -> 45937 | P42: =+O42+2 -> 45939 | Q42: =-((_xlfn.DAYS(O42,P42))) -> 2 | V42: =O42 -> 45937 | W42: =$W$6 -> 46013 | X42: =IF(W42-V42>Q42,Q42,W42-V42) -> 2 | Y42: =IF(X42<0,0,X42) -> 2 | Z42: 45929 | AF42: =Q42-#REF! -> #REF! | AP42: =EXACT(K42,AO42) -> TRUE | AR42: =+AO42-AQ42 -> 0 | AT42: 1,02,10 | AU42: =EXACT(AT42,E42) -> FALSE
E43: 1,02,09 | F43: Revision Informe de Recopilación de información secundaria/aprobacion area estudio | G43: Interventoria | O43: =+P42+1 -> 45940 | P43: =+O43+5 -> 45945 | Q43: =-((_xlfn.DAYS(O43,P43))) -> 5 | V43: =O43 -> 45940 | W43: =$W$6 -> 46013 | X43: =IF(W43-V43>Q43,Q43,W43-V43) -> 5 | Y43: =IF(X43<0,0,X43) -> 5 | Z43: 45938 | AF43: =Q43-#REF! -> #REF! | AP43: =EXACT(K43,AO43) -> TRUE | AR43: =+AO43-AQ43 -> 0 | AT43: 1.03 | AU43: =EXACT(AT43,E43) -> FALSE
E44: 1.03 | F44: Diseño de la estrategia de participación | G44: Consultor | H44: =SUM(H45:H46) -> 0.0054389449 | I44: =SUM(I45:I46) -> 0.0054389449 | J44: =SUM(J45:J46) -> 0.0054389449 | K44: =SUM(K45:K48) -> 3718869 | L44: =+'PPTO CONSUL - ANEXO 12'!H8-K44 -> 0 | M44: =SUM(M45:M48) -> 3718869 | N44: =SUM(N45:N48) -> 3718869 | O44: =MIN(O45:O48) -> 45912 | P44: =MAX(P45:P48) -> 45937 | Q44: =-((_xlfn.DAYS(O44,P44))) -> 25 | V44: =O44 -> 45912 | W44: =$W$6 -> 46013 | X44: =IF(W44-V44>Q44,Q44,W44-V44) -> 25 | Y44: =IF(X44<0,0,X44) -> 25 | Z44: 45947 | AF44: =Q44-#REF! -> #REF! | AO44: 3718869 | AP44: =EXACT(K44,AO44) -> TRUE | AQ44: 3718869 | AR44: =+AO44-AQ44 -> 0 | AT44: 1,03,01 | AU44: =EXACT(AT44,E44) -> FALSE
E45: 1,03,01 | F45: Documento de metodologia y estrategia de participacion | G45: Consultor | H45: 0.0054389449 | I45: =+AD45 -> 0.0054389449 | J45: =H45*1 -> 0.0054389449 | K45: =ROUND(($G$7*H45),0) -> 3718869 | M45: =ROUND(($G$7*I45),0) -> 3718869 | N45: =ROUND(($G$7*J45),0) -> 3718869 | O45: =+O35 -> 45912 | P45: =+O45+10 -> 45922 | Q45: =-((_xlfn.DAYS(O45,P45))) -> 10 | V45: =O45 -> 45912 | W45: =$W$6 -> 46013 | X45: =IF(W45-V45>Q45,Q45,W45-V45) -> 10 | Y45: =IF(X45<0,0,X45) -> 10 | Z45: 45930 | AB45: =IF(Z45=0,Y45,Z45-V45) -> 18 | AC45: =Q45-AB45 -> -8 | AD45: =(H45/Q45)*Y45 -> 0.0054389449 | AE45: =J45-AD45 -> 0 | AF45: =Q45-#REF! -> #REF! | AO45: 3718869 | AP45: =EXACT(K45,AO45) -> TRUE | AQ45: 3718869 | AR45: =+AO45-AQ45 -> 0 | AT45: 1,03,02 | AU45: =EXACT(AT45,E45) -> FALSE
E46: 1,03,02 | F46: Talleres de Socializacion (2 und) | G46: Consultor | H46: 0 | I46: =+AD46 -> 0 | K46: =ROUND(($G$7*H46),0) -> 0 | M46: =ROUND(($G$7*I46),0) -> 0 | N46: =ROUND(($G$7*J46),0) -> 0 | O46: =+P45 -> 45922 | P46: =+O46+2 -> 45924 | Q46: =-((_xlfn.DAYS(O46,P46))) -> 2 | V46: =O46 -> 45922 | W46: =$W$6 -> 46013 | X46: =IF(W46-V46>Q46,Q46,W46-V46) -> 2 | Y46: =IF(X46<0,0,X46) -> 2 | Z46: 45957 | AB46: =IF(Z46=0,Y46,Z46-V46) -> 35 | AC46: =Q46-AB46 -> -33 | AD46: =(H46/Q46)*Y46 -> 0 | AE46: =J46-AD46 -> 0 | AF46: =Q46-#REF! -> #REF! | AO46: 0 | AP46: =EXACT(K46,AO46) -> TRUE | AQ46: 0 | AR46: =+AO46-AQ46 -> 0 | AT46: 1,03,03 | AU46: =EXACT(AT46,E46) -> FALSE
E47: 1,03,03 | F47: Entrega Informe del diseño de la estrategia de participación | G47: Consultor | O47: =+O35+18 -> 45930 | P47: =+O47+1 -> 45931 | Q47: =-((_xlfn.DAYS(O47,P47))) -> 1 | V47: =O47 -> 45930 | W47: =$W$6 -> 46013 | X47: =IF(W47-V47>Q47,Q47,W47-V47) -> 1 | Y47: =IF(X47<0,0,X47) -> 1 | Z47: 45929 | AF47: =Q47-#REF! -> #REF! | AP47: =EXACT(K47,AO47) -> TRUE | AR47: =+AO47-AQ47 -> 0 | AT47: 1,03,04 | AU47: =EXACT(AT47,E47) -> FALSE
E48: 1,03,04 | F48: Revision Informe del diseño de la estrategia de participación | G48: Interventoria | O48: =+P47+1 -> 45932 | P48: =+O48+5 -> 45937 | Q48: =-((_xlfn.DAYS(O48,P48))) -> 5 | V48: =O48 -> 45932 | W48: =$W$6 -> 46013 | X48: =IF(W48-V48>Q48,Q48,W48-V48) -> 5 | Y48: =IF(X48<0,0,X48) -> 5 | Z48: 45940 | AF48: =Q48-#REF! -> #REF! | AP48: =EXACT(K48,AO48) -> TRUE | AR48: =+AO48-AQ48 -> 0 | AT48: 1.04 | AU48: =EXACT(AT48,E48) -> FALSE
E49: 1.04 | F49: Diseño conceptual de la base de datos geográfica | G49: Consultor | H49: =+'PPTO CONSUL - ANEXO 12'!D9 -> 0.03379667 | I49: =+AD49 -> 0.03379667 | J49: =H49*1 -> 0.03379667 | K49: =ROUND(($G$7*H49),0) -> 23108414 | L49: =+'PPTO CONSUL - ANEXO 12'!H9-K49 -> 0 | M49: =ROUND(($G$7*I49),0) -> 23108414 | N49: =ROUND(($G$7*J49),0) -> 23108414 | O49: =MIN(O50:O51) -> 45912 | P49: =MAX(P50:P51) -> 45928 | Q49: =-((_xlfn.DAYS(O49,P49))) -> 16 | V49: =O49 -> 45912 | W49: =$W$6 -> 46013 | X49: =IF(W49-V49>Q49,Q49,W49-V49) -> 16 | Y49: =IF(X49<0,0,X49) -> 16 | AB49: =IF(Z49=0,Y49,Z49-V49) -> 16 | AC49: =Q49-AB49 -> 0 | AD49: =(H49/Q49)*Y49 -> 0.03379667 | AE49: =J49-AD49 -> 0 | AF49: =Q49-#REF! -> #REF! | AO49: 23108414 | AP49: =EXACT(K49,AO49) -> TRUE | AQ49: 23108414 | AR49: =+AO49-AQ49 -> 0 | AT49: 1,04,01 | AU49: =EXACT(AT49,E49) -> FALSE
E50: 1,04,01 | F50: Entrega Informe de Diseño conceptual de la base de datos geográfica | G50: Consultor | O50: =+O35 -> 45912 | P50: =+O50+10 -> 45922 | Q50: =-((_xlfn.DAYS(O50,P50))) -> 10 | V50: =O50 -> 45912 | W50: =$W$6 -> 46013 | X50: =IF(W50-V50>Q50,Q50,W50-V50) -> 10 | Y50: =IF(X50<0,0,X50) -> 10 | Z50: 45926 | AF50: =Q50-#REF! -> #REF! | AP50: =EXACT(K50,AO50) -> TRUE | AR50: =+AO50-AQ50 -> 0 | AT50: 1,04,02 | AU50: =EXACT(AT50,E50) -> FALSE
E51: 1,04,02 | F51: Revision Informe de Diseño conceptual de la base de datos geográfica | G51: Interventoria | O51: =+P50+1 -> 45923 | P51: =+O51+5 -> 45928 | Q51: =-((_xlfn.DAYS(O51,P51))) -> 5 | V51: =O51 -> 45923 | W51: =$W$6 -> 46013 | X51: =IF(W51-V51>Q51,Q51,W51-V51) -> 5 | Y51: =IF(X51<0,0,X51) -> 5 | Z51: 45954 | AF51: =Q51-#REF! -> #REF! | AP51: =EXACT(K51,AO51) -> TRUE | AR51: =+AO51-AQ51 -> 0 | AT51: 1.06 | AU51: =EXACT(AT51,E51) -> FALSE
E52: 1.06 | F52: Programación de actividades | G52: Consultor | H52: =+'PPTO CONSUL - ANEXO 12'!D11 -> 0.03379667 | I52: =+AD52 -> 0.03379667 | J52: =H52*1 -> 0.03379667 | K52: =ROUND(($G$7*H52),0) -> 23108414 | L52: =+'PPTO CONSUL - ANEXO 12'!H11-K52 -> 0 | M52: =ROUND(($G$7*I52),0) -> 23108414 | N52: =ROUND(($G$7*J52),0) -> 23108414 | O52: =MAX(O53:O54) -> 45911 | P52: =MAX(P53:P54) -> 45916 | Q52: =-((_xlfn.DAYS(O52,P52))) -> 5 | V52: =O52 -> 45911 | W52: =$W$6 -> 46013 | X52: =IF(W52-V52>Q52,Q52,W52-V52) -> 5 | Y52: =IF(X52<0,0,X52) -> 5 | Z52: 45923 | AB52: =IF(Z52=0,Y52,Z52-V52) -> 12 | AC52: =Q52-AB52 -> -7 | AD52: =(H52/Q52)*Y52 -> 0.03379667 | AE52: =J52-AD52 -> 0 | AF52: =Q52-#REF! -> #REF! | AO52: 23108414 | AP52: =EXACT(K52,AO52) -> TRUE | AQ52: 23108414 | AR52: =+AO52-AQ52 -> 0 | AT52: 1,06,01 | AU52: =EXACT(AT52,E52) -> FALSE
E53: 1,06,01 | F53: Entrega Informe de Programación de actividades | G53: Consultor | O53: =+P13+1 -> 45903 | P53: =+O53+9 -> 45912 | Q53: =-((_xlfn.DAYS(O53,P53))) -> 9 | V53: =O53 -> 45903 | W53: =$W$6 -> 46013 | X53: =IF(W53-V53>Q53,Q53,W53-V53) -> 9 | Y53: =IF(X53<0,0,X53) -> 9 | Z53: 45912 | AF53: =Q53-#REF! -> #REF! | AP53: =EXACT(K53,AO53) -> TRUE | AR53: =+AO53-AQ53 -> 0 | AT53: 1,06,02 | AU53: =EXACT(AT53,E53) -> FALSE
E54: 1,06,02 | F54: Revision Informe de Programación de actividades | G54: Interventoria | O54: =+P13+9 -> 45911 | P54: =+O54+5 -> 45916 | Q54: =-((_xlfn.DAYS(O54,P54))) -> 5 | V54: =O54 -> 45911 | W54: =$W$6 -> 46013 | X54: =IF(W54-V54>Q54,Q54,W54-V54) -> 5 | Y54: =IF(X54<0,0,X54) -> 5 | Z54: 45912 | AF54: =Q54-#REF! -> #REF! | AP54: =EXACT(K54,AO54) -> TRUE | AR54: =+AO54-AQ54 -> 0 | AT54: 1.07 | AU54: =EXACT(AT54,E54) -> FALSE
E55: 1.07 | F55: Plan Operativo | G55: Consultor | H55: =+'PPTO CONSUL - ANEXO 12'!D12 -> 0.03379667 | I55: =+AD55 -> 0.03379667 | J55: =SUM(J56:J57) -> 0.03379667 | K55: =ROUND(($G$7*H55),0) -> 23108414 | L55: =+'PPTO CONSUL - ANEXO 12'!H12-K55 -> 0 | M55: =ROUND(($G$7*I55),0) -> 23108414 | N55: =ROUND(($G$7*J55),0) -> 23108414 | O55: =MAX(O56:O57) -> 45923 | P55: =MAX(P56:P57) -> 45928 | Q55: =-((_xlfn.DAYS(O55,P55))) -> 5 | V55: =O55 -> 45923 | W55: =$W$6 -> 46013 | X55: =IF(W55-V55>Q55,Q55,W55-V55) -> 5 | Y55: =IF(X55<0,0,X55) -> 5 | AB55: =IF(Z55=0,Y55,Z55-V55) -> 5 | AC55: =Q55-AB55 -> 0 | AD55: =(H55/Q55)*Y55 -> 0.03379667 | AE55: =J55-AD55 -> 0 | AF55: =Q55-#REF! -> #REF! | AO55: 23108414 | AP55: =EXACT(K55,AO55) -> TRUE | AQ55: 23108414 | AR55: =+AO55-AQ55 -> 0 | AT55: 1,07,01 | AU55: =EXACT(AT55,E55) -> FALSE
E56: 1,07,01 | F56: Entrega Informe de Plan Operativo | G56: Consultor | J56: 0.03379667 | O56: =+O35 -> 45912 | P56: =+O56+10 -> 45922 | Q56: =-((_xlfn.DAYS(O56,P56))) -> 10 | V56: =O56 -> 45912 | W56: =$W$6 -> 46013 | X56: =IF(W56-V56>Q56,Q56,W56-V56) -> 10 | Y56: =IF(X56<0,0,X56) -> 10 | Z56: 45923 | AF56: =Q56-#REF! -> #REF! | AP56: =EXACT(K56,AO56) -> TRUE | AR56: =+AO56-AQ56 -> 0 | AT56: 1,07,02 | AU56: =EXACT(AT56,E56) -> FALSE
E57: 1,07,02 | F57: Revision Informe de Plan Operativo | G57: Interventoria | O57: =+P56+1 -> 45923 | P57: =+O57+5 -> 45928 | Q57: =-((_xlfn.DAYS(O57,P57))) -> 5 | V57: =O57 -> 45923 | W57: =$W$6 -> 46013 | X57: =IF(W57-V57>Q57,Q57,W57-V57) -> 5 | Y57: =IF(X57<0,0,X57) -> 5 | Z57: 45930 | AF57: =Q57-#REF! -> #REF! | AP57: =EXACT(K57,AO57) -> TRUE | AR57: =+AO57-AQ57 -> 0 | AU57: =EXACT(AT57,E57) -> FALSE
F58: Entrega Informe Mensual Consultor N° 1 | G58: Consultor | O58: 45935 | AP58: =EXACT(K58,AO58) -> TRUE | AR58: =+AO58-AQ58 -> 0 | AT58: 1.08 | AU58: =EXACT(AT58,E58) -> FALSE
E59: 1.08 | F59: Entrega Informe Consolidado FASE 0A - Aprestamiento por parte del Consultor | G59: Consultor | O59: =MAX(P15:P57) -> 45950 | P59: =+O59+1 -> 45951 | Q59: =-((_xlfn.DAYS(O59,P59)))+1 -> 2 | AP59: =EXACT(K59,AO59) -> TRUE | AR59: =+AO59-AQ59 -> 0 | AT59: 1.09 | AU59: =EXACT(AT59,E59) -> FALSE
E60: 1.09 | F60: Revision de Informe por parte de la Supervision (Validacion) | G60: Supervision | O60: =+P59+1 -> 45952 | P60: =+O60+8 -> 45960 | Q60: =-((_xlfn.DAYS(O60,P60)))+1 -> 9 | AP60: =EXACT(K60,AO60) -> TRUE | AR60: =+AO60-AQ60 -> 0 | AT60: 1.1 | AU60: =EXACT(AT60,E60) -> FALSE
E61: 1.1 | F61: Revision de Informe por parte de Interventoria (Aprobado/No Aprobado) | G61: Interventoria | O61: =+P60+1 -> 45961 | P61: =+O61+9 -> 45970 | Q61: =-((_xlfn.DAYS(O61,P61)))+1 -> 10 | AP61: =EXACT(K61,AO61) -> TRUE | AR61: =+AO61-AQ61 -> 0 | AT61: 1.05 | AU61: =EXACT(AT61,E61) -> FALSE
E62: 1.05 | F62: Estudios soporte | G62: Consultor | H62: =SUM(H63:H70) -> 0.28903641 | I62: =SUM(I63:I70) -> 0.28903641 | J62: =SUM(J63:J70) -> 0.19854831 | K62: =SUM(K63:K70) -> 197628136 | L62: =+'PPTO CONSUL - ANEXO 12'!H10-K62 -> 0 | M62: =SUM(M63:M70) -> 197628136 | N62: =SUM(N63:N70) -> 135757055 | O62: =MIN(O63:O72) -> 45945 | P62: =MAX(P63:P72) -> 45998 | Q62: =-((_xlfn.DAYS(O62,P62))) -> 53 | V62: =O62 -> 45945 | W62: =$W$6 -> 46013 | X62: =IF(W62-V62>Q62,Q62,W62-V62) -> 53 | Y62: =IF(X62<0,0,X62) -> 53 | AF62: =Q62-#REF! -> #REF! | AO62: 197628136 | AP62: =EXACT(K62,AO62) -> TRUE | AQ62: 197628136 | AR62: =+AO62-AQ62 -> 0 | AT62: 1,05,01 | AU62: =EXACT(AT62,E62) -> FALSE
E63: 1,05,01 | F63: Levantamiento topo batimetrico | G63: Consultor | H63: 0.033669659 | I63: =+AD63 -> 0.033669659 | J63: =H63*1 -> 0.033669659 | K63: =ROUND(($G$7*H63),0) -> 23021570 | M63: =ROUND(($G$7*I63),0) -> 23021570 | N63: =ROUND(($G$7*J63),0) -> 23021570 | O63: =+P43 -> 45945 | P63: =+O63+12 -> 45957 | Q63: =-((_xlfn.DAYS(O63,P63))) -> 12 | V63: =O63 -> 45945 | W63: =$W$6 -> 46013 | X63: =IF(W63-V63>Q63,Q63,W63-V63) -> 12 | Y63: =IF(X63<0,0,X63) -> 12 | Z63: 45985 | AB63: =IF(Z63=0,Y63,Z63-V63) -> 40 | AC63: =Q63-AB63 -> -28 | AD63: =(H63/Q63)*Y63 -> 0.033669659 | AE63: =J63-AD63 -> 0 | AF63: =Q63-#REF! -> #REF! | AO63: 23021570 | AP63: =EXACT(K63,AO63) -> TRUE | AQ63: 23021570 | AR63: =+AO63-AQ63 -> 0 | AT63: 1,05,03 | AU63: =EXACT(AT63,E63) -> FALSE
E64: 1,05,02 | F64: Imágenes sensores remotos | G64: Consultor | H64: 0.00023035525 | I64: =+AD64 -> 0.00023035525 | J64: =H64*1 -> 0.00023035525 | K64: =ROUND(($G$7*H64),0) -> 157505 | M64: =ROUND(($G$7*I64),0) -> 157505 | N64: =ROUND(($G$7*J64),0) -> 157505 | O64: =+O63 -> 45945 | P64: =+O64+2 -> 45947 | Q64: =-((_xlfn.DAYS(O64,P64))) -> 2 | V64: =O64 -> 45945 | W64: =$W$6 -> 46013 | X64: =IF(W64-V64>Q64,Q64,W64-V64) -> 2 | Y64: =IF(X64<0,0,X64) -> 2 | Z64: 45985 | AB64: =IF(Z64=0,Y64,Z64-V64) -> 40 | AC64: =Q64-AB64 -> -38 | AD64: =(H64/Q64)*Y64 -> 0.00023035525 | AE64: =J64-AD64 -> 0 | AF64: =Q64-#REF! -> #REF! | AO64: 157505 | AP64: =EXACT(K64,AO64) -> TRUE | AQ64: 157505 | AR64: =+AO64-AQ64 -> 0 | AT64: 1,05,04 | AU64: =EXACT(AT64,E64) -> FALSE
E65: 1,05,03 | F65: Levantamiento orthofotomosaico drone + postproceso | G65: Consultor | H65: 0.13081394 | I65: =+AD65 -> 0.13081394 | J65: =H65*0.7 -> 0.091569757 | K65: =ROUND((G7*H65),0) -> 89443800 | M65: =ROUND((G7*I65),0) -> 89443800 | N65: =ROUND(($G$7*J65),0) -> 62610660 | O65: =+O64 -> 45945 | P65: =+O65+10 -> 45955 | Q65: =-((_xlfn.DAYS(O65,P65))) -> 10 | V65: =O65 -> 45945 | W65: =$W$6 -> 46013 | X65: =IF(W65-V65>Q65,Q65,W65-V65) -> 10 | Y65: =IF(X67<0,0,X67) -> 15 | Z65: 45985 | AB65: =IF(Z65=0,Y65,Z65-V65) -> 40 | AC65: =Q65-AB65 -> -30 | AD65: =(H65/Q67)*Y65 -> 0.13081394 | AE65: =J65-AD65 -> -0.039244181 | AF65: =Q65-#REF! -> #REF! | AO65: 89443800 | AP65: =EXACT(K65,AO65) -> TRUE | AQ65: 89443800 | AR65: =+AO65-AQ65 -> 0 | AT65: 1,05,05 | AU65: =EXACT(AT65,E65) -> FALSE
E66: 1,05,04 | F66: Modelo digital de superficie MDS | O66: =MAX(P46,P65) -> 45955 | P66: =+O66+12 -> 45967 | Q66: =-((_xlfn.DAYS(O66,P66))) -> 12 | V66: =O66 -> 45955 | W66: =$W$6 -> 46013 | X66: =IF(W66-V66>Q66,Q66,W66-V66) -> 12 | AB66: =IF(Z66=0,Y66,Z66-V66) -> 0 | AC66: =Q66-AB66 -> 12 | AF66: =Q66-#REF! -> #REF! | AP66: =EXACT(K66,AO66) -> TRUE | AR66: =+AO66-AQ66 -> 0 | AT66: 1,05,06 | AU66: =EXACT(AT66,E66) -> FALSE
E67: 1,05,05 | F67: Cartografia basica generada para el proyecto 1:10000 | O67: =MAX(P63:P66) -> 45967 | P67: =+O67+15 -> 45982 | Q67: =-((_xlfn.DAYS(O67,P67))) -> 15 | V67: =O67 -> 45967 | W67: =$W$6 -> 46013 | X67: =IF(W67-V67>Q67,Q67,W67-V67) -> 15 | AB67: =IF(Z67=0,Y67,Z67-V67) -> 0 | AC67: =Q67-AB67 -> 15 | AF67: =Q67-#REF! -> #REF! | AP67: =EXACT(K67,AO67) -> TRUE | AR67: =+AO67-AQ67 -> 0 | AT67: 1,05,07 | AU67: =EXACT(AT67,E67) -> FALSE
E68: 1,05,06 | F68: Geomorfologia a escala 1:10000 para la cuenca y de detalle para el cuerpo de agua | G68: Consultor | H68: 0.059345019 | I68: =+AD68 -> 0.059345019 | J68: =H68*0.6 -> 0.035607011 | K68: =ROUND(($G$7*H68),0) -> 40577052 | M68: =ROUND(($G$7*I68),0) -> 40577052 | N68: =ROUND(($G$7*J68),0) -> 24346231 | O68: =+O67 -> 45967 | P68: =+O68+12 -> 45979 | Q68: =-((_xlfn.DAYS(O68,P68))) -> 12 | V68: =O68 -> 45967 | W68: =$W$6 -> 46013 | X68: =IF(W68-V68>Q68,Q68,W68-V68) -> 12 | Y68: =IF(X68<0,0,X68) -> 12 | AB68: =IF(Z68=0,Y68,Z68-V68) -> 12 | AC68: =Q68-AB68 -> 0 | AD68: =(H68/Q68)*Y68 -> 0.059345019 | AE68: =J68-AD68 -> -0.023738007 | AF68: =Q68-#REF! -> #REF! | AO68: 40577052 | AP68: =EXACT(K68,AO68) -> TRUE | AQ68: 40577052 | AR68: =+AO68-AQ68 -> 0 | AT68: 1,05,09 | AU68: =EXACT(AT68,E68) -> FALSE
E69: 1,05,07 | F69: Levantamiento de fauna y flora | G69: Consultor | H69: 0.049828048 | I69: =+AD69 -> 0.049828048 | J69: =H69*0.6 -> 0.029896829 | K69: =ROUND(($G$7*H69),0) -> 34069840 | M69: =ROUND(($G$7*I69),0) -> 34069840 | N69: =ROUND(($G$7*J69),0) -> 20441904 | O69: =+O68 -> 45967 | P69: =+O69+12 -> 45979 | Q69: =-((_xlfn.DAYS(O69,P69))) -> 12 | V69: =O69 -> 45967 | W69: =$W$6 -> 46013 | X69: =IF(W69-V69>Q69,Q69,W69-V69) -> 12 | Y69: =IF(X69<0,0,X69) -> 12 | AB69: =IF(Z69=0,Y69,Z69-V69) -> 12 | AC69: =Q69-AB69 -> 0 | AD69: =(H69/Q69)*Y69 -> 0.049828048 | AE69: =J69-AD69 -> -0.019931219 | AF69: =Q69-#REF! -> #REF! | AO69: 34069840 | AP69: =EXACT(K69,AO69) -> TRUE | AQ69: 34069840 | AR69: =+AO69-AQ69 -> 0 | AT69: 1,05,10 | AU69: =EXACT(AT69,E69) -> FALSE
E70: 1,05,08 | F70: Cobertura de tierra 1: 10000 | G70: Consultor | H70: 0.01514939 | I70: =+AD70 -> 0.01514939 | J70: =H70*0.5 -> 0.0075746952 | K70: =ROUND(($G$7*H70),0) -> 10358369 | M70: =ROUND(($G$7*I70),0) -> 10358369 | N70: =ROUND(($G$7*J70),0) -> 5179185 | O70: =+P66 -> 45967 | P70: =+O70+10 -> 45977 | Q70: =-((_xlfn.DAYS(O70,P70))) -> 10 | V70: =O70 -> 45967 | W70: =$W$6 -> 46013 | X70: =IF(W70-V70>Q70,Q70,W70-V70) -> 10 | Y70: =IF(X70<0,0,X70) -> 10 | AB70: =IF(Z70=0,Y70,Z70-V70) -> 10 | AC70: =Q70-AB70 -> 0 | AD70: =(H70/Q70)*Y70 -> 0.01514939 | AE70: =J70-AD70 -> -0.0075746952 | AF70: =Q70-#REF! -> #REF! | AO70: 10358369 | AP70: =EXACT(K70,AO70) -> TRUE | AQ70: 10358369 | AR70: =+AO70-AQ70 -> 0 | AT70: 1,05,13 | AU70: =EXACT(AT70,E70) -> FALSE
E71: 1,05,19 | F71: Informe de Estudios soporte | G71: Consultor | O71: =MAX(P63:P70) -> 45982 | P71: =+O71+10 -> 45992 | Q71: =-((_xlfn.DAYS(O71,P71))) -> 10 | V71: =O71 -> 45982 | W71: =$W$6 -> 46013 | X71: =IF(W71-V71>Q71,Q71,W71-V71) -> 10 | Y71: =IF(X71<0,0,X71) -> 10 | AF71: =Q71-#REF! -> #REF! | AO71: 6858271 | AP71: =EXACT(K71,AO71) -> FALSE | AT71: 1,05,14 | AU71: =EXACT(AT71,E71) -> FALSE
E72: 1,05,10 | F72: Revision Informe de Estudios soporte | G72: Interventoria | O72: =+P71+1 -> 45993 | P72: =+O72+5 -> 45998 | Q72: =-((_xlfn.DAYS(O72,P72))) -> 5 | V72: =O72 -> 45993 | W72: =$W$6 -> 46013 | X72: =IF(W72-V72>Q72,Q72,W72-V72) -> 5 | Y72: =IF(X72<0,0,X72) -> 5 | AF72: =Q72-#REF! -> #REF! | AO72: 6858271 | AP72: =EXACT(K72,AO72) -> FALSE | AU72: =EXACT(AT72,E72) -> FALSE
F73: Entrega Informe Mensual Consultor N° 1 | G73: Consultor | O73: 45935 | AO73: 34140595 | AP73: =EXACT(K73,AO73) -> FALSE | AT73: 1.08 | AU73: =EXACT(AT73,E73) -> FALSE
E74: 1.06 | F74: Entrega Informe Consolidado FASE 0B - Estudios Soporte por parte del Consultor | G74: Consultor | O74: =+P71 -> 45992 | P74: =+O74+1 -> 45993 | Q74: =-((_xlfn.DAYS(O74,P74)))+1 -> 2 | AP74: =EXACT(K74,AO74) -> TRUE | AT74: 1.09 | AU74: =EXACT(AT74,E74) -> FALSE
E75: 1.07 | F75: Revision de Informe por parte de la Supervision (Validacion) | G75: Supervision | O75: =+P74 -> 45993 | P75: =+O75+7 -> 46000 | Q75: =-((_xlfn.DAYS(O75,P75)))+1 -> 8 | AP75: =EXACT(K75,AO75) -> TRUE | AT75: 1.1 | AU75: =EXACT(AT75,E75) -> FALSE
E76: 1.08 | F76: Revision de Informe por parte de Interventoria (Aprobado/No Aprobado) | G76: Interventoria | O76: =+P75+1 -> 46001 | P76: =+O76+8 -> 46009 | Q76: =-((_xlfn.DAYS(O76,P76)))+1 -> 9 | AP76: =EXACT(K76,AO76) -> TRUE | AT76: 2 | AU76: =EXACT(AT76,E76) -> FALSE
E77: 2 | F77: FASE 1: Delimitación del cauce permanente o de la línea de mareas máximas | H77: =+H79+H86+H89 -> 0.20122009 | I77: =+I79+I86+I89 -> 0.10397643 | J77: =+J79+J86+J89 -> 0 | K77: =+K79+K86+K89 -> 137583880 | L77: =+'PPTO CONSUL - ANEXO 12'!H13-K77 -> 0 | M77: =+M79+M86+M89 -> 71093700 | N77: =+N79+N86+N89 -> 0 | V77: % FASE 1 | AD77: =SUM(AD78:AD92) -> 0.10397643 | AE77: =SUM(AE78:AE92) -> -0.10397643 | AP77: =EXACT(K77,AO77) -> FALSE | AQ77: 137583880 | AT77: 2.01 | AU77: =EXACT(AT77,E77) -> FALSE
E78: 2.01 | F78: Delimitación del Cauce Permanente | AP78: =EXACT(K78,AO78) -> TRUE | AT78: 2.02 | AU78: =EXACT(AT78,E78) -> FALSE
E79: 2.02 | F79: Identificación preliminar de las formas del terreno asociadas al cauce permanente | G79: Consultor | H79: =SUM(H80:H83) -> 0.087769152 | I79: =SUM(I80:I83) -> 0.087769152 | J79: =SUM(J80:J83) -> 0 | K79: =SUM(K80:K85) -> 60012003 | L79: =+'PPTO CONSUL - ANEXO 12'!H15-K79 -> 0 | M79: =SUM(M80:M85) -> 60012003 | N79: =SUM(N80:N85) -> 0 | O79: =MIN(O80:O85) -> 45982 | P79: =MAX(P80:P85) -> 46019 | Q79: =-((_xlfn.DAYS(O79,P79))) -> 37 | V79: =O79 -> 45982 | W79: =$W$6 -> 46013 | X79: =IF(W79-V79>Q79,Q79,W79-V79) -> 31 | Y79: =IF(X79<0,0,X79) -> 31 | AF79: =Q79-#REF! -> #REF! | AP79: =EXACT(K79,AO79) -> FALSE | AQ79: 60012003 | AR79: =+AO79-AQ79 -> -60012003 | AT79: 2,02,01 | AU79: =EXACT(AT79,E79) -> FALSE
E80: 2,02,01 | F80: Analisis de Imágenes de sensores remotos y fotografias | G80: Consultor | H80: 0.021942288 | I80: =+AD80 -> 0.021942288 | K80: =ROUND(($G$7*H80),0) -> 15003001 | M80: =ROUND(($G$7*I80),0) -> 15003001 | N80: =ROUND(($G$7*J80),0) -> 0 | O80: =P67 -> 45982 | P80: =+O80+10 -> 45992 | Q80: =-((_xlfn.DAYS(O80,P80))) -> 10 | V80: =O80 -> 45982 | W80: =$W$6 -> 46013 | X80: =IF(W80-V80>Q80,Q80,W80-V80) -> 10 | Y80: =IF(X80<0,0,X80) -> 10 | AB80: =IF(Z80=0,Y80,Z80-V80) -> 10 | AC80: =Q80-AB80 -> 0 | AD80: =(H80/Q80)*Y80 -> 0.021942288 | AE80: =J80-AD80 -> -0.021942288 | AF80: =Q80-#REF! -> #REF! | AO80: 137583880 | AP80: =EXACT(K80,AO80) -> FALSE | AQ80: 15003001 | AR80: =+AO80-AQ80 -> 122580879 | AT80: 2,02,02 | AU80: =EXACT(AT80,E80) -> FALSE
E81: 2,02,02 | F81: Analisis desde la geometria hidráulica | G81: Consultor | H81: 0.021942288 | I81: =+AD81 -> 0.021942288 | K81: =ROUND(($G$7*H81),0) -> 15003001 | M81: =ROUND(($G$7*I81),0) -> 15003001 | N81: =ROUND(($G$7*J81),0) -> 0 | O81: =O80 -> 45982 | P81: =+O81+15 -> 45997 | Q81: =-((_xlfn.DAYS(O81,P81))) -> 15 | V81: =O81 -> 45982 | W81: =$W$6 -> 46013 | X81: =IF(W81-V81>Q81,Q81,W81-V81) -> 15 | Y81: =IF(X81<0,0,X81) -> 15 | AB81: =IF(Z81=0,Y81,Z81-V81) -> 15 | AC81: =Q81-AB81 -> 0 | AD81: =(H81/Q81)*Y81 -> 0.021942288 | AE81: =J81-AD81 -> -0.021942288 | AF81: =Q81-#REF! -> #REF! | AP81: =EXACT(K81,AO81) -> FALSE | AQ81: 15003001 | AR81: =+AO81-AQ81 -> -15003001 | AT81: 2,03,04 | AU81: =EXACT(AT81,E81) -> FALSE
E82: 2,03,03 | F82: Delimitación del ancho del cauce permanente - verificacion en campo - Mapa 2 | G82: Consultor | H82: 0.021942288 | I82: =+AD82 -> 0.021942288 | K82: =ROUND(($G$7*H82),0) -> 15003001 | M82: =ROUND(($G$7*I82),0) -> 15003001 | N82: =ROUND(($G$7*J82),0) -> 0 | O82: =MAX(P80:P81) -> 45997 | P82: =+O82+5 -> 46002 | Q82: =-((_xlfn.DAYS(O82,P82))) -> 5 | V82: =O82 -> 45997 | W82: =$W$6 -> 46013 | X82: =IF(W82-V82>Q82,Q82,W82-V82) -> 5 | Y82: =IF(X82<0,0,X82) -> 5 | AB82: =IF(Z82=0,Y82,Z82-V82) -> 5 | AC82: =Q82-AB82 -> 0 | AD82: =(H82/Q82)*Y82 -> 0.021942288 | AE82: =J82-AD82 -> -0.021942288 | AF82: =Q82-#REF! -> #REF! | AO82: 60012003 | AP82: =EXACT(K82,AO82) -> FALSE | AQ82: 15003001 | AR82: =+AO82-AQ82 -> 45009002 | AT82: 2,03,05 | AU82: =EXACT(AT82,E82) -> FALSE
E83: 2,03,04 | F83: Delimitación del cauce permanente del sistema lótico. - Mapa 3 | G83: Consultor | H83: 0.021942288 | I83: =+AD83 -> 0.021942288 | K83: =ROUNDDOWN(($G$7*H83),0) -> 15003000 | M83: =ROUNDDOWN(($G$7*I83),0) -> 15003000 | N83: =ROUND(($G$7*J83),0) -> 0 | O83: =+P82 -> 46002 | P83: =+O83+10 -> 46012 | Q83: =-((_xlfn.DAYS(O83,P83))) -> 10 | V83: =O83 -> 46002 | W83: =$W$6 -> 46013 | X83: =IF(W83-V83>Q83,Q83,W83-V83) -> 10 | Y83: =IF(X83<0,0,X83) -> 10 | AB83: =IF(Z83=0,Y83,Z83-V83) -> 10 | AC83: =Q83-AB83 -> 0 | AD83: =(H83/Q83)*Y83 -> 0.021942288 | AE83: =J83-AD83 -> -0.021942288 | AF83: =Q83-#REF! -> #REF! | AO83: 15003001 | AP83: =EXACT(K83,AO83) -> FALSE | AQ83: 15003000 | AR83: =+AO83-AQ83 -> 1 | AT83: 2,02,06 | AU83: =EXACT(AT83,E83) -> FALSE
E84: 2,02,05 | F84: Entrega Informe de Identificación preliminar de las formas del terreno asociadas al cauce permanente | G84: Consultor | O84: =MAX(P80:P83) -> 46012 | P84: =+O84+1 -> 46013 | Q84: =-((_xlfn.DAYS(O84,P84))) -> 1 | V84: =O84 -> 46012 | W84: =$W$6 -> 46013 | X84: =IF(W84-V84>Q84,Q84,W84-V84) -> 1 | Y84: =IF(X84<0,0,X84) -> 1 | AF84: =Q84-#REF! -> #REF! | AO84: 15003001 | AP84: =EXACT(K84,AO84) -> FALSE | AR84: =+AO84-AQ84 -> 15003001 | AT84: 2,02,07 | AU84: =EXACT(AT84,E84) -> FALSE
E85: 2,02,06 | F85: Revision Informe de Identificación preliminar de las formas del terreno asociadas al cauce permanente | G85: Interventoria | O85: =+P84+1 -> 46014 | P85: =+O85+5 -> 46019 | Q85: =-((_xlfn.DAYS(O85,P85))) -> 5 | V85: =O85 -> 46014 | W85: =$W$6 -> 46013 | X85: =IF(W85-V85>Q85,Q85,W85-V85) -> -1 | Y85: =IF(X85<0,0,X85) -> 0 | AF85: =Q85-#REF! -> #REF! | AO85: 15003001 | AP85: =EXACT(K85,AO85) -> FALSE | AR85: =+AO85-AQ85 -> 15003001 | AT85: 2.03 | AU85: =EXACT(AT85,E85) -> FALSE
E86: 2.03 | F86: Delimitacion del ancho del cauce permanente (Verificado en campo) | G86: Consultor | H86: =+'PPTO CONSUL - ANEXO 12'!D16 -> 0.043313029 | I86: =AD86 -> 0.0061875756 | J86: =SUM(J87:J88) -> 0 | K86: =ROUND(($G$7*H86),0) -> 29615208 | L86: =+'PPTO CONSUL - ANEXO 12'!H16-K86 -> 0 | M86: =ROUND(($G$7*I86),0) -> 4230744 | N86: =ROUND(($G$7*J86),0) -> 0 | O86: =MIN(O87:O88) -> 46012 | P86: =MAX(P87:P88) -> 46019 | Q86: =-((_xlfn.DAYS(O86,P86))) -> 7 | V86: =O86 -> 46012 | W86: =$W$6 -> 46013 | X86: =IF(W86-V86>Q86,Q86,W86-V86) -> 1 | Y86: =IF(X86<0,0,X86) -> 1 | AB86: =IF(Z86=0,Y86,Z86-V86) -> 1 | AC86: =Q86-AB86 -> 6 | AD86: =(H86/Q86)*Y86 -> 0.0061875756 | AE86: =J86-AD86 -> -0.0061875756 | AF86: =Q86-#REF! -> #REF! | AO86: 15003000 | AP86: =EXACT(K86,AO86) -> FALSE | AQ86: 29615208 | AR86: =+AO86-AQ86 -> -14612208 | AT86: 2,03,01 | AU86: =EXACT(AT86,E86) -> FALSE
E87: 2,03,01 | F87: Entrega Informe de Delimitacion del ancho del cauce permanente (Verificado en campo) | G87: Consultor | O87: =MAX(P80:P83) -> 46012 | P87: =+O87+1 -> 46013 | Q87: =-((_xlfn.DAYS(O87,P87))) -> 1 | V87: =O87 -> 46012 | W87: =$W$6 -> 46013 | X87: =IF(W87-V87>Q87,Q87,W87-V87) -> 1 | Y87: =IF(X87<0,0,X87) -> 1 | AF87: =Q87-#REF! -> #REF! | AP87: =EXACT(K87,AO87) -> TRUE | AR87: =+AO87-AQ87 -> 0 | AT87: 2,03,02 | AU87: =EXACT(AT87,E87) -> FALSE
E88: 2,03,02 | F88: Revision Informe de Delimitacion del ancho del cauce permanente (Verificado en campo) | G88: Interventoria | O88: =+P87+1 -> 46014 | P88: =+O88+5 -> 46019 | Q88: =-((_xlfn.DAYS(O88,P88))) -> 5 | V88: =O88 -> 46014 | W88: =$W$6 -> 46013 | X88: =IF(W88-V88>Q88,Q88,W88-V88) -> -1 | Y88: =IF(X88<0,0,X88) -> 0 | AF88: =Q88-#REF! -> #REF! | AP88: =EXACT(K88,AO88) -> TRUE | AR88: =+AO88-AQ88 -> 0 | AT88: 2.04 | AU88: =EXACT(AT88,E88) -> FALSE
E89: 2.04 | F89: Delimitacion del cauce permanente del sistema lótico | G89: Consultor | H89: =+'PPTO CONSUL - ANEXO 12'!D17 -> 0.070137905 | I89: =AD89 -> 0.010019701 | J89: =SUM(J90) -> 0 | K89: =ROUND(($G$7*H89),0) -> 47956669 | L89: =+'PPTO CONSUL - ANEXO 12'!H17-K89 -> 0 | M89: =ROUND(($G$7*I89),0) -> 6850953 | N89: =ROUND(($G$7*J89),0) -> 0 | O89: =+O86 -> 46012 | P89: =+P86 -> 46019 | Q89: =-((_xlfn.DAYS(O89,P89))) -> 7 | V89: =O89 -> 46012 | W89: =$W$6 -> 46013 | X89: =IF(W89-V89>Q89,Q89,W89-V89) -> 1 | Y89: =IF(X89<0,0,X89) -> 1 | AB89: =IF(Z89=0,Y89,Z89-V89) -> 1 | AC89: =Q89-AB89 -> 6 | AD89: =(H89/Q89)*Y89 -> 0.010019701 | AE89: =J89-AD89 -> -0.010019701 | AF89: =Q89-#REF! -> #REF! | AO89: 29615208 | AP89: =EXACT(K89,AO89) -> FALSE | AQ89: 47956669 | AR89: =+AO89-AQ89 -> -18341461 | AT89: 2,04,01 | AU89: =EXACT(AT89,E89) -> FALSE
E90: 2,04,01 | F90: Talleres de Socializacion (2 und) | G90: Consultor | H90: =IFERROR((VLOOKUP(E90,'PPTO CONSUL - ANEXO 12'!$B$6:$G$37,3,0)),0) -> 0 | K90: =ROUND(($G$7*H90),0) -> 0 | M90: =ROUND(($G$7*I90),0) -> 0 | N90: =ROUND(($G$7*J90),0) -> 0 | O90: =+P89 -> 46019 | P90: =+O90+1 -> 46020 | Q90: =-((_xlfn.DAYS(O90,P90))) -> 1 | V90: =O90 -> 46019 | W90: =$W$6 -> 46013 | X90: =IF(W90-V90>Q90,Q90,W90-V90) -> -6 | Y90: =IF(X90<0,0,X90) -> 0 | AB90: =IF(Z90=0,Y90,Z90-V90) -> 0 | AC90: =Q90-AB90 -> 1 | AD90: =(H90/Q90)*Y90 -> 0 | AE90: =J90-AD90 -> 0 | AF90: =Q90-#REF! -> #REF! | AP90: =EXACT(K90,AO90) -> FALSE | AQ90: 0 | AR90: =+AO90-AQ90 -> 0 | AT90: 2,04,02 | AU90: =EXACT(AT90,E90) -> FALSE
E91: 2,04,02 | F91: Entrega Informe de Delimitacion del cauce permanente del sistema lótico | G91: Consultor | O91: =MAX(P89:P90) -> 46020 | P91: =+O91+1 -> 46021 | Q91: =-((_xlfn.DAYS(O91,P91))) -> 1 | V91: =O91 -> 46020 | W91: =$W$6 -> 46013 | X91: =IF(W91-V91>Q91,Q91,W91-V91) -> -7 | Y91: =IF(X91<0,0,X91) -> 0 | AF91: =Q91-#REF! -> #REF! | AP91: =EXACT(K91,AO91) -> TRUE | AR91: =+AO91-AQ91 -> 0 | AT91: 2,04,03 | AU91: =EXACT(AT91,E91) -> FALSE
E92: 2,04,03 | F92: Revision Informe de Delimitacion del cauce permanente del sistema lótico | G92: Interventoria | O92: =+P91+1 -> 46022 | P92: =+O92+5 -> 46027 | Q92: =-((_xlfn.DAYS(O92,P92))) -> 5 | V92: =O92 -> 46022 | W92: =$W$6 -> 46013 | X92: =IF(W92-V92>Q92,Q92,W92-V92) -> -9 | Y92: =IF(X92<0,0,X92) -> 0 | AF92: =Q92-#REF! -> #REF! | AO92: 47956669 | AP92: =EXACT(K92,AO92) -> FALSE | AR92: =+AO92-AQ92 -> 47956669 | AU92: =EXACT(AT92,E92) -> FALSE
F93: Entrega Informe Mensual Consultor N° 2 | G93: Consultor | O93: 45966 | AO93: 0 | AP93: =EXACT(K93,AO93) -> FALSE | AR93: =+AO93-AQ93 -> 0 | AT93: 2.05 | AU93: =EXACT(AT93,E93) -> FALSE
E94: 2.05 | F94: Entrega Informe Consolidado FASE 1 por parte del Consultor | G94: Consultor | O94: =MAX(P85,P88,P92) -> 46027 | P94: =+O94+1 -> 46028 | Q94: =-((_xlfn.DAYS(O94,P94)))+1 -> 2 | AP94: =EXACT(K94,AO94) -> TRUE | AR94: =+AO94-AQ94 -> 0 | AT94: 2.06 | AU94: =EXACT(AT94,E94) -> FALSE
E95: 2.06 | F95: Revision de Informe por parte de la Supervision (Validacion) | G95: Supervision | O95: =+P94+1 -> 46029 | P95: =+O95+7 -> 46036 | Q95: =-((_xlfn.DAYS(O95,P95)))+1 -> 8 | AP95: =EXACT(K95,AO95) -> TRUE | AR95: =+AO95-AQ95 -> 0 | AT95: 2.07 | AU95: =EXACT(AT95,E95) -> FALSE
E96: 2.07 | F96: Revision de Informe por parte de Interventoria (Aprobado/No Aprobado) | G96: Interventoria | O96: =+P95+1 -> 46037 | P96: =+O96+7 -> 46044 | Q96: =-((_xlfn.DAYS(O96,P96)))+1 -> 8 | AP96: =EXACT(K96,AO96) -> TRUE | AR96: =+AO96-AQ96 -> 0 | AT96: 3 | AU96: =EXACT(AT96,E96) -> FALSE
E97: 3 | F97: FASE 2. Definición del límite físico y de estrategias para el manejo ambiental de la ronda hídrica | H97: =+H99+H105+H112+H120+H126 -> 0.33532121 | I97: =+I99+I105+I112+I120+I126 -> 0.17528262 | J97: =+J99+J105+J112+J120+J126 -> 0 | K97: =+K99+K105+K112+K120+K126 -> 229275285 | L97: =+'PPTO CONSUL - ANEXO 12'!H18-K97 -> 0 | M97: =+M99+M105+M112+M120+M126 -> 119849185 | N97: =+N99+N105+N112+N120+N126 -> 0 | V97: % FASE 2 | AD97: =SUM(AD99:AD143) -> 0.17528262 | AE97: =SUM(AE99:AE143) -> -0.17528262 | AP97: =EXACT(K97,AO97) -> FALSE | AQ97: 229275285 | AR97: =+AO97-AQ97 -> -229275285 | AT97: 3.01 | AU97: =EXACT(AT97,E97) -> FALSE
E98: 3.01 | F98: Límite físico | AP98: =EXACT(K98,AO98) -> TRUE | AR98: =+AO98-AQ98 -> 0 | AT98: 3.02 | AU98: =EXACT(AT98,E98) -> FALSE
E99: 3.02 | F99: Delimitación del componente geomorfológico | G99: Consultor | H99: =SUM(H100:H102) -> 0.021600093 | I99: =SUM(I100:I102) -> 0.021600093 | J99: =SUM(J100:J102) -> 0 | K99: =SUM(K100:K102) -> 14769026 | L99: =+'PPTO CONSUL - ANEXO 12'!H20-K99 -> 0 | M99: =SUM(M100:M102) -> 14769026 | N99: =SUM(N100:N102) -> 0 | O99: =MIN(O100:O104) -> 45979 | P99: =MAX(P100:P104) -> 46006 | Q99: =-((_xlfn.DAYS(O99,P99))) -> 27 | V99: =O99 -> 45979 | W99: =$W$6 -> 46013 | X99: =IF(W99-V99>Q99,Q99,W99-V99) -> 27 | Y99: =IF(X99<0,0,X99) -> 27 | AF99: =Q99-#REF! -> #REF! | AP99: =EXACT(K99,AO99) -> FALSE | AQ99: 14769026 | AR99: =+AO99-AQ99 -> -14769026 | AT99: 3,02,01 | AU99: =EXACT(AT99,E99) -> FALSE
E100: 3,02,01 | F100: Geoformas asociadas a la Ronda hídrica - Mapa 7 | G100: Consultor | H100: 0.0072000311 | I100: =+AD100 -> 0.0072000311 | K100: =ROUND(($G$7*H100),0) -> 4923009 | M100: =ROUND(($G$7*I100),0) -> 4923009 | N100: =ROUND(($G$7*J100),0) -> 0 | O100: =P68 -> 45979 | P100: =+O100+10 -> 45989 | Q100: =-((_xlfn.DAYS(O100,P100))) -> 10 | V100: =O100 -> 45979 | W100: =$W$6 -> 46013 | X100: =IF(W100-V100>Q100,Q100,W100-V100) -> 10 | Y100: =IF(X100<0,0,X100) -> 10 | AB100: =IF(Z100=0,Y100,Z100-V100) -> 10 | AC100: =Q100-AB100 -> 0 | AD100: =(H100/Q100)*Y100 -> 0.0072000311 | AE100: =J100-AD100 -> -0.0072000311 | AF100: =Q100-#REF! -> #REF! | AO100: 229275285 | AP100: =EXACT(K100,AO100) -> FALSE | AQ100: 4923009 | AR100: =+AO100-AQ100 -> 224352276 | AT100: 3,02,02 | AU100: =EXACT(AT100,E100) -> FALSE
E101: 3,02,02 | F101: Geoformas y evidencias en campo - Mapa 8 | G101: Consultor | H101: 0.0072000311 | I101: =+AD101 -> 0.0072000311 | K101: =ROUND(($G$7*H101),0) -> 4923009 | M101: =ROUND(($G$7*I101),0) -> 4923009 | N101: =ROUND(($G$7*J101),0) -> 0 | O101: =O100 -> 45979 | P101: =+O101+10 -> 45989 | Q101: =-((_xlfn.DAYS(O101,P101))) -> 10 | V101: =O101 -> 45979 | W101: =$W$6 -> 46013 | X101: =IF(W101-V101>Q101,Q101,W101-V101) -> 10 | Y101: =IF(X101<0,0,X101) -> 10 | AB101: =IF(Z101=0,Y101,Z101-V101) -> 10 | AC101: =Q101-AB101 -> 0 | AD101: =(H101/Q101)*Y101 -> 0.0072000311 | AE101: =J101-AD101 -> -0.0072000311 | AF101: =Q101-#REF! -> #REF! | AP101: =EXACT(K101,AO101) -> FALSE | AQ101: 4923009 | AR101: =+AO101-AQ101 -> -4923009 | AT101: 3,02,03 | AU101: =EXACT(AT101,E101) -> FALSE
E102: 3,02,03 | F102: Delimitacion del Componente geomorfologico - Mapa 9 | G102: Consultor | H102: 0.0072000311 | I102: =+AD102 -> 0.0072000311 | K102: =ROUNDDOWN(($G$7*H102),0) -> 4923008 | M102: =ROUNDDOWN(($G$7*I102),0) -> 4923008 | N102: =ROUND(($G$7*J102),0) -> 0 | O102: =MAX(P100:P101) -> 45989 | P102: =+O102+10 -> 45999 | Q102: =-((_xlfn.DAYS(O102,P102))) -> 10 | V102: =O102 -> 45989 | W102: =$W$6 -> 46013 | X102: =IF(W102-V102>Q102,Q102,W102-V102) -> 10 | Y102: =IF(X102<0,0,X102) -> 10 | AB102: =IF(Z102=0,Y102,Z102-V102) -> 10 | AC102: =Q102-AB102 -> 0 | AD102: =(H102/Q102)*Y102 -> 0.0072000311 | AE102: =J102-AD102 -> -0.0072000311 | AF102: =Q102-#REF! -> #REF! | AO102: 14769026 | AP102: =EXACT(K102,AO102) -> FALSE | AQ102: 4923008 | AR102: =+AO102-AQ102 -> 9846018 | AT102: 3,02,04 | AU102: =EXACT(AT102,E102) -> FALSE
E103: 3,02,04 | F103: Entrega Informe de Delimitación del componente geomorfológico | G103: Consultor | O103: =MAX(P100:P102) -> 45999 | P103: =+O103+1 -> 46000 | Q103: =-((_xlfn.DAYS(O103,P103))) -> 1 | V103: =O103 -> 45999 | W103: =$W$6 -> 46013 | X103: =IF(W103-V103>Q103,Q103,W103-V103) -> 1 | Y103: =IF(X103<0,0,X103) -> 1 | AF103: =Q103-#REF! -> #REF! | AO103: 4923009 | AP103: =EXACT(K103,AO103) -> FALSE | AR103: =+AO103-AQ103 -> 4923009 | AT103: 3,02,05 | AU103: =EXACT(AT103,E103) -> FALSE
...

Sheet Linea Base 2 - 191225
E1: 1 | F1: 2 | G1: 3 | H1: 4 | I1: 5 | J1: 6 | K1: 7 | L1: 8 | M1: 9 | N1: 10 | O1: 11 | P1: 12 | Q1: 13 | AD1: 0.16633523
E4: ESTUDIOS PARA LA DELIMITACIÓN DE LA RONDA HÍDRICA DE LA QUEBRADA LAS GACHAS EN EL MUNICIPIO DE GUADALUPE, SANTANDER - No. CM2-008-2025 | V4: SEGUIMIENTO PLAN DE TRABAJO VERSION 2 - 19 DE DICIEMBRE DE 2025
V5: INICIO DE ACTIVIDAD | W5: FECHA DE CORTE | Z5: FECHA REAL DE FINALIZACION DE LA ACTIVIDAD | AA5: NUMERO DE COMUNICADO | AB5: TIEMPO EJECUTADO REAL | AC5: TIEMPO (Dias) A EJECUTAR LA ACTIVIDAD | AD5: % PROGRAMADO A FECHA DE CORTE | AE5: ATRASO % POR ACTIVIDAD | AF5: DIAS DE ATRASO y/o ADELANTO
W6: 46076
F7: VALOR DEL CONTRATO CONSULTORIA | G7: =+'PPTO CONSUL - ANEXO 12'!G39 -> 683748240 | P7: RUTA CRITICA
E9: ID | F9: ACTIVIDADES | G9: RESPONSABLE | H9: ACTIVIDAD PROYECTADA | I9: ACTIVIDAD PROGRAMADA | J9: ACTIVIDAD EJECUTADA | K9: VALOR PROYECTADO | L9: Veri | M9: VALOR PROGRAMADO | N9: VALOR EJECUTADO | O9: Inicio | P9: Fin | Q9: N°Días | AF9: DIAS DE ATRASO y/o ADELANTO | AQ9: valor propuesto
E10: 0 | F10: Firma Contrato Consultor | G10: Consultor - Supervision | O10: 45884 | P10: =+O10 -> 45884 | Q10: =-((_xlfn.DAYS(O10,P10)))+1 -> 1 | AO10: NA | AP10: =EXACT(K10,AO10) -> FALSE | AQ10: NA | AT10: 0
E11: 0 | F11: Firma Contrato Interventor | G11: Consultor - Supervision | O11: 45889 | P11: =+O11 -> 45889 | Q11: =-((_xlfn.DAYS(O11,P11)))+1 -> 1 | AO11: NA | AP11: =EXACT(K11,AO11) -> FALSE | AQ11: NA | AT11: 0
E12: 0 | F12: Documentacion | G12: Consultor - Interventor | O12: =+P11+1 -> 45890 | P12: =+O12+7 -> 45897 | Q12: =-((_xlfn.DAYS(O12,P12)))+1 -> 8 | AO12: NA | AP12: =EXACT(K12,AO12) -> FALSE | AQ12: NA | AT12: 0
E13: 0 | F13: Acta de Inicio | G13: Consultor - Supervision - Interventoria | O13: =+P12+5 -> 45902 | P13: =+O13 -> 45902 | Q13: =-((_xlfn.DAYS(O13,P13)))+1 -> 1 | V13: % PROGRAMADO PROYECTO | AD13: =AD14+AD77+AD97 -> 0.99026211 | AE13: =AE14+AE77+AE97 -> -0.2714095 | AJ13: =I14-J14 -> 0 | AO13: NA | AP13: =EXACT(K13,AO13) -> FALSE | AQ13: NA | AT13: 0
E14: 1 | F14: FASE 0. Acciones previas - Declaratoria | H14: =+H31+H34+H44+H49+H52+H55+H62 -> 0.4634587 | I14: =+I31+I34+I44+I49+I52+I55+I62 -> 0.4634587 | J14: =+J31+J34+J44+J49+J52+J55+J62 -> 0.4634587 | K14: =+K31+K34+K44+K49+K52+K55+K62 -> 316889075 | L14: =+'PPTO CONSUL - ANEXO 12'!H5-K14 -> 0 | M14: =+M31+M34+M44+M49+M52+M55+M62 -> 316889075 | N14: =+N31+N34+N44+N49+N52+N55+N62 -> 316889075 | O14: =MIN(O15:O30) -> 45904 | P14: =MAX(P15:P30) -> 45974 | V14: % FASE 0 | AD14: =SUM(AD15:AD72) -> 0.4634587 | AE14: =SUM(AE15:AE72) -> 0 | AO14: 316889075 | AP14: =EXACT(K14,AO14) -> TRUE | AQ14: 316889075 | AR14: =+AO14-AQ14 -> 0 | AT14: 1
E15: Admon | F15: Solicitud de Documentacion Contractual a Consultor | G15: Interventor | O15: =+$P$13+2 -> 45904 | P15: =+O15+1 -> 45905 | Q15: =-((_xlfn.DAYS(O15,P15))) -> 1 | V15: =O15 -> 45904 | W15: =$W$6 -> 46076 | X15: =IF(W15-V15>Q15,Q15,W15-V15) -> 1 | Y15: =IF(X15<0,0,X15) -> 1 | Z15: 45903 | AA15: OF-RHQG-01-25 | AF15: =Q15-#REF! -> #REF! | AO15: NA | AP15: =EXACT(K15,AO15) -> FALSE | AQ15: NA | AT15: Admon
E16: Admon | F16: Entrega de Documentacion Contractual | G16: Consultor | O16: =+P15 -> 45905 | P16: =+O16+5 -> 45910 | Q16: =-((_xlfn.DAYS(O16,P16))) -> 5 | V16: =O16 -> 45905 | W16: =$W$6 -> 46076 | X16: =IF(W16-V16>Q16,Q16,W16-V16) -> 5 | Y16: =IF(X16<0,0,X16) -> 5 | Z16: 45908 | AA16: OFICIO 001 | AF16: =Q16-#REF! -> #REF! | AO16: NA | AP16: =EXACT(K16,AO16) -> FALSE | AQ16: NA | AT16: Admon
E17: Admon | F17: Revision de Documentacion Contractual (Aprobacion/No aprobacion) | G17: Interventor | O17: =+P16 -> 45910 | P17: =+O17+4 -> 45914 | Q17: =-((_xlfn.DAYS(O17,P17))) -> 4 | V17: =O17 -> 45910 | W17: =$W$6 -> 46076 | X17: =IF(W17-V17>Q17,Q17,W17-V17) -> 4 | Y17: =IF(X17<0,0,X17) -> 4 | Z17: 45918 | AA17: OF-RHQG-0xx-25 | AF17: =Q17-#REF! -> #REF! | AO17: NA | AP17: =EXACT(K17,AO17) -> FALSE | AQ17: NA | AT17: Admon
E18: Admon | F18: Solicitud de Certificacion de Equipos a Utilizar por parte del Consultor | G18: Interventor | O18: =+$P$13+2 -> 45904 | P18: =+O18+1 -> 45905 | Q18: =-((_xlfn.DAYS(O18,P18))) -> 1 | V18: =O18 -> 45904 | W18: =$W$6 -> 46076 | X18: =IF(W18-V18>Q18,Q18,W18-V18) -> 1 | Y18: =IF(X18<0,0,X18) -> 1 | Z18: 45903 | AA18: OF-RHQG-01-25 | AF18: =Q18-#REF! -> #REF! | AO18: NA | AP18: =EXACT(K18,AO18) -> FALSE | AQ18: NA | AT18: Admon
E19: Admon | F19: Entrega de Certificacion de Equipos a Utilizar por parte del Consultor | G19: Consultor | O19: =+O63-5 -> 45964 | P19: =+O19+5 -> 45969 | Q19: =-((_xlfn.DAYS(O19,P19))) -> 5 | V19: =O19 -> 45964 | W19: =$W$6 -> 46076 | X19: =IF(W19-V19>Q19,Q19,W19-V19) -> 5 | Y19: =IF(X19<0,0,X19) -> 5 | Z19: 45908 | AA19: OFICIO 001 | AF19: =Q19-#REF! -> #REF! | AO19: NA | AP19: =EXACT(K19,AO19) -> FALSE | AQ19: NA | AT19: Admon
E20: Admon | F20: Revision de Certificacion de Equipos a Utilizar (Aprobacion/No aprobacion) | G20: Interventor | O20: =+P19+1 -> 45970 | P20: =+O20+4 -> 45974 | Q20: =-((_xlfn.DAYS(O20,P20))) -> 4 | V20: =O20 -> 45970 | W20: =$W$6 -> 46076 | X20: =IF(W20-V20>Q20,Q20,W20-V20) -> 4 | Y20: =IF(X20<0,0,X20) -> 4 | AA20: Pendiente a Entrega | AF20: =Q20-#REF! -> #REF! | AO20: NA | AP20: =EXACT(K20,AO20) -> FALSE | AQ20: NA | AT20: Admon
E21: Admon | F21: Solicitud de Arte y especificaciones Pendon por parte del Consultor | G21: Interventor | O21: =+$P$13+2 -> 45904 | P21: =+O21+1 -> 45905 | Q21: =-((_xlfn.DAYS(O21,P21))) -> 1 | V21: =O21 -> 45904 | W21: =$W$6 -> 46076 | X21: =IF(W21-V21>Q21,Q21,W21-V21) -> 1 | Y21: =IF(X21<0,0,X21) -> 1 | Z21: 45903 | AA21: OF-RHQG-01-25 | AF21: =Q21-#REF! -> #REF! | AO21: NA | AP21: =EXACT(K21,AO21) -> FALSE | AQ21: NA | AT21: Admon
E22: Admon | F22: Entrega de Arte y especificaciones Pendon por parte del Consultor | G22: Consultor | O22: =+P21 -> 45905 | P22: =+O22+11 -> 45916 | Q22: =-((_xlfn.DAYS(O22,P22))) -> 11 | V22: =O22 -> 45905 | W22: =$W$6 -> 46076 | X22: =IF(W22-V22>Q22,Q22,W22-V22) -> 11 | Y22: =IF(X22<0,0,X22) -> 11 | Z22: 45917 | AA22: OFICIO 004 | AF22: =Q22-#REF! -> #REF! | AO22: NA | AP22: =EXACT(K22,AO22) -> FALSE | AQ22: NA | AT22: Admon
E23: Admon | F23: Revision de Arte y especificaciones Pendon (Aprobacion/No aprobacion) | G23: Interventor | O23: =+P22 -> 45916 | P23: =+O23+4 -> 45920 | Q23: =-((_xlfn.DAYS(O23,P23))) -> 4 | V23: =O23 -> 45916 | W23: =$W$6 -> 46076 | X23: =IF(W23-V23>Q23,Q23,W23-V23) -> 4 | Y23: =IF(X23<0,0,X23) -> 4 | Z23: 45918 | AA23: OF-RHQG-0xx-25 | AF23: =Q23-#REF! -> #REF! | AO23: NA | AP23: =EXACT(K23,AO23) -> FALSE | AQ23: NA | AT23: Admon
E24: Admon | F24: Instalacion Pendon | G24: Consultor | O24: =+P23+3 -> 45923 | P24: =+O24+2 -> 45925 | Q24: =-((_xlfn.DAYS(O24,P24))) -> 2 | V24: =O24 -> 45923 | W24: =$W$6 -> 46076 | X24: =IF(W24-V24>Q24,Q24,W24-V24) -> 2 | Y24: =IF(X24<0,0,X24) -> 2 | Z24: 45925 | AF24: =Q24-#REF! -> #REF! | AT24: Admon
E25: Admon | F25: Solicitud de Arte y especificaciones de Indumentarias para el personal del Contratista | G25: Interventor | O25: =+$P$13+2 -> 45904 | P25: =+O25+1 -> 45905 | Q25: =-((_xlfn.DAYS(O25,P25))) -> 1 | V25: =O25 -> 45904 | W25: =$W$6 -> 46076 | X25: =IF(W25-V25>Q25,Q25,W25-V25) -> 1 | Y25: =IF(X25<0,0,X25) -> 1 | Z25: 45903 | AA25: OF-RHQG-01-25 | AF25: =Q25-#REF! -> #REF! | AO25: NA | AP25: =EXACT(K25,AO25) -> FALSE | AQ25: NA | AT25: Admon
E26: Admon | F26: Entrega de Arte y especificaciones de Indumentarias para el personal del Contratista | G26: Consultor | O26: =+P25 -> 45905 | P26: =+O26+5 -> 45910 | Q26: =-((_xlfn.DAYS(O26,P26))) -> 5 | V26: =O26 -> 45905 | W26: =$W$6 -> 46076 | X26: =IF(W26-V26>Q26,Q26,W26-V26) -> 5 | Y26: =IF(X26<0,0,X26) -> 5 | Z26: 45908 | AA26: OFICIO 001 | AF26: =Q26-#REF! -> #REF! | AO26: NA | AP26: =EXACT(K26,AO26) -> FALSE | AQ26: NA | AT26: Admon
E27: Admon | F27: Revision de Indumentarias (Aprobacion/No aprobacion) | G27: Interventor | O27: =+P26 -> 45910 | P27: =+O27+4 -> 45914 | Q27: =-((_xlfn.DAYS(O27,P27))) -> 4 | V27: =O27 -> 45910 | W27: =$W$6 -> 46076 | X27: =IF(W27-V27>Q27,Q27,W27-V27) -> 4 | Y27: =IF(X27<0,0,X27) -> 4 | Z27: 45918 | AA27: OF-RHQG-0xx-25 | AF27: =Q27-#REF! -> #REF! | AO27: NA | AP27: =EXACT(K27,AO27) -> FALSE | AQ27: NA | AT27: Admon
E28: Admon | F28: Solicitud de Entrega de la política de especial consideración a la conservación del medio ambiente del Contratista | G28: Interventor | O28: =+P27+1 -> 45915 | P28: =+O28+1 -> 45916 | Q28: =-((_xlfn.DAYS(O28,P28))) -> 1 | V28: =O28 -> 45915 | W28: =$W$6 -> 46076 | X28: =IF(W28-V28>Q28,Q28,W28-V28) -> 1 | Y28: =IF(X28<0,0,X28) -> 1 | Z28: 45903 | AA28: OF-RHQG-01-25 | AF28: =Q28-#REF! -> #REF! | AO28: NA | AP28: =EXACT(K28,AO28) -> FALSE | AQ28: NA | AT28: Admon
E29: Admon | F29: Entrega de la política de especial consideración a la conservación del medio ambiente del Contratista | G29: Consultor | O29: =+P28 -> 45916 | P29: =+O29+5 -> 45921 | Q29: =-((_xlfn.DAYS(O29,P29))) -> 5 | V29: =O29 -> 45916 | W29: =$W$6 -> 46076 | X29: =IF(W29-V29>Q29,Q29,W29-V29) -> 5 | Y29: =IF(X29<0,0,X29) -> 5 | Z29: 45937 | AA29: Entrega vía mail | AF29: =Q29-#REF! -> #REF! | AO29: NA | AP29: =EXACT(K29,AO29) -> FALSE | AQ29: NA | AT29: Admon
E30: Admon | F30: Revision de Politica Ambiental (Aprobacion/No aprobacion) | G30: Interventor | O30: =+P29 -> 45921 | P30: =+O30+4 -> 45925 | Q30: =-((_xlfn.DAYS(O30,P30))) -> 4 | V30: =O30 -> 45921 | W30: =$W$6 -> 46076 | X30: =IF(W30-V30>Q30,Q30,W30-V30) -> 4 | Y30: =IF(X30<0,0,X30) -> 4 | Z30: 45925 | AF30: =Q30-#REF! -> #REF! | AO30: NA | AP30: =EXACT(K30,AO30) -> FALSE | AQ30: NA
E31: 1.01 | F31: Priorización de cuerpos de agua para el acotamiento de su ronda hídrica | G31: Consultor | H31: =+'PPTO CONSUL - ANEXO 12'!D6 -> 0.03379667 | I31: =+AD31 -> 0.03379667 | J31: =H31*1 -> 0.03379667 | K31: =ROUND(($G$7*H31),0) -> 23108414 | L31: ='PPTO CONSUL - ANEXO 12'!H6-K31 -> 0 | M31: =ROUND(($G$7*I31),0) -> 23108414 | N31: =ROUND(($G$7*J31),0) -> 23108414 | O31: =MIN(O32:O33) -> 45915 | P31: =MAX(P32:P33) -> 45931 | Q31: =-((_xlfn.DAYS(O31,P31))) -> 16 | V31: =O31 -> 45915 | W31: =$W$6 -> 46076 | X31: =IF(W31-V31>Q31,Q31,W31-V31) -> 16 | Y31: =IF(X31<0,0,X31) -> 16 | Z31: 45925 | AA31: OFICIO 007 | AB31: =IF(Z31=0,Y31,Z31-V31) -> 10 | AC31: =Q31-AB31 -> 6 | AD31: =(H31/Q31)*Y31 -> 0.03379667 | AE31: =J31-AD31 -> 0 | AF31: =Q31-#REF! -> #REF! | AJ31: =(H31/Q31)*Q31 -> 0.03379667 | AO31: 23108414 | AP31: =EXACT(K31,AO31) -> TRUE | AQ31: 23108414 | AR31: =+AO31-AQ31 -> 0 | AT31: 1.01 | AU31: =EXACT(AT31,E31) -> TRUE
E32: 1,01,01 | F32: Entrega Informe de Priorización de cuerpos de agua para el acotamiento de su ronda hídrica | G32: Consultor | O32: =+P13+13 -> 45915 | P32: =+O32+10 -> 45925 | Q32: =-((_xlfn.DAYS(O32,P32))) -> 10 | V32: =O32 -> 45915 | W32: =$W$6 -> 46076 | X32: =IF(W32-V32>Q32,Q32,W32-V32) -> 10 | Y32: =IF(X32<0,0,X32) -> 10 | Z32: 45929 | AF32: =Q32-#REF! -> #REF! | AP32: =EXACT(K32,AO32) -> TRUE | AR32: =+AO32-AQ32 -> 0 | AT32: 1,01,01 | AU32: =EXACT(AT32,E32) -> TRUE
E33: 1,01,02 | F33: Revision Informe de Priorización de cuerpos de agua para el acotamiento de su ronda hídrica | G33: Interventoria | O33: =+P32+1 -> 45926 | P33: =+O33+5 -> 45931 | Q33: =-((_xlfn.DAYS(O33,P33))) -> 5 | V33: =O33 -> 45926 | W33: =$W$6 -> 46076 | X33: =IF(W33-V33>Q33,Q33,W33-V33) -> 5 | Y33: =IF(X33<0,0,X33) -> 5 | Z33: 45944 | AF33: =Q33-#REF! -> #REF! | AP33: =EXACT(K33,AO33) -> TRUE | AR33: =+AO33-AQ33 -> 0 | AT33: 1,01,02 | AU33: =EXACT(AT33,E33) -> TRUE
E34: 1.02 | F34: Recopilación de información secundaria | G34: Consultor | H34: =SUM(H35:H41) -> 0.03379667 | I34: =SUM(I35:I41) -> 0.03379667 | J34: =SUM(J35:J41) -> 0.03379667 | K34: =SUM(K35:K41) -> 23108414 | L34: ='PPTO CONSUL - ANEXO 12'!H7-K34 -> 0 | M34: =SUM(M35:M41) -> 23108414 | N34: =SUM(N35:N41) -> 23108414 | O34: =MIN(O35:O43) -> 45912 | P34: =MAX(P35:P43) -> 45945 | Q34: =-((_xlfn.DAYS(O34,P34))) -> 33 | V34: =O34 -> 45912 | W34: =$W$6 -> 46076 | X34: =IF(W34-V34>Q34,Q34,W34-V34) -> 33 | Y34: =IF(X34<0,0,X34) -> 33 | Z34: 45929 | AF34: =Q34-#REF! -> #REF! | AO34: 23108414 | AP34: =EXACT(K34,AO34) -> TRUE | AQ34: 23108414 | AR34: =+AO34-AQ34 -> 0 | AT34: 1.02 | AU34: =EXACT(AT34,E34) -> TRUE
E35: 1,02,01 | F35: Informacion historica de eventos de inundaciones o avenidas torrenciales | G35: Consultor | H35: 0.0048280957 | I35: =+AD35 -> 0.0048280957 | J35: =H35*1 -> 0.0048280957 | K35: =ROUND(($G$7*H35),0) -> 3301202 | M35: =ROUND(($G$7*I35),0) -> 3301202 | N35: =ROUND(($G$7*J35),0) -> 3301202 | O35: =+P13+10 -> 45912 | P35: =+O35+8 -> 45920 | Q35: =-((_xlfn.DAYS(O35,P35))) -> 8 | V35: =O35 -> 45912 | W35: =$W$6 -> 46076 | X35: =IF(W35-V35>Q35,Q35,W35-V35) -> 8 | Y35: =IF(X35<0,0,X35) -> 8 | Z35: 45923 | AB35: =IF(Z35=0,Y35,Z35-V35) -> 11 | AC35: =Q35-AB35 -> -3 | AD35: =(H35/Q35)*Y35 -> 0.0048280957 | AE35: =J35-AD35 -> 0 | AF35: =Q35-#REF! -> #REF! | AO35: 2888552 | AP35: =EXACT(K35,AO35) -> FALSE | AQ35: 2888552 | AR35: =+AO35-AQ35 -> 0 | AT35: 1,02,01 | AU35: =EXACT(AT35,E35) -> TRUE
E36: 1,02,02 | F36: Caracterizacion climatica | G36: Consultor | H36: 0.0048280957 | I36: =+AD36 -> 0.0048280957 | J36: =H36*1 -> 0.0048280957 | K36: =ROUND(($G$7*H36),0) -> 3301202 | M36: =ROUND(($G$7*I36),0) -> 3301202 | N36: =ROUND(($G$7*J36),0) -> 3301202 | O36: =+O35 -> 45912 | P36: =+O36+15 -> 45927 | Q36: =-((_xlfn.DAYS(O36,P36))) -> 15 | V36: =O36 -> 45912 | W36: =$W$6 -> 46076 | X36: =IF(W36-V36>Q36,Q36,W36-V36) -> 15 | Y36: =IF(X36<0,0,X36) -> 15 | Z36: 45947 | AB36: =IF(Z36=0,Y36,Z36-V36) -> 35 | AC36: =Q36-AB36 -> -20 | AD36: =(H36/Q36)*Y36 -> 0.0048280957 | AE36: =J36-AD36 -> 0 | AF36: =Q36-#REF! -> #REF! | AO36: 2888552 | AP36: =EXACT(K36,AO36) -> FALSE | AQ36: 2888552 | AR36: =+AO36-AQ36 -> 0 | AT36: 1,02,02 | AU36: =EXACT(AT36,E36) -> TRUE
E37: 1,02,03 | F37: Mapa de zonas de vida 1: 100000 | G37: Consultor | H37: 0.0048280957 | I37: =+AD37 -> 0.0048280957 | J37: =H37*1 -> 0.0048280957 | K37: =ROUND(($G$7*H37),0) -> 3301202 | M37: =ROUND(($G$7*I37),0) -> 3301202 | N37: =ROUND(($G$7*J37),0) -> 3301202 | O37: =+O36 -> 45912 | P37: =+O37+10 -> 45922 | Q37: =-((_xlfn.DAYS(O37,P37))) -> 10 | V37: =O37 -> 45912 | W37: =$W$6 -> 46076 | X37: =IF(W37-V37>Q37,Q37,W37-V37) -> 10 | Y37: =IF(X37<0,0,X37) -> 10 | Z37: 45923 | AB37: =IF(Z37=0,Y37,Z37-V37) -> 11 | AC37: =Q37-AB37 -> -1 | AD37: =(H37/Q37)*Y37 -> 0.0048280957 | AE37: =J37-AD37 -> 0 | AF37: =Q37-#REF! -> #REF! | AO37: 2888552 | AP37: =EXACT(K37,AO37) -> FALSE | AQ37: 2888552 | AR37: =+AO37-AQ37 -> 0 | AT37: 1,02,03 | AU37: =EXACT(AT37,E37) -> TRUE
E38: 1,02,04 | F38: Caracterizacion de suelos - Informacion secundaria | G38: Consultor | H38: 0.0048280957 | I38: =+AD38 -> 0.0048280957 | J38: =H38*1 -> 0.0048280957 | K38: =ROUND(($G$7*H38),0) -> 3301202 | M38: =ROUND(($G$7*I38),0) -> 3301202 | N38: =ROUND(($G$7*J38),0) -> 3301202 | O38: =+O37 -> 45912 | P38: =+O38+10 -> 45922 | Q38: =-((_xlfn.DAYS(O38,P38))) -> 10 | V38: =O38 -> 45912 | W38: =$W$6 -> 46076 | X38: =IF(W38-V38>Q38,Q38,W38-V38) -> 10 | Y38: =IF(X38<0,0,X38) -> 10 | Z38: 45951 | AB38: =IF(Z38=0,Y38,Z38-V38) -> 39 | AC38: =Q38-AB38 -> -29 | AD38: =(H38/Q38)*Y38 -> 0.0048280957 | AE38: =J38-AD38 -> 0 | AF38: =Q38-#REF! -> #REF! | AO38: 2888552 | AP38: =EXACT(K38,AO38) -> FALSE | AQ38: 2888552 | AR38: =+AO38-AQ38 -> 0 | AT38: 1,02,04 | AU38: =EXACT(AT38,E38) -> TRUE
E39: 1,02,05 | F39: Mapa de humedades de Colombia | G39: Consultor | H39: 0.0048280957 | I39: =+AD39 -> 0.0048280957 | J39: =H39*1 -> 0.0048280957 | K39: =ROUND(($G$7*H39),0) -> 3301202 | M39: =ROUND(($G$7*I39),0) -> 3301202 | N39: =ROUND(($G$7*J39),0) -> 3301202 | O39: =+O38 -> 45912 | P39: =+O39+10 -> 45922 | Q39: =-((_xlfn.DAYS(O39,P39))) -> 10 | V39: =O39 -> 45912 | W39: =$W$6 -> 46076 | X39: =IF(W39-V39>Q39,Q39,W39-V39) -> 10 | Y39: =IF(X39<0,0,X39) -> 10 | Z39: 45923 | AB39: =IF(Z39=0,Y39,Z39-V39) -> 11 | AC39: =Q39-AB39 -> -1 | AD39: =(H39/Q39)*Y39 -> 0.0048280957 | AE39: =J39-AD39 -> 0 | AF39: =Q39-#REF! -> #REF! | AO39: 2888552 | AP39: =EXACT(K39,AO39) -> FALSE | AQ39: 2888552 | AR39: =+AO39-AQ39 -> 0 | AT39: 1,02,05 | AU39: =EXACT(AT39,E39) -> TRUE
E40: 1,02,06 | F40: Peticiones quejas solicitudes y reclamos o conflictos ambientales | G40: Consultor | H40: 0.0048280957 | I40: =+AD40 -> 0.0048280957 | J40: =H40*1 -> 0.0048280957 | K40: =ROUND(($G$7*H40),0) -> 3301202 | M40: =ROUND(($G$7*I40),0) -> 3301202 | N40: =ROUND(($G$7*J40),0) -> 3301202 | O40: =+O39 -> 45912 | P40: =+O40+14 -> 45926 | Q40: =-((_xlfn.DAYS(O40,P40))) -> 14 | V40: =O40 -> 45912 | W40: =$W$6 -> 46076 | X40: =IF(W40-V40>Q40,Q40,W40-V40) -> 14 | Y40: =IF(X40<0,0,X40) -> 14 | Z40: 45945 | AB40: =IF(Z40=0,Y40,Z40-V40) -> 33 | AC40: =Q40-AB40 -> -19 | AD40: =(H40/Q40)*Y40 -> 0.0048280957 | AE40: =J40-AD40 -> 0 | AF40: =Q40-#REF! -> #REF! | AO40: 2888552 | AP40: =EXACT(K40,AO40) -> FALSE | AQ40: 2888552 | AR40: =+AO40-AQ40 -> 0 | AT40: 1,02,06 | AU40: =EXACT(AT40,E40) -> TRUE
E41: 1,02,07 | F41: Documento técnico Informacion secundaria - aprobación del area de estudio | G41: Consultor | H41: 0.0048280957 | I41: =+AD41 -> 0.0048280957 | J41: =H41*1 -> 0.0048280957 | K41: =ROUND(($G$7*H41),0) -> 3301202 | M41: =ROUND(($G$7*I41),0) -> 3301202 | N41: =ROUND(($G$7*J41),0) -> 3301202 | O41: =MAX(P35:P40) -> 45927 | P41: =+O41+10 -> 45937 | Q41: =-((_xlfn.DAYS(O41,P41))) -> 10 | V41: =O41 -> 45927 | W41: =$W$6 -> 46076 | X41: =IF(W41-V41>Q41,Q41,W41-V41) -> 10 | Y41: =IF(X41<0,0,X41) -> 10 | Z41: 45947 | AB41: =IF(Z41=0,Y41,Z41-V41) -> 20 | AC41: =Q41-AB41 -> -10 | AD41: =(H41/Q41)*Y41 -> 0.0048280957 | AE41: =J41-AD41 -> 0 | AF41: =Q41-#REF! -> #REF! | AO41: 2888551 | AP41: =EXACT(K41,AO41) -> FALSE | AQ41: 2888551 | AR41: =+AO41-AQ41 -> 0 | AT41: 1,02,09 | AU41: =EXACT(AT41,E41) -> FALSE
E42: 1,02,08 | F42: Entrega Informe de Recopilación de información secundaria | G42: Consultor | O42: =MAX(P35:P41) -> 45937 | P42: =+O42+2 -> 45939 | Q42: =-((_xlfn.DAYS(O42,P42))) -> 2 | V42: =O42 -> 45937 | W42: =$W$6 -> 46076 | X42: =IF(W42-V42>Q42,Q42,W42-V42) -> 2 | Y42: =IF(X42<0,0,X42) -> 2 | Z42: 45929 | AF42: =Q42-#REF! -> #REF! | AP42: =EXACT(K42,AO42) -> TRUE | AR42: =+AO42-AQ42 -> 0 | AT42: 1,02,10 | AU42: =EXACT(AT42,E42) -> FALSE
E43: 1,02,09 | F43: Revision Informe de Recopilación de información secundaria/aprobacion area estudio | G43: Interventoria | O43: =+P42+1 -> 45940 | P43: =+O43+5 -> 45945 | Q43: =-((_xlfn.DAYS(O43,P43))) -> 5 | V43: =O43 -> 45940 | W43: =$W$6 -> 46076 | X43: =IF(W43-V43>Q43,Q43,W43-V43) -> 5 | Y43: =IF(X43<0,0,X43) -> 5 | Z43: 45938 | AF43: =Q43-#REF! -> #REF! | AP43: =EXACT(K43,AO43) -> TRUE | AR43: =+AO43-AQ43 -> 0 | AT43: 1.03 | AU43: =EXACT(AT43,E43) -> FALSE
E44: 1.03 | F44: Diseño de la estrategia de participación | G44: Consultor | H44: =SUM(H45:H46) -> 0.0054389449 | I44: =SUM(I45:I46) -> 0.0054389449 | J44: =SUM(J45:J46) -> 0.0054389449 | K44: =SUM(K45:K48) -> 3718869 | L44: =+'PPTO CONSUL - ANEXO 12'!H8-K44 -> 0 | M44: =SUM(M45:M48) -> 3718869 | N44: =SUM(N45:N48) -> 3718869 | O44: =MIN(O45:O48) -> 45912 | P44: =MAX(P45:P48) -> 45961 | Q44: =-((_xlfn.DAYS(O44,P44))) -> 49 | V44: =O44 -> 45912 | W44: =$W$6 -> 46076 | X44: =IF(W44-V44>Q44,Q44,W44-V44) -> 49 | Y44: =IF(X44<0,0,X44) -> 49 | Z44: 45947 | AF44: =Q44-#REF! -> #REF! | AO44: 3718869 | AP44: =EXACT(K44,AO44) -> TRUE | AQ44: 3718869 | AR44: =+AO44-AQ44 -> 0 | AT44: 1,03,01 | AU44: =EXACT(AT44,E44) -> FALSE
E45: 1,03,01 | F45: Documento de metodologia y estrategia de participacion | G45: Consultor | H45: 0.0054389449 | I45: =+AD45 -> 0.0054389449 | J45: =H45*1 -> 0.0054389449 | K45: =ROUND(($G$7*H45),0) -> 3718869 | M45: =ROUND(($G$7*I45),0) -> 3718869 | N45: =ROUND(($G$7*J45),0) -> 3718869 | O45: =+O35 -> 45912 | P45: =+O45+10 -> 45922 | Q45: =-((_xlfn.DAYS(O45,P45))) -> 10 | V45: =O45 -> 45912 | W45: =$W$6 -> 46076 | X45: =IF(W45-V45>Q45,Q45,W45-V45) -> 10 | Y45: =IF(X45<0,0,X45) -> 10 | Z45: 45930 | AB45: =IF(Z45=0,Y45,Z45-V45) -> 18 | AC45: =Q45-AB45 -> -8 | AD45: =(H45/Q45)*Y45 -> 0.0054389449 | AE45: =J45-AD45 -> 0 | AF45: =Q45-#REF! -> #REF! | AO45: 3718869 | AP45: =EXACT(K45,AO45) -> TRUE | AQ45: 3718869 | AR45: =+AO45-AQ45 -> 0 | AT45: 1,03,02 | AU45: =EXACT(AT45,E45) -> FALSE
E46: 1,03,02 | F46: Talleres de Socializacion (2 und) | G46: Consultor | H46: 0 | I46: =+AD46 -> 0 | J46: 0 | K46: =ROUND(($G$7*H46),0) -> 0 | M46: =ROUND(($G$7*I46),0) -> 0 | N46: =ROUND(($G$7*J46),0) -> 0 | O46: =+O48+27 -> 45959 | P46: =+O46+2 -> 45961 | Q46: =-((_xlfn.DAYS(O46,P46))) -> 2 | V46: =O46 -> 45959 | W46: =$W$6 -> 46076 | X46: =IF(W46-V46>Q46,Q46,W46-V46) -> 2 | Y46: =IF(X46<0,0,X46) -> 2 | Z46: 45957 | AB46: =IF(Z46=0,Y46,Z46-V46) -> -2 | AC46: =Q46-AB46 -> 4 | AD46: =(H46/Q46)*Y46 -> 0 | AE46: =J46-AD46 -> 0 | AF46: =Q46-#REF! -> #REF! | AO46: 0 | AP46: =EXACT(K46,AO46) -> TRUE | AQ46: 0 | AR46: =+AO46-AQ46 -> 0 | AT46: 1,03,03 | AU46: =EXACT(AT46,E46) -> FALSE
E47: 1,03,03 | F47: Entrega Informe del diseño de la estrategia de participación | G47: Consultor | O47: =+O35+18 -> 45930 | P47: =+O47+1 -> 45931 | Q47: =-((_xlfn.DAYS(O47,P47))) -> 1 | V47: =O47 -> 45930 | W47: =$W$6 -> 46076 | X47: =IF(W47-V47>Q47,Q47,W47-V47) -> 1 | Y47: =IF(X47<0,0,X47) -> 1 | Z47: 45929 | AF47: =Q47-#REF! -> #REF! | AP47: =EXACT(K47,AO47) -> TRUE | AR47: =+AO47-AQ47 -> 0 | AT47: 1,03,04 | AU47: =EXACT(AT47,E47) -> FALSE
E48: 1,03,04 | F48: Revision Informe del diseño de la estrategia de participación | G48: Interventoria | O48: =+P47+1 -> 45932 | P48: =+O48+5 -> 45937 | Q48: =-((_xlfn.DAYS(O48,P48))) -> 5 | V48: =O48 -> 45932 | W48: =$W$6 -> 46076 | X48: =IF(W48-V48>Q48,Q48,W48-V48) -> 5 | Y48: =IF(X48<0,0,X48) -> 5 | Z48: 45940 | AF48: =Q48-#REF! -> #REF! | AP48: =EXACT(K48,AO48) -> TRUE | AR48: =+AO48-AQ48 -> 0 | AT48: 1.04 | AU48: =EXACT(AT48,E48) -> FALSE
E49: 1.04 | F49: Diseño conceptual de la base de datos geográfica | G49: Consultor | H49: =+'PPTO CONSUL - ANEXO 12'!D9 -> 0.03379667 | I49: =+AD49 -> 0.03379667 | J49: =H49*1 -> 0.03379667 | K49: =ROUND(($G$7*H49),0) -> 23108414 | L49: =+'PPTO CONSUL - ANEXO 12'!H9-K49 -> 0 | M49: =ROUND(($G$7*I49),0) -> 23108414 | N49: =ROUND(($G$7*J49),0) -> 23108414 | O49: =MIN(O50:O51) -> 45912 | P49: =MAX(P50:P51) -> 45928 | Q49: =-((_xlfn.DAYS(O49,P49))) -> 16 | V49: =O49 -> 45912 | W49: =$W$6 -> 46076 | X49: =IF(W49-V49>Q49,Q49,W49-V49) -> 16 | Y49: =IF(X49<0,0,X49) -> 16 | AB49: =IF(Z49=0,Y49,Z49-V49) -> 16 | AC49: =Q49-AB49 -> 0 | AD49: =(H49/Q49)*Y49 -> 0.03379667 | AE49: =J49-AD49 -> 0 | AF49: =Q49-#REF! -> #REF! | AO49: 23108414 | AP49: =EXACT(K49,AO49) -> TRUE | AQ49: 23108414 | AR49: =+AO49-AQ49 -> 0 | AT49: 1,04,01 | AU49: =EXACT(AT49,E49) -> FALSE
E50: 1,04,01 | F50: Entrega Informe de Diseño conceptual de la base de datos geográfica | G50: Consultor | O50: =+O35 -> 45912 | P50: =+O50+10 -> 45922 | Q50: =-((_xlfn.DAYS(O50,P50))) -> 10 | V50: =O50 -> 45912 | W50: =$W$6 -> 46076 | X50: =IF(W50-V50>Q50,Q50,W50-V50) -> 10 | Y50: =IF(X50<0,0,X50) -> 10 | Z50: 45926 | AF50: =Q50-#REF! -> #REF! | AP50: =EXACT(K50,AO50) -> TRUE | AR50: =+AO50-AQ50 -> 0 | AT50: 1,04,02 | AU50: =EXACT(AT50,E50) -> FALSE
E51: 1,04,02 | F51: Revision Informe de Diseño conceptual de la base de datos geográfica | G51: Interventoria | O51: =+P50+1 -> 45923 | P51: =+O51+5 -> 45928 | Q51: =-((_xlfn.DAYS(O51,P51))) -> 5 | V51: =O51 -> 45923 | W51: =$W$6 -> 46076 | X51: =IF(W51-V51>Q51,Q51,W51-V51) -> 5 | Y51: =IF(X51<0,0,X51) -> 5 | Z51: 45954 | AF51: =Q51-#REF! -> #REF! | AP51: =EXACT(K51,AO51) -> TRUE | AR51: =+AO51-AQ51 -> 0 | AT51: 1.06 | AU51: =EXACT(AT51,E51) -> FALSE
E52: 1.06 | F52: Programación de actividades | G52: Consultor | H52: =+'PPTO CONSUL - ANEXO 12'!D11 -> 0.03379667 | I52: =+AD52 -> 0.03379667 | J52: =H52*1 -> 0.03379667 | K52: =ROUND(($G$7*H52),0) -> 23108414 | L52: =+'PPTO CONSUL - ANEXO 12'!H11-K52 -> 0 | M52: =ROUND(($G$7*I52),0) -> 23108414 | N52: =ROUND(($G$7*J52),0) -> 23108414 | O52: =MAX(O53:O54) -> 45911 | P52: =MAX(P53:P54) -> 45916 | Q52: =-((_xlfn.DAYS(O52,P52))) -> 5 | V52: =O52 -> 45911 | W52: =$W$6 -> 46076 | X52: =IF(W52-V52>Q52,Q52,W52-V52) -> 5 | Y52: =IF(X52<0,0,X52) -> 5 | Z52: 45923 | AB52: =IF(Z52=0,Y52,Z52-V52) -> 12 | AC52: =Q52-AB52 -> -7 | AD52: =(H52/Q52)*Y52 -> 0.03379667 | AE52: =J52-AD52 -> 0 | AF52: =Q52-#REF! -> #REF! | AO52: 23108414 | AP52: =EXACT(K52,AO52) -> TRUE | AQ52: 23108414 | AR52: =+AO52-AQ52 -> 0 | AT52: 1,06,01 | AU52: =EXACT(AT52,E52) -> FALSE
E53: 1,06,01 | F53: Entrega Informe de Programación de actividades | G53: Consultor | O53: =+P13+1 -> 45903 | P53: =+O53+9 -> 45912 | Q53: =-((_xlfn.DAYS(O53,P53))) -> 9 | V53: =O53 -> 45903 | W53: =$W$6 -> 46076 | X53: =IF(W53-V53>Q53,Q53,W53-V53) -> 9 | Y53: =IF(X53<0,0,X53) -> 9 | Z53: 45912 | AF53: =Q53-#REF! -> #REF! | AP53: =EXACT(K53,AO53) -> TRUE | AR53: =+AO53-AQ53 -> 0 | AT53: 1,06,02 | AU53: =EXACT(AT53,E53) -> FALSE
E54: 1,06,02 | F54: Revision Informe de Programación de actividades | G54: Interventoria | O54: =+P13+9 -> 45911 | P54: =+O54+5 -> 45916 | Q54: =-((_xlfn.DAYS(O54,P54))) -> 5 | V54: =O54 -> 45911 | W54: =$W$6 -> 46076 | X54: =IF(W54-V54>Q54,Q54,W54-V54) -> 5 | Y54: =IF(X54<0,0,X54) -> 5 | Z54: 45912 | AF54: =Q54-#REF! -> #REF! | AP54: =EXACT(K54,AO54) -> TRUE | AR54: =+AO54-AQ54 -> 0 | AT54: 1.07 | AU54: =EXACT(AT54,E54) -> FALSE
E55: 1.07 | F55: Plan Operativo | G55: Consultor | H55: =+'PPTO CONSUL - ANEXO 12'!D12 -> 0.03379667 | I55: =+AD55 -> 0.03379667 | J55: =SUM(J56:J57) -> 0.03379667 | K55: =ROUND(($G$7*H55),0) -> 23108414 | L55: =+'PPTO CONSUL - ANEXO 12'!H12-K55 -> 0 | M55: =ROUND(($G$7*I55),0) -> 23108414 | N55: =ROUND(($G$7*J55),0) -> 23108414 | O55: =MAX(O56:O57) -> 45923 | P55: =MAX(P56:P57) -> 45928 | Q55: =-((_xlfn.DAYS(O55,P55))) -> 5 | V55: =O55 -> 45923 | W55: =$W$6 -> 46076 | X55: =IF(W55-V55>Q55,Q55,W55-V55) -> 5 | Y55: =IF(X55<0,0,X55) -> 5 | AB55: =IF(Z55=0,Y55,Z55-V55) -> 5 | AC55: =Q55-AB55 -> 0 | AD55: =(H55/Q55)*Y55 -> 0.03379667 | AE55: =J55-AD55 -> 0 | AF55: =Q55-#REF! -> #REF! | AO55: 23108414 | AP55: =EXACT(K55,AO55) -> TRUE | AQ55: 23108414 | AR55: =+AO55-AQ55 -> 0 | AT55: 1,07,01 | AU55: =EXACT(AT55,E55) -> FALSE
E56: 1,07,01 | F56: Entrega Informe de Plan Operativo | G56: Consultor | J56: 0.03379667 | O56: =+O35 -> 45912 | P56: =+O56+10 -> 45922 | Q56: =-((_xlfn.DAYS(O56,P56))) -> 10 | V56: =O56 -> 45912 | W56: =$W$6 -> 46076 | X56: =IF(W56-V56>Q56,Q56,W56-V56) -> 10 | Y56: =IF(X56<0,0,X56) -> 10 | Z56: 45923 | AF56: =Q56-#REF! -> #REF! | AP56: =EXACT(K56,AO56) -> TRUE | AR56: =+AO56-AQ56 -> 0 | AT56: 1,07,02 | AU56: =EXACT(AT56,E56) -> FALSE
E57: 1,07,02 | F57: Revision Informe de Plan Operativo | G57: Interventoria | O57: =+P56+1 -> 45923 | P57: =+O57+5 -> 45928 | Q57: =-((_xlfn.DAYS(O57,P57))) -> 5 | V57: =O57 -> 45923 | W57: =$W$6 -> 46076 | X57: =IF(W57-V57>Q57,Q57,W57-V57) -> 5 | Y57: =IF(X57<0,0,X57) -> 5 | Z57: 45930 | AF57: =Q57-#REF! -> #REF! | AP57: =EXACT(K57,AO57) -> TRUE | AR57: =+AO57-AQ57 -> 0 | AU57: =EXACT(AT57,E57) -> FALSE
F58: Entrega Informe Mensual Consultor N° 1 | G58: Consultor | O58: 45935 | AP58: =EXACT(K58,AO58) -> TRUE | AR58: =+AO58-AQ58 -> 0 | AT58: 1.08 | AU58: =EXACT(AT58,E58) -> FALSE
E59: 1.08 | F59: Entrega Informe Consolidado FASE 0A - Aprestamiento por parte del Consultor | G59: Consultor | O59: =MAX(P15:P57) -> 45974 | P59: =+O59+1 -> 45975 | Q59: =-((_xlfn.DAYS(O59,P59)))+1 -> 2 | Z59: 45993 | AA59: 035-2025 | AP59: =EXACT(K59,AO59) -> TRUE | AR59: =+AO59-AQ59 -> 0 | AT59: 1.09 | AU59: =EXACT(AT59,E59) -> FALSE
E60: 1.09 | F60: Revision de Informe por parte de la Supervision (Validacion) | G60: Supervision | O60: =+P59+1 -> 45976 | P60: =+O60+8 -> 45984 | Q60: =-((_xlfn.DAYS(O60,P60)))+1 -> 9 | AP60: =EXACT(K60,AO60) -> TRUE | AR60: =+AO60-AQ60 -> 0 | AT60: 1.1 | AU60: =EXACT(AT60,E60) -> FALSE
E61: 1.1 | F61: Revision de Informe por parte de Interventoria (Aprobado/No Aprobado) | G61: Interventoria | O61: =+P60+1 -> 45985 | P61: =+O61+9 -> 45994 | Q61: =-((_xlfn.DAYS(O61,P61)))+1 -> 10 | Z61: 46003 | AA61: 039-2025 | AP61: =EXACT(K61,AO61) -> TRUE | AR61: =+AO61-AQ61 -> 0 | AT61: 1.05 | AU61: =EXACT(AT61,E61) -> FALSE
E62: 1.05 | F62: Estudios soporte | G62: Consultor | H62: =SUM(H63:H70) -> 0.28903641 | I62: =SUM(I63:I70) -> 0.28903641 | J62: =SUM(J63:J70) -> 0.28903641 | K62: =SUM(K63:K70) -> 197628136 | L62: =+'PPTO CONSUL - ANEXO 12'!H10-K62 -> 0 | M62: =SUM(M63:M70) -> 197628136 | N62: =SUM(N63:N70) -> 197628136 | O62: =MIN(O63:O72) -> 45945 | P62: =MAX(P63:P72) -> 46024 | Q62: =-((_xlfn.DAYS(O62,P62))) -> 79 | V62: =O62 -> 45945 | W62: =$W$6 -> 46076 | X62: =IF(W62-V62>Q62,Q62,W62-V62) -> 79 | Y62: =IF(X62<0,0,X62) -> 79 | AF62: =Q62-#REF! -> #REF! | AO62: 197628136 | AP62: =EXACT(K62,AO62) -> TRUE | AQ62: 197628136 | AR62: =+AO62-AQ62 -> 0 | AT62: 1,05,01 | AU62: =EXACT(AT62,E62) -> FALSE
E63: 1,05,01 | F63: Levantamiento topo batimetrico | G63: Consultor | H63: 0.033669659 | I63: =+AD63 -> 0.033669659 | J63: =H63*1 -> 0.033669659 | K63: =ROUND(($G$7*H63),0) -> 23021570 | M63: =ROUND(($G$7*I63),0) -> 23021570 | N63: =ROUND(($G$7*J63),0) -> 23021570 | O63: =+O65+10 -> 45969 | P63: =+O63+30 -> 45999 | Q63: =-((_xlfn.DAYS(O63,P63))) -> 30 | V63: =O63 -> 45969 | W63: =$W$6 -> 46076 | X63: =IF(W63-V63>Q63,Q63,W63-V63) -> 30 | Y63: =IF(X63<0,0,X63) -> 30 | Z63: 46002 | AA63: 041-2025 | AB63: =IF(Z63=0,Y63,Z63-V63) -> 33 | AC63: =Q63-AB63 -> -3 | AD63: =(H63/Q63)*Y63 -> 0.033669659 | AE63: =J63-AD63 -> 0 | AF63: =Q63-#REF! -> #REF! | AO63: 23021570 | AP63: =EXACT(K63,AO63) -> TRUE | AQ63: 23021570 | AR63: =+AO63-AQ63 -> 0 | AT63: 1,05,03 | AU63: =EXACT(AT63,E63) -> FALSE
E64: 1,05,02 | F64: Imágenes sensores remotos | G64: Consultor | H64: 0.00023035525 | I64: =+AD64 -> 0.00023035525 | J64: =H64*1 -> 0.00023035525 | K64: =ROUND(($G$7*H64),0) -> 157505 | M64: =ROUND(($G$7*I64),0) -> 157505 | N64: =ROUND(($G$7*J64),0) -> 157505 | O64: =+P43 -> 45945 | P64: =+O64+2 -> 45947 | Q64: =-((_xlfn.DAYS(O64,P64))) -> 2 | V64: =O64 -> 45945 | W64: =$W$6 -> 46076 | X64: =IF(W64-V64>Q64,Q64,W64-V64) -> 2 | Y64: =IF(X64<0,0,X64) -> 2 | Z64: 46006 | AA64: via mail | AB64: =IF(Z64=0,Y64,Z64-V64) -> 61 | AC64: =Q64-AB64 -> -59 | AD64: =(H64/Q64)*Y64 -> 0.00023035525 | AE64: =J64-AD64 -> 0 | AF64: =Q64-#REF! -> #REF! | AO64: 157505 | AP64: =EXACT(K64,AO64) -> TRUE | AQ64: 157505 | AR64: =+AO64-AQ64 -> 0 | AT64: 1,05,04 | AU64: =EXACT(AT64,E64) -> FALSE
E65: 1,05,03 | F65: Levantamiento orthofotomosaico drone + postproceso | G65: Consultor | H65: 0.13081394 | I65: =+AD65 -> 0.13081394 | J65: =H65*1 -> 0.13081394 | K65: =ROUND((G7*H65),0) -> 89443800 | M65: =ROUND((G7*I65),0) -> 89443800 | N65: =ROUND(($G$7*J65),0) -> 89443800 | O65: =+O46 -> 45959 | P65: =+O65+25 -> 45984 | Q65: =-((_xlfn.DAYS(O65,P65))) -> 25 | V65: =O65 -> 45959 | W65: =$W$6 -> 46076 | X65: =IF(W65-V65>Q65,Q65,W65-V65) -> 25 | Y65: =IF(X67<0,0,X67) -> 2 | Z65: 46066 | AA65: 056-2026 | AB65: =IF(Z65=0,Y65,Z65-V65) -> 107 | AC65: =Q65-AB65 -> -82 | AD65: =(H65/Q67)*Y65 -> 0.13081394 | AE65: =J65-AD65 -> 0 | AF65: =Q65-#REF! -> #REF! | AO65: 89443800 | AP65: =EXACT(K65,AO65) -> TRUE | AQ65: 89443800 | AR65: =+AO65-AQ65 -> 0 | AT65: 1,05,05 | AU65: =EXACT(AT65,E65) -> FALSE
E66: 1,05,04 | F66: Modelo digital de superficie MDS | O66: =+P65 -> 45984 | P66: =+O66+17 -> 46001 | Q66: =-((_xlfn.DAYS(O66,P66))) -> 17 | V66: =O66 -> 45984 | W66: =$W$6 -> 46076 | X66: =IF(W66-V66>Q66,Q66,W66-V66) -> 17 | Z66: 46066 | AA66: 056-2026 | AB66: =IF(Z66=0,Y66,Z66-V66) -> 82 | AC66: =Q66-AB66 -> -65 | AF66: =Q66-#REF! -> #REF! | AP66: =EXACT(K66,AO66) -> TRUE | AR66: =+AO66-AQ66 -> 0 | AT66: 1,05,06 | AU66: =EXACT(AT66,E66) -> FALSE
E67: 1,05,05 | F67: Cartografia basica generada para el proyecto 1:10000 | O67: =MAX(P63:P66) -> 46001 | P67: =+O67+2 -> 46003 | Q67: =-((_xlfn.DAYS(O67,P67))) -> 2 | V67: =O67 -> 46001 | W67: =$W$6 -> 46076 | X67: =IF(W67-V67>Q67,Q67,W67-V67) -> 2 | Z67: 46066 | AA67: 056-2026 | AB67: =IF(Z67=0,Y67,Z67-V67) -> 65 | AC67: =Q67-AB67 -> -63 | AF67: =Q67-#REF! -> #REF! | AP67: =EXACT(K67,AO67) -> TRUE | AR67: =+AO67-AQ67 -> 0 | AT67: 1,05,07 | AU67: =EXACT(AT67,E67) -> FALSE
E68: 1,05,06 | F68: Geomorfologia a escala 1:10000 para la cuenca y de detalle para el cuerpo de agua | G68: Consultor | H68: 0.059345019 | I68: =+AD68 -> 0.059345019 | J68: =H68*1 -> 0.059345019 | K68: =ROUND(($G$7*H68),0) -> 40577052 | M68: =ROUND(($G$7*I68),0) -> 40577052 | N68: =ROUND(($G$7*J68),0) -> 40577052 | O68: =+P65 -> 45984 | P68: =O68+22 -> 46006 | Q68: =-((_xlfn.DAYS(O68,P68))) -> 22 | V68: =O68 -> 45984 | W68: =$W$6 -> 46076 | X68: =IF(W68-V68>Q68,Q68,W68-V68) -> 22 | Y68: =IF(X68<0,0,X68) -> 22 | Z68: 46066 | AA68: 056-2026 | AB68: =IF(Z68=0,Y68,Z68-V68) -> 82 | AC68: =Q68-AB68 -> -60 | AD68: =(H68/Q68)*Y68 -> 0.059345019 | AE68: =J68-AD68 -> 0 | AF68: =Q68-#REF! -> #REF! | AO68: 40577052 | AP68: =EXACT(K68,AO68) -> TRUE | AQ68: 40577052 | AR68: =+AO68-AQ68 -> 0 | AT68: 1,05,09 | AU68: =EXACT(AT68,E68) -> FALSE
E69: 1,05,07 | F69: Levantamiento de fauna y flora | G69: Consultor | H69: 0.049828048 | I69: =+AD69 -> 0.049828048 | J69: =H69*1 -> 0.049828048 | K69: =ROUND(($G$7*H69),0) -> 34069840 | M69: =ROUND(($G$7*I69),0) -> 34069840 | N69: =ROUND(($G$7*J69),0) -> 34069840 | O69: =+O46+10 -> 45969 | P69: =O69+44 -> 46013 | Q69: =-((_xlfn.DAYS(O69,P69))) -> 44 | V69: =O69 -> 45969 | W69: =$W$6 -> 46076 | X69: =IF(W69-V69>Q69,Q69,W69-V69) -> 44 | Y69: =IF(X69<0,0,X69) -> 44 | Z69: 46066 | AA69: 056-2026 | AB69: =IF(Z69=0,Y69,Z69-V69) -> 97 | AC69: =Q69-AB69 -> -53 | AD69: =(H69/Q69)*Y69 -> 0.049828048 | AE69: =J69-AD69 -> 0 | AF69: =Q69-#REF! -> #REF! | AO69: 34069840 | AP69: =EXACT(K69,AO69) -> TRUE | AQ69: 34069840 | AR69: =+AO69-AQ69 -> 0 | AT69: 1,05,10 | AU69: =EXACT(AT69,E69) -> FALSE
E70: 1,05,08 | F70: Cobertura de tierra 1: 10000 | G70: Consultor | H70: 0.01514939 | I70: =+AD70 -> 0.01514939 | J70: =H70*1 -> 0.01514939 | K70: =ROUND(($G$7*H70),0) -> 10358369 | M70: =ROUND(($G$7*I70),0) -> 10358369 | N70: =ROUND(($G$7*J70),0) -> 10358369 | O70: =+P65 -> 45984 | P70: =+O70+10 -> 45994 | Q70: =-((_xlfn.DAYS(O70,P70))) -> 10 | V70: =O70 -> 45984 | W70: =$W$6 -> 46076 | X70: =IF(W70-V70>Q70,Q70,W70-V70) -> 10 | Y70: =IF(X70<0,0,X70) -> 10 | Z70: 46066 | AA70: 056-2026 | AB70: =IF(Z70=0,Y70,Z70-V70) -> 82 | AC70: =Q70-AB70 -> -72 | AD70: =(H70/Q70)*Y70 -> 0.01514939 | AE70: =J70-AD70 -> 0 | AF70: =Q70-#REF! -> #REF! | AO70: 10358369 | AP70: =EXACT(K70,AO70) -> TRUE | AQ70: 10358369 | AR70: =+AO70-AQ70 -> 0 | AT70: 1,05,13 | AU70: =EXACT(AT70,E70) -> FALSE
E71: 1,05,19 | F71: Informe de Estudios soporte | G71: Consultor | O71: =MAX(P63:P70) -> 46013 | P71: =+O71+5 -> 46018 | Q71: =-((_xlfn.DAYS(O71,P71))) -> 5 | V71: =O71 -> 46013 | W71: =$W$6 -> 46076 | X71: =IF(W71-V71>Q71,Q71,W71-V71) -> 5 | Y71: =IF(X71<0,0,X71) -> 5 | Z71: 46050 | AA71: 056-2026 | AF71: =Q71-#REF! -> #REF! | AO71: 6858271 | AP71: =EXACT(K71,AO71) -> FALSE | AT71: 1,05,14 | AU71: =EXACT(AT71,E71) -> FALSE
E72: 1,05,10 | F72: Revision Informe de Estudios soporte | G72: Interventoria | O72: =+P71+1 -> 46019 | P72: =+O72+5 -> 46024 | Q72: =-((_xlfn.DAYS(O72,P72))) -> 5 | V72: =O72 -> 46019 | W72: =$W$6 -> 46076 | X72: =IF(W72-V72>Q72,Q72,W72-V72) -> 5 | Y72: =IF(X72<0,0,X72) -> 5 | AF72: =Q72-#REF! -> #REF! | AO72: 6858271 | AP72: =EXACT(K72,AO72) -> FALSE | AU72: =EXACT(AT72,E72) -> FALSE
F73: Entrega Informe Mensual Consultor N° 1 | G73: Consultor | O73: 45935 | AO73: 34140595 | AP73: =EXACT(K73,AO73) -> FALSE | AT73: 1.08 | AU73: =EXACT(AT73,E73) -> FALSE
E74: 1.06 | F74: Entrega Informe Consolidado FASE 0B - Estudios Soporte por parte del Consultor | G74: Consultor | O74: =+P71 -> 46018 | P74: =+O74+1 -> 46019 | Q74: =-((_xlfn.DAYS(O74,P74)))+1 -> 2 | Z74: 46050 | AA74: 056-2026 | AP74: =EXACT(K74,AO74) -> TRUE | AT74: 1.09 | AU74: =EXACT(AT74,E74) -> FALSE
E75: 1.07 | F75: Revision de Informe por parte de la Supervision (Validacion) | G75: Supervision | O75: =+P74 -> 46019 | P75: =+O75+7 -> 46026 | Q75: =-((_xlfn.DAYS(O75,P75)))+1 -> 8 | AP75: =EXACT(K75,AO75) -> TRUE | AT75: 1.1 | AU75: =EXACT(AT75,E75) -> FALSE
E76: 1.08 | F76: Revision de Informe por parte de Interventoria (Aprobado/No Aprobado) | G76: Interventoria | O76: =+P75+1 -> 46027 | P76: =+O76+8 -> 46035 | Q76: =-((_xlfn.DAYS(O76,P76)))+1 -> 9 | AP76: =EXACT(K76,AO76) -> TRUE | AT76: 2 | AU76: =EXACT(AT76,E76) -> FALSE
E77: 2 | F77: FASE 1: Delimitación del cauce permanente o de la línea de mareas máximas | H77: =+H79+H86+H89 -> 0.20122009 | I77: =+I79+I86+I89 -> 0.20122009 | J77: =+J79+J86+J89 -> 0.11374055 | K77: =+K79+K86+K89 -> 137583880 | L77: =+'PPTO CONSUL - ANEXO 12'!H13-K77 -> 0 | M77: =+M79+M86+M89 -> 137583880 | N77: =+N79+N86+N89 -> 77769902 | V77: % FASE 1 | AD77: =SUM(AD78:AD92) -> 0.20122009 | AE77: =SUM(AE78:AE92) -> -0.087479535 | AP77: =EXACT(K77,AO77) -> FALSE | AQ77: 137583880 | AT77: 2.01 | AU77: =EXACT(AT77,E77) -> FALSE
E78: 2.01 | F78: Delimitación del Cauce Permanente | AP78: =EXACT(K78,AO78) -> TRUE | AT78: 2.02 | AU78: =EXACT(AT78,E78) -> FALSE
E79: 2.02 | F79: Identificación preliminar de las formas del terreno asociadas al cauce permanente | G79: Consultor | H79: =SUM(H80:H83) -> 0.087769152 | I79: =SUM(I80:I83) -> 0.087769152 | J79: =SUM(J80:J83) -> 0.058147063 | K79: =SUM(K80:K85) -> 60012003 | L79: =+'PPTO CONSUL - ANEXO 12'!H15-K79 -> 0 | M79: =SUM(M80:M85) -> 60012003 | N79: =SUM(N80:N85) -> 39757953 | O79: =MIN(O80:O85) -> 45947 | P79: =MAX(P80:P85) -> 46050 | Q79: =-((_xlfn.DAYS(O79,P79))) -> 103 | V79: =O79 -> 45947 | W79: =$W$6 -> 46076 | X79: =IF(W79-V79>Q79,Q79,W79-V79) -> 103 | Y79: =IF(X79<0,0,X79) -> 103 | Z79: 46050 | AA79: 057-2026 | AF79: =Q79-#REF! -> #REF! | AP79: =EXACT(K79,AO79) -> FALSE | AQ79: 60012003 | AR79: =+AO79-AQ79 -> -60012003 | AT79: 2,02,01 | AU79: =EXACT(AT79,E79) -> FALSE
E80: 2,02,01 | F80: Analisis de Imágenes de sensores remotos y fotografias | G80: Consultor | H80: 0.021942288 | I80: =+AD80 -> 0.021942288 | J80: =H80*1 -> 0.021942288 | K80: =ROUND(($G$7*H80),0) -> 15003001 | M80: =ROUND(($G$7*I80),0) -> 15003001 | N80: =ROUND(($G$7*J80),0) -> 15003001 | O80: =+P64 -> 45947 | P80: =+O80+10 -> 45957 | Q80: =-((_xlfn.DAYS(O80,P80))) -> 10 | V80: =O80 -> 45947 | W80: =$W$6 -> 46076 | X80: =IF(W80-V80>Q80,Q80,W80-V80) -> 10 | Y80: =IF(X80<0,0,X80) -> 10 | Z80: 46050 | AA80: 057-2026 | AB80: =IF(Z80=0,Y80,Z80-V80) -> 103 | AC80: =Q80-AB80 -> -93 | AD80: =(H80/Q80)*Y80 -> 0.021942288 | AE80: =J80-AD80 -> 0 | AF80: =Q80-#REF! -> #REF! | AO80: 137583880 | AP80: =EXACT(K80,AO80) -> FALSE | AQ80: 15003001 | AR80: =+AO80-AQ80 -> 122580879 | AT80: 2,02,02 | AU80: =EXACT(AT80,E80) -> FALSE
E81: 2,02,02 | F81: Analisis desde la geometria hidráulica | G81: Consultor | H81: 0.021942288 | I81: =+AD81 -> 0.021942288 | J81: =H81*0.6 -> 0.013165373 | K81: =ROUND(($G$7*H81),0) -> 15003001 | M81: =ROUND(($G$7*I81),0) -> 15003001 | N81: =ROUND(($G$7*J81),0) -> 9001801 | O81: =+P67 -> 46003 | P81: =+O81+20 -> 46023 | Q81: =-((_xlfn.DAYS(O81,P81))) -> 20 | V81: =O81 -> 46003 | W81: =$W$6 -> 46076 | X81: =IF(W81-V81>Q81,Q81,W81-V81) -> 20 | Y81: =IF(X81<0,0,X81) -> 20 | Z81: 46050 | AA81: 057-2026 | AB81: =IF(Z81=0,Y81,Z81-V81) -> 47 | AC81: =Q81-AB81 -> -27 | AD81: =(H81/Q81)*Y81 -> 0.021942288 | AE81: =J81-AD81 -> -0.0087769152 | AF81: =Q81-#REF! -> #REF! | AP81: =EXACT(K81,AO81) -> FALSE | AQ81: 15003001 | AR81: =+AO81-AQ81 -> -15003001 | AT81: 2,03,04 | AU81: =EXACT(AT81,E81) -> FALSE
E82: 2,03,03 | F82: Delimitación del ancho del cauce permanente - verificacion en campo - Mapa 2 | G82: Consultor | H82: 0.021942288 | I82: =+AD82 -> 0.021942288 | J82: =H82*0.95 -> 0.020845174 | K82: =ROUND(($G$7*H82),0) -> 15003001 | M82: =ROUND(($G$7*I82),0) -> 15003001 | N82: =ROUND(($G$7*J82),0) -> 14252851 | O82: =MAX(P80:P81) -> 46023 | P82: =+O82+15 -> 46038 | Q82: =-((_xlfn.DAYS(O82,P82))) -> 15 | V82: =O82 -> 46023 | W82: =$W$6 -> 46076 | X82: =IF(W82-V82>Q82,Q82,W82-V82) -> 15 | Y82: =IF(X82<0,0,X82) -> 15 | Z82: 46050 | AA82: 057-2026 | AB82: =IF(Z82=0,Y82,Z82-V82) -> 27 | AC82: =Q82-AB82 -> -12 | AD82: =(H82/Q82)*Y82 -> 0.021942288 | AE82: =J82-AD82 -> -0.0010971144 | AF82: =Q82-#REF! -> #REF! | AO82: 60012003 | AP82: =EXACT(K82,AO82) -> FALSE | AQ82: 15003001 | AR82: =+AO82-AQ82 -> 45009002 | AT82: 2,03,05 | AU82: =EXACT(AT82,E82) -> FALSE
E83: 2,03,04 | F83: Delimitación del cauce permanente del sistema lótico. - Mapa 3 | G83: Consultor | H83: 0.021942288 | I83: =+AD83 -> 0.021942288 | J83: =H83*0.1 -> 0.0021942288 | K83: =ROUNDDOWN(($G$7*H83),0) -> 15003000 | M83: =ROUNDDOWN(($G$7*I83),0) -> 15003000 | N83: =ROUND(($G$7*J83),0) -> 1500300 | O83: =+P82 -> 46038 | P83: =+O83+5 -> 46043 | Q83: =-((_xlfn.DAYS(O83,P83))) -> 5 | V83: =O83 -> 46038 | W83: =$W$6 -> 46076 | X83: =IF(W83-V83>Q83,Q83,W83-V83) -> 5 | Y83: =IF(X83<0,0,X83) -> 5 | Z83: 46050 | AA83: 057-2026 | AB83: =IF(Z83=0,Y83,Z83-V83) -> 12 | AC83: =Q83-AB83 -> -7 | AD83: =(H83/Q83)*Y83 -> 0.021942288 | AE83: =J83-AD83 -> -0.019748059 | AF83: =Q83-#REF! -> #REF! | AO83: 15003001 | AP83: =EXACT(K83,AO83) -> FALSE | AQ83: 15003000 | AR83: =+AO83-AQ83 -> 1 | AT83: 2,02,06 | AU83: =EXACT(AT83,E83) -> FALSE
E84: 2,02,05 | F84: Entrega Informe de Identificación preliminar de las formas del terreno asociadas al cauce permanente | G84: Consultor | O84: =MAX(P80:P83) -> 46043 | P84: =+O84+1 -> 46044 | Q84: =-((_xlfn.DAYS(O84,P84))) -> 1 | V84: =O84 -> 46043 | W84: =$W$6 -> 46076 | X84: =IF(W84-V84>Q84,Q84,W84-V84) -> 1 | Y84: =IF(X84<0,0,X84) -> 1 | Z84: 46050 | AA84: 057-2026 | AF84: =Q84-#REF! -> #REF! | AO84: 15003001 | AP84: =EXACT(K84,AO84) -> FALSE | AR84: =+AO84-AQ84 -> 15003001 | AT84: 2,02,07 | AU84: =EXACT(AT84,E84) -> FALSE
E85: 2,02,06 | F85: Revision Informe de Identificación preliminar de las formas del terreno asociadas al cauce permanente | G85: Interventoria | O85: =+P84+1 -> 46045 | P85: =+O85+5 -> 46050 | Q85: =-((_xlfn.DAYS(O85,P85))) -> 5 | V85: =O85 -> 46045 | W85: =$W$6 -> 46076 | X85: =IF(W85-V85>Q85,Q85,W85-V85) -> 5 | Y85: =IF(X85<0,0,X85) -> 5 | Z85: 46050 | AA85: 057-2026 | AF85: =Q85-#REF! -> #REF! | AO85: 15003001 | AP85: =EXACT(K85,AO85) -> FALSE | AR85: =+AO85-AQ85 -> 15003001 | AT85: 2.03 | AU85: =EXACT(AT85,E85) -> FALSE
E86: 2.03 | F86: Delimitacion del ancho del cauce permanente (Verificado en campo) | G86: Consultor | H86: =+'PPTO CONSUL - ANEXO 12'!D16 -> 0.043313029 | I86: =AD86 -> 0.043313029 | J86: =SUM(J87:J88)*1 -> 0.0064969544 | K86: =ROUND(($G$7*H86),0) -> 29615208 | L86: =+'PPTO CONSUL - ANEXO 12'!H16-K86 -> 0 | M86: =ROUND(($G$7*I86),0) -> 29615208 | N86: =ROUND(($G$7*J86),0) -> 4442281 | O86: =MIN(O87:O88) -> 46043 | P86: =MAX(P87:P88) -> 46050 | Q86: =-((_xlfn.DAYS(O86,P86))) -> 7 | V86: =O86 -> 46043 | W86: =$W$6 -> 46076 | X86: =IF(W86-V86>Q86,Q86,W86-V86) -> 7 | Y86: =IF(X86<0,0,X86) -> 7 | Z86: 46050 | AA86: 057-2026 | AB86: =IF(Z86=0,Y86,Z86-V86) -> 7 | AC86: =Q86-AB86 -> 0 | AD86: =(H86/Q86)*Y86 -> 0.043313029 | AE86: =J86-AD86 -> -0.036816075 | AF86: =Q86-#REF! -> #REF! | AO86: 15003000 | AP86: =EXACT(K86,AO86) -> FALSE | AQ86: 29615208 | AR86: =+AO86-AQ86 -> -14612208 | AT86: 2,03,01 | AU86: =EXACT(AT86,E86) -> FALSE
E87: 2,03,01 | F87: Entrega Informe de Delimitacion del ancho del cauce permanente (Verificado en campo) | G87: Consultor | J87: =I86*0.15 -> 0.0064969544 | O87: =MAX(P80:P83) -> 46043 | P87: =+O87+1 -> 46044 | Q87: =-((_xlfn.DAYS(O87,P87))) -> 1 | V87: =O87 -> 46043 | W87: =$W$6 -> 46076 | X87: =IF(W87-V87>Q87,Q87,W87-V87) -> 1 | Y87: =IF(X87<0,0,X87) -> 1 | Z87: 46050 | AA87: 057-2026 | AF87: =Q87-#REF! -> #REF! | AP87: =EXACT(K87,AO87) -> TRUE | AR87: =+AO87-AQ87 -> 0 | AT87: 2,03,02 | AU87: =EXACT(AT87,E87) -> FALSE
E88: 2,03,02 | F88: Revision Informe de Delimitacion del ancho del cauce permanente (Verificado en campo) | G88: Interventoria | O88: =+P87+1 -> 46045 | P88: =+O88+5 -> 46050 | Q88: =-((_xlfn.DAYS(O88,P88))) -> 5 | V88: =O88 -> 46045 | W88: =$W$6 -> 46076 | X88: =IF(W88-V88>Q88,Q88,W88-V88) -> 5 | Y88: =IF(X88<0,0,X88) -> 5 | Z88: 46050 | AA88: 057-2026 | AF88: =Q88-#REF! -> #REF! | AP88: =EXACT(K88,AO88) -> TRUE | AR88: =+AO88-AQ88 -> 0 | AT88: 2.04 | AU88: =EXACT(AT88,E88) -> FALSE
E89: 2.04 | F89: Delimitacion del cauce permanente del sistema lótico | G89: Consultor | H89: =+'PPTO CONSUL - ANEXO 12'!D17 -> 0.070137905 | I89: =AD89 -> 0.070137905 | J89: =H89*0.7 -> 0.049096534 | K89: =ROUND(($G$7*H89),0) -> 47956669 | L89: =+'PPTO CONSUL - ANEXO 12'!H17-K89 -> 0 | M89: =ROUND(($G$7*I89),0) -> 47956669 | N89: =ROUND(($G$7*J89),0) -> 33569668 | O89: =+O86 -> 46043 | P89: =+P86 -> 46050 | Q89: =-((_xlfn.DAYS(O89,P89))) -> 7 | V89: =O89 -> 46043 | W89: =$W$6 -> 46076 | X89: =IF(W89-V89>Q89,Q89,W89-V89) -> 7 | Y89: =IF(X89<0,0,X89) -> 7 | Z89: 46050 | AA89: 057-2026 | AB89: =IF(Z89=0,Y89,Z89-V89) -> 7 | AC89: =Q89-AB89 -> 0 | AD89: =(H89/Q89)*Y89 -> 0.070137905 | AE89: =J89-AD89 -> -0.021041372 | AF89: =Q89-#REF! -> #REF! | AO89: 29615208 | AP89: =EXACT(K89,AO89) -> FALSE | AQ89: 47956669 | AR89: =+AO89-AQ89 -> -18341461 | AT89: 2,04,01 | AU89: =EXACT(AT89,E89) -> FALSE
E90: 2,04,01 | F90: Talleres de Socializacion (2 und) | G90: Consultor | H90: =IFERROR((VLOOKUP(E90,'PPTO CONSUL - ANEXO 12'!$B$6:$G$37,3,0)),0) -> 0 | K90: =ROUND(($G$7*H90),0) -> 0 | M90: =ROUND(($G$7*I90),0) -> 0 | N90: =ROUND(($G$7*J90),0) -> 0 | O90: =+P89 -> 46050 | P90: =+O90+1 -> 46051 | Q90: =-((_xlfn.DAYS(O90,P90))) -> 1 | V90: =O90 -> 46050 | W90: =$W$6 -> 46076 | X90: =IF(W90-V90>Q90,Q90,W90-V90) -> 1 | Y90: =IF(X90<0,0,X90) -> 1 | Z90: 46050 | AA90: 057-2026 | AB90: =IF(Z90=0,Y90,Z90-V90) -> 0 | AC90: =Q90-AB90 -> 1 | AD90: =(H90/Q90)*Y90 -> 0 | AE90: =J90-AD90 -> 0 | AF90: =Q90-#REF! -> #REF! | AP90: =EXACT(K90,AO90) -> FALSE | AQ90: 0 | AR90: =+AO90-AQ90 -> 0 | AT90: 2,04,02 | AU90: =EXACT(AT90,E90) -> FALSE
E91: 2,04,02 | F91: Entrega Informe de Delimitacion del cauce permanente del sistema lótico | G91: Consultor | O91: =MAX(P89:P90) -> 46051 | P91: =+O91+1 -> 46052 | Q91: =-((_xlfn.DAYS(O91,P91))) -> 1 | V91: =O91 -> 46051 | W91: =$W$6 -> 46076 | X91: =IF(W91-V91>Q91,Q91,W91-V91) -> 1 | Y91: =IF(X91<0,0,X91) -> 1 | Z91: 46050 | AA91: 057-2026 | AF91: =Q91-#REF! -> #REF! | AP91: =EXACT(K91,AO91) -> TRUE | AR91: =+AO91-AQ91 -> 0 | AT91: 2,04,03 | AU91: =EXACT(AT91,E91) -> FALSE
E92: 2,04,03 | F92: Revision Informe de Delimitacion del cauce permanente del sistema lótico | G92: Interventoria | O92: =+P91+1 -> 46053 | P92: =+O92+5 -> 46058 | Q92: =-((_xlfn.DAYS(O92,P92))) -> 5 | V92: =O92 -> 46053 | W92: =$W$6 -> 46076 | X92: =IF(W92-V92>Q92,Q92,W92-V92) -> 5 | Y92: =IF(X92<0,0,X92) -> 5 | Z92: 46050 | AA92: 057-2026 | AF92: =Q92-#REF! -> #REF! | AO92: 47956669 | AP92: =EXACT(K92,AO92) -> FALSE | AR92: =+AO92-AQ92 -> 47956669 | AU92: =EXACT(AT92,E92) -> FALSE
F93: Entrega Informe Mensual Consultor N° 2 | G93: Consultor | O93: 45966 | AO93: 0 | AP93: =EXACT(K93,AO93) -> FALSE | AR93: =+AO93-AQ93 -> 0 | AT93: 2.05 | AU93: =EXACT(AT93,E93) -> FALSE
E94: 2.05 | F94: Entrega Informe Consolidado FASE 1 por parte del Consultor | G94: Consultor | O94: =MAX(P85,P88,P92) -> 46058 | P94: =+O94+1 -> 46059 | Q94: =-((_xlfn.DAYS(O94,P94)))+1 -> 2 | Z94: 46050 | AA94: 057-2026 | AP94: =EXACT(K94,AO94) -> TRUE | AR94: =+AO94-AQ94 -> 0 | AT94: 2.06 | AU94: =EXACT(AT94,E94) -> FALSE
E95: 2.06 | F95: Revision de Informe por parte de la Supervision (Validacion) | G95: Supervision | O95: =+P94+1 -> 46060 | P95: =+O95+7 -> 46067 | Q95: =-((_xlfn.DAYS(O95,P95)))+1 -> 8 | AP95: =EXACT(K95,AO95) -> TRUE | AR95: =+AO95-AQ95 -> 0 | AT95: 2.07 | AU95: =EXACT(AT95,E95) -> FALSE
E96: 2.07 | F96: Revision de Informe por parte de Interventoria (Aprobado/No Aprobado) | G96: Interventoria | O96: =+P95+1 -> 46068 | P96: =+O96+7 -> 46075 | Q96: =-((_xlfn.DAYS(O96,P96)))+1 -> 8 | AP96: =EXACT(K96,AO96) -> TRUE | AR96: =+AO96-AQ96 -> 0 | AT96: 3 | AU96: =EXACT(AT96,E96) -> FALSE
E97: 3 | F97: FASE 2. Definición del límite físico y de estrategias para el manejo ambiental de la ronda hídrica | H97: =+H99+H105+H112+H120+H126 -> 0.33532121 | I97: =+I99+I105+I112+I120+I126 -> 0.32558332 | J97: =+J99+J105+J112+J120+J126 -> 0.14165335 | K97: =+K99+K105+K112+K120+K126 -> 229275285 | L97: =+'PPTO CONSUL - ANEXO 12'!H18-K97 -> 0 | M97: =+M99+M105+M112+M120+M126 -> 222617018 | N97: =+N99+N105+N112+N120+N126 -> 96855232 | V97: % FASE 2 | AD97: =SUM(AD99:AD143) -> 0.32558332 | AE97: =SUM(AE99:AE143) -> -0.18392996 | AP97: =EXACT(K97,AO97) -> FALSE | AQ97: 229275285 | AR97: =+AO97-AQ97 -> -229275285 | AT97: 3.01 | AU97: =EXACT(AT97,E97) -> FALSE
E98: 3.01 | F98: Límite físico | AP98: =EXACT(K98,AO98) -> TRUE | AR98: =+AO98-AQ98 -> 0 | AT98: 3.02 | AU98: =EXACT(AT98,E98) -> FALSE
E99: 3.02 | F99: Delimitación del componente geomorfológico | G99: Consultor | H99: =SUM(H100:H102) -> 0.021600093 | I99: =SUM(I100:I102) -> 0.021600093 | J99: =SUM(J100:J102) -> 0.018720081 | K99: =SUM(K100:K102) -> 14769026 | L99: =+'PPTO CONSUL - ANEXO 12'!H20-K99 -> 0 | M99: =SUM(M100:M102) -> 14769026 | N99: =SUM(N100:N102) -> 12799823 | O99: =MIN(O100:O104) -> 46008 | P99: =MAX(P100:P104) -> 46040 | Q99: =-((_xlfn.DAYS(O99,P99))) -> 32 | V99: =O99 -> 46008 | W99: =$W$6 -> 46076 | X99: =IF(W99-V99>Q99,Q99,W99-V99) -> 32 | Y99: =IF(X99<0,0,X99) -> 32 | Z99: 46050 | AA99: 058-2026 | AF99: =Q99-#REF! -> #REF! | AP99: =EXACT(K99,AO99) -> FALSE | AQ99: 14769026 | AR99: =+AO99-AQ99 -> -14769026 | AT99: 3,02,01 | AU99: =EXACT(AT99,E99) -> FALSE
E100: 3,02,01 | F100: Geoformas asociadas a la Ronda hídrica - Mapa 7 | G100: Consultor | H100: 0.0072000311 | I100: =+AD100 -> 0.0072000311 | J100: =H100*0.9 -> 0.006480028 | K100: =ROUND(($G$7*H100),0) -> 4923009 | M100: =ROUND(($G$7*I100),0) -> 4923009 | N100: =ROUND(($G$7*J100),0) -> 4430708 | O100: =+P67+5 -> 46008 | P100: =+O100+10 -> 46018 | Q100: =-((_xlfn.DAYS(O100,P100))) -> 10 | V100: =O100 -> 46008 | W100: =$W$6 -> 46076 | X100: =IF(W100-V100>Q100,Q100,W100-V100) -> 10 | Y100: =IF(X100<0,0,X100) -> 10 | Z100: 46050 | AA100: 058-2026 | AB100: =IF(Z100=0,Y100,Z100-V100) -> 42 | AC100: =Q100-AB100 -> -32 | AD100: =(H100/Q100)*Y100 -> 0.0072000311 | AE100: =J100-AD100 -> -0.00072000311 | AF100: =Q100-#REF! -> #REF! | AO100: 229275285 | AP100: =EXACT(K100,AO100) -> FALSE | AQ100: 4923009 | AR100: =+AO100-AQ100 -> 224352276 | AT100: 3,02,02 | AU100: =EXACT(AT100,E100) -> FALSE
E101: 3,02,02 | F101: Geoformas y evidencias en campo - Mapa 8 | G101: Consultor | H101: 0.0072000311 | I101: =+AD101 -> 0.0072000311 | J101: =H101*0.8 -> 0.0057600249 | K101: =ROUND(($G$7*H101),0) -> 4923009 | M101: =ROUND(($G$7*I101),0) -> 4923009 | N101: =ROUND(($G$7*J101),0) -> 3938407 | O101: =O100 -> 46008 | P101: =+O101+10 -> 46018 | Q101: =-((_xlfn.DAYS(O101,P101))) -> 10 | V101: =O101 -> 46008 | W101: =$W$6 -> 46076 | X101: =IF(W101-V101>Q101,Q101,W101-V101) -> 10 | Y101: =IF(X101<0,0,X101) -> 10 | Z101: 46050 | AA101: 058-2026 | AB101: =IF(Z101=0,Y101,Z101-V101) -> 42 | AC101: =Q101-AB101 -> -32 | AD101: =(H101/Q101)*Y101 -> 0.0072000311 | AE101: =J101-AD101 -> -0.0014400062 | AF101: =Q101-#REF! -> #REF! | AP101: =EXACT(K101,AO101) -> FALSE | AQ101: 4923009 | AR101: =+AO101-AQ101 -> -4923009 | AT101: 3,02,03 | AU101: =EXACT(AT101,E101) -> FALSE
E102: 3,02,03 | F102: Delimitacion del Componente geomorfologico - Mapa 9 | G102: Consultor | H102: 0.0072000311 | I102: =+AD102 -> 0.0072000311 | J102: =H102*0.9 -> 0.006480028 | K102: =ROUNDDOWN(($G$7*H102),0) -> 4923008 | M102: =ROUNDDOWN(($G$7*I102),0) -> 4923008 | N102: =ROUND(($G$7*J102),0) -> 4430708 | O102: =MAX(P100:P101) -> 46018 | P102: =+O102+15 -> 46033 | Q102: =-((_xlfn.DAYS(O102,P102))) -> 15 | V102: =O102 -> 46018 | W102: =$W$6 -> 46076 | X102: =IF(W102-V102>Q102,Q102,W102-V102) -> 15 | Y102: =IF(X102<0,0,X102) -> 15 | Z102: 46050 | AA102: 058-2026 | AB102: =IF(Z102=0,Y102,Z102-V102) -> 32 | AC102: =Q102-AB102 -> -17 | AD102: =(H102/Q102)*Y102 -> 0.0072000311 | AE102: =J102-AD102 -> -0.00072000311 | AF102: =Q102-#REF! -> #REF! | AO102: 14769026 | AP102: =EXACT(K102,AO102) -> FALSE | AQ102: 4923008 | AR102: =+AO102-AQ102 -> 9846018 | AT102: 3,02,04 | AU102: =EXACT(AT102,E102) -> FALSE
E103: 3,02,04 | F103: Entrega Informe de Delimitación del componente geomorfológico | G103: Consultor | O103: =MAX(P100:P102) -> 46033 | P103: =+O103+1 -> 46034 | Q103: =-((_xlfn.DAYS(O103,P103))) -> 1 | V103: =O103 -> 46033 | W103: =$W$6 -> 46076 | X103: =IF(W103-V103>Q103,Q103,W103-V103) -> 1 | Y103: =IF(X103<0,0,X103) -> 1 | Z103: 46050 | AA103: 058-2026 | AF103: =Q103-#REF! -> #REF! | AO103: 4923009 | AP103: =EXACT(K103,AO103) -> FALSE | AR103: =+AO103-AQ103 -> 4923009 | AT103: 3,02,05 | AU103: =EXACT(AT103,E103) -> FALSE
...

Sheet FLUJO DE EJECUCION
C3: ANEXO 1 - IND. FISICO Y FINANCIERO - ESTUDIOS PARA LA DELIMITACIÓN DE LA RONDA HÍDRICA DE LA QUEBRADA LAS GACHAS EN EL MUNICIPIO DE GUADALUPE, SANTANDER - No. CM2-008-2025
C5: GACHAS - GUADALUPE | D5: 45902 | E5: =+D5+6 -> 45908 | F5: =+E5+7 -> 45915 | G5: =+F5+7 -> 45922 | H5: =+G5+7 -> 45929 | I5: =+H5+7 -> 45936 | J5: =+I5+7 -> 45943 | K5: =+J5+7 -> 45950 | L5: =+K5+7 -> 45957 | M5: =+L5+7 -> 45964 | ... AD5: =+AC5+7 -> 46083
C6: ='Linea Base 1 - 160925'!G7 -> 683748240 | D6: SEM 0 | E6: SEM 1 | F6: SEM 2 | G6: SEM 3 | H6: SEM 4 | I6: SEM 5 | J6: SEM 6 | K6: SEM 7 | L6: SEM 8 | M6: SEM 9 | N6: SEM 10 | O6: SEM 11 | P6: SEM 12 | Q6: SEM 13 | R6: SEM 14 | S6: SEM 15 | T6: SEM 16 | U6: SEM 17 | V6: SEM 18 | W6: SEM 19 | X6: SEM 20 | Y6: SEM 21 | Z6: SEM 22 | AA6: SEM 23 | AB6: SEM 24 | AC6: SEM 25 | AD6: SEM 26
C7: % Fisico Prog. LB 1 | D7: 0 | E7: 0 | F7: 0.043161928 | G7: 0.10112433 | H7: 0.16633523 | I7: 0.17393949 | J7: 0.1744223 | K7: 0.18868167 | L7: 0.20832231 | M7: 0.21084232 | N7: 0.29069683 | O7: 0.43081728 | P7: 0.52263017 | Q7: 0.57923862 | R7: 0.63318417 | S7: 0.68988588 | T7: 0.74271775 | U7: 0.89232047 | V7: 0.92487915 | W7: 0.94932568 | X7: 0.96081874 | Y7: 0.97018709 | Z7: 0.99026211 | AA7: 0.99026211 | AB7: 0.99026211 | AC7: 0.99513105 | AD7: 1
C8: % Fisico Prog. LB 2 (Vigente) | D8: 0 | E8: 0 | F8: 0.043161928 | G8: 0.10112433 | H8: 0.16633523 | I8: 0.17393949 | J8: 0.1744223 | K8: 0.18123534 | L8: 0.19659494 | M8: 0.19659494 | N8: 0.20110449 | O8: 0.21688794 | P8: 0.23688382 | Q8: 0.28215434 | R8: 0.31985017 | S8: 0.48076515 | T8: 0.50694718 | U8: 0.55520162 | V8: 0.59209154 | W8: 0.63398087 | X8: 0.71200248 | Y8: 0.84078715 | Z8: 0.95328117 | AA8: 0.99026211 | AB8: 0.99026211 | AC8: 0.99026211 | AD8: 1
C9: % Fisico Ejecutado | D9: 0 | E9: 0 | F9: 0 | G9: 0 | H9: 0.052809498 | I9: 0.14919736 | J9: 0.15312092 | K9: 0.16573505 | L9: 0.17442562 | M9: 0.2125355 | N9: 0.24734728 | O9: 0.24734728 | P9: 0.3489719 | Q9: 0.3729706 | R9: 0.3729706 | S9: 0.3729706 | T9: 0.3729706 | U9: 0.39913339 | V9: 0.39913339 | W9: 0.42410893 | X9: 0.42410893 | Y9: 0.42410893 | Z9: 0.5681145 | AA9: 0.585918 | AB9: 0.6442704 | AC9: 0.71885261
C10: Finan. Progr. LB 1 | D10: =($C$6*D7)/1000 -> 0 | E10: =($C$6*E7)/1000 -> 0 | F10: =($C$6*F7)/1000 -> 29511.892 | G10: =($C$6*G7)/1000 -> 69143.583 | H10: =($C$6*H7)/1000 -> 113731.42 | I10: =($C$6*I7)/1000 -> 118930.82 | J10: =($C$6*J7)/1000 -> 119260.94 | K10: =($C$6*K7)/1000 -> 129010.76 | ... AD10: =($C$6*AD7)/1000 -> 683748.24
C11: Finan. Progr. LB 2 (Vigente) | D11: =($C$6*D8)/1000 -> 0 | E11: =($C$6*E8)/1000 -> 0 | F11: =($C$6*F8)/1000 -> 29511.892 | G11: =($C$6*G8)/1000 -> 69143.583 | H11: =($C$6*H8)/1000 -> 113731.42 | I11: =($C$6*I8)/1000 -> 118930.82 | J11: =($C$6*J8)/1000 -> 119260.94 | K11: =($C$6*K8)/1000 -> 123919.34 | ... AD11: =($C$6*AD8)/1000 -> 683748.24
C12: $ Financiero Ejecutado | D12: =($C$6*D9)/1000 -> 0 | E12: =($C$6*E9)/1000 -> 0 | F12: =($C$6*F9)/1000 -> 0 | G12: =($C$6*G9)/1000 -> 0 | H12: =($C$6*H9)/1000 -> 36108.401 | I12: =($C$6*I9)/1000 -> 102013.43 | J12: =($C$6*J9)/1000 -> 104696.16 | K12: =($C$6*K9)/1000 -> 113321.05 | ... AC12: =($C$6*AC9)/1000 -> 491514.21
C13: Dif. Fisica LB 1 | D13: =D9-D7 -> 0 | E13: =E9-E7 -> 0 | F13: =F9-F7 -> -0.043161928 | G13: =G9-G7 -> -0.10112433 | H13: =H9-H7 -> -0.11352574 | I13: =I9-I7 -> -0.024742128 | J13: =J9-J7 -> -0.021301376 | K13: =K9-K7 -> -0.022946622 | ... AC13: =AC9-AC7 -> -0.27627844
C14: Dif. Fisica LB 2 (Vigente) | D14: =D9-D8 -> 0 | E14: =E9-E8 -> 0 | F14: =F9-F8 -> -0.043161928 | G14: =G9-G8 -> -0.10112433 | H14: =H9-H8 -> -0.11352574 | I14: =I9-I8 -> -0.024742128 | J14: =J9-J8 -> -0.021301376 | K14: =K9-K8 -> -0.015500284 | ... AC14: =AC9-AC8 -> -0.2714095
C15: Dif. Financiera LB 1 | D15: =D12-D10 -> 0 | E15: =E12-E10 -> 0 | F15: =F12-F10 -> -29511.892 | G15: =G12-G10 -> -69143.583 | H15: =H12-H10 -> -77623.023 | I15: =I12-I10 -> -16917.386 | J15: =J12-J10 -> -14564.778 | K15: =K12-K10 -> -15689.712 | ... AC15: =AC12-AC10 -> -188904.9
C16: Dif. Financiera LB 2 (Vigente) | D16: =D12-D11 -> 0 | E16: =E12-E11 -> 0 | F16: =F12-F11 -> -29511.892 | G16: =G12-G11 -> -69143.583 | H16: =H12-H11 -> -77623.023 | I16: =I12-I11 -> -16917.386 | J16: =J12-J11 -> -14564.778 | K16: =K12-K11 -> -10598.292 | ... AC16: =AC12-AC11 -> -185575.77

Sheet Acta N° 1
B2: 1 | C2: 2 | D2: 3 | E2: 4 | F2: 5 | G2: 6
C3: PPTO CONSULTORIA - ESTUDIOS PARA LA DELIMITACIÓN DE LA RONDA HÍDRICA DE LA QUEBRADA LAS GACHAS EN EL MUNICIPIO DE GUADALUPE, SANTANDER - No. CM2-008-2025 | H3: ACTA No.1 Periodo de Pago: 02-Sep-2025 a 01-Dic-2025 | J3: ACUMULADO | T3: FLUJO DE CAJA
C4: ACTIVIDADES | D4: % | E4: UND | F4: CANTIDAD | G4: VALOR TOTAL | H4: % Ejecutado | I4: Valor Ejecutado | J4: % Ejecutado | K4: Valor Ejecutado | M4: VALOR TOTAL (INCLUYE IVA) | N4: % | O4: VERIF | R4: % | T4: MES 1 | U4: MES 2 | V4: MES 3 | W4: MES 4 | X4: MES 5 | Y4: MES 6 | Z4: TOTAL | AB4: DIFERENCIA
B5: ITEM | C5: FASE 0. Acciones previas - Declaratoria | D5: =SUM(D6:D12) -> 0.4634587 | G5: =SUM(G6:G12) -> 266293339 | I5: =SUM(I6:I12) -> 2.1430084e+08 | K5: =SUM(K6:K12) -> 2.1430084e+08 | M5: =SUM(M6:M12) -> 316889075 | T5: =SUM(T6:T12) -> 1.3470922e+08 | U5: =SUM(U6:U12) -> 1.3158412e+08 | V5: =SUM(V6:V12) -> 0 | W5: =SUM(W6:W12) -> 0 | X5: =SUM(X6:X12) -> 0 | Y5: =SUM(Y6:Y12) -> 0 | Z5: =SUM(Z6:Z12) -> 266293339
B6: 1.01 | C6: Priorización de cuerpos de agua para el acotamiento de su ronda hídrica | D6: =(G6)/$G$37 -> 0.03379667 | E6: GLB | F6: 1 | G6: 19418835 | H6: 0.03379667 | I6: =H6*$G$37 -> 19418835 | J6: =H6 -> 0.03379667 | K6: =J6*$G$37 -> 19418835 | M6: =ROUND((G6*1.19),0) -> 23108414 | N6: =M6/$M$37 -> 0.033796671 | O6: =+D6-N6 -> -5.1534432e-10 | T6: =$G6*0.5 -> 9709417.5 | U6: =$G6*0.5 -> 9709417.5 | Z6: =SUM(T6:Y6) -> 19418835 | AB6: =+G6-Z6 -> 0
B7: 1.02 | C7: Recopilación de información secundaria | D7: =(G7)/$G$37 -> 0.03379667 | E7: GLB | F7: 1 | G7: 19418835 | H7: 0.03379667 | I7: =H7*$G$37 -> 19418835 | J7: =H7 -> 0.03379667 | K7: =J7*$G$37 -> 19418835 | M7: =ROUND((G7*1.19),0) -> 23108414 | N7: =M7/$M$37 -> 0.033796671 | O7: =+D7-N7 -> -5.1534432e-10 | T7: =$G7*0.5 -> 9709417.5 | U7: =$G7*0.5 -> 9709417.5 | Z7: =SUM(T7:Y7) -> 19418835 | AB7: =+G7-Z7 -> 0
B8: 1.03 | C8: Diseño de la estrategia de participación | D8: =(G8)/$G$37 -> 0.0054389449 | E8: GLB | F8: 1 | G8: 3125100 | H8: 0.0054389449 | I8: =H8*$G$37 -> 3125100 | J8: =H8 -> 0.0054389449 | K8: =J8*$G$37 -> 3125100 | M8: =ROUND((G8*1.19),0) -> 3718869 | N8: =M8/$M$37 -> 0.0054389449 | O8: =+D8-N8 -> -5.5682195e-13 | T8: =$G8*1 -> 3125100 | Z8: =SUM(T8:Y8) -> 3125100 | AB8: =+G8-Z8 -> 0
B9: 1.04 | C9: Diseño conceptual de la base de datos geográfica | D9: =(G9)/$G$37 -> 0.03379667 | E9: GLB | F9: 1 | G9: 19418835 | H9: 0.03379667 | I9: =H9*$G$37 -> 19418835 | J9: =H9 -> 0.03379667 | K9: =J9*$G$37 -> 19418835 | M9: =ROUND((G9*1.19),0) -> 23108414 | N9: =M9/$M$37 -> 0.033796671 | O9: =+D9-N9 -> -5.1534432e-10 | T9: =$G9*0.5 -> 9709417.5 | U9: =$G9*0.5 -> 9709417.5 | Z9: =SUM(T9:Y9) -> 19418835 | AB9: =+G9-Z9 -> 0
B10: 1.05 | C10: Estudios soporte | D10: =(G10)/$G$37 -> 0.28903641 | E10: GLB | F10: 1 | G10: 166074064 | H10: 0.19854831 | I10: =H10*$G$37 -> 1.1408156e+08 | J10: =H10 -> 0.19854831 | K10: =J10*$G$37 -> 1.1408156e+08 | M10: =ROUND((G10*1.19),0) -> 197628136 | N10: =M10/$M$37 -> 0.28903641 | O10: =+D10-N10 -> 2.044136e-10 | T10: =$G10*0.5 -> 83037032 | U10: =$G10*0.5 -> 83037032 | Z10: =SUM(T10:Y10) -> 166074064 | AB10: =+G10-Z10 -> 0
B11: 1.06 | C11: Programación de actividades | D11: =(G11)/$G$37 -> 0.03379667 | E11: GLB | F11: 1 | G11: 19418835 | H11: 0.03379667 | I11: =H11*$G$37 -> 19418835 | J11: =H11 -> 0.03379667 | K11: =J11*$G$37 -> 19418835 | M11: =ROUND((G11*1.19),0) -> 23108414 | N11: =M11/$M$37 -> 0.033796671 | O11: =+D11-N11 -> -5.1534432e-10 | T11: =$G11*0.5 -> 9709417.5 | U11: =$G11*0.5 -> 9709417.5 | Z11: =SUM(T11:Y11) -> 19418835 | AB11: =+G11-Z11 -> 0
B12: 1.07 | C12: Plan Operativo | D12: =(G12)/$G$37 -> 0.03379667 | E12: GLB | F12: 1 | G12: 19418835 | H12: 0.03379667 | I12: =H12*$G$37 -> 19418835 | J12: =H12 -> 0.03379667 | K12: =J12*$G$37 -> 19418835 | M12: =ROUND((G12*1.19),0) -> 23108414 | N12: =M12/$M$37 -> 0.033796671 | O12: =+D12-N12 -> -5.1534432e-10 | T12: =$G12*0.5 -> 9709417.5 | U12: =$G12*0.5 -> 9709417.5 | Z12: =SUM(T12:Y12) -> 19418835 | AB12: =+G12-Z12 -> 0
C13: FASE 1: Delimitación del cauce permanente o de la línea de mareas máximas | D13: =SUM(D15:D17) -> 0.20122009 | G13: =SUM(G15:G17) -> 115616706 | I13: =SUM(I15:I17) -> 0 | K13: =SUM(K15:K17) -> 0 | M13: =SUM(M15:M17) -> 137583880 | T13: =SUM(T15:T17) -> 0 | U13: =SUM(U15:U17) -> 0 | V13: =SUM(V15:V17) -> 115616706 | W13: =SUM(W15:W17) -> 0 | X13: =SUM(X15:X17) -> 0 | Y13: =SUM(Y15:Y17) -> 0 | Z13: =SUM(Z15:Z17) -> 115616706 | AB13: =+G13-Z13 -> 0
B14: 2.01 | C14: Delimitación del Cauce Permanente | AB14: =+G14-Z14 -> 0
B15: 2.02 | C15: Identificación preliminar de las formas del terreno asociadas al cauce permanente | D15: =(G15)/$G$37 -> 0.087769152 | E15: GLB | F15: 1 | G15: 50430255 | H15: 0 | I15: =H15*$G$37 -> 0 | J15: =H15 -> 0 | K15: =J15*$G$37 -> 0 | M15: =ROUND((G15*1.19),0) -> 60012003 | N15: =M15/$M$37 -> 0.087769152 | O15: =+D15-N15 -> 6.4915144e-10 | V15: =$G15*1 -> 50430255 | Z15: =SUM(T15:Y15) -> 50430255 | AB15: =+G15-Z15 -> 0
B16: 2.03 | C16: Delimitación el ancho del cauce permanente y verificarlo en campo | D16: =(G16)/$G$37 -> 0.043313029 | E16: GLB | F16: 1 | G16: 24886729 | H16: 0 | I16: =H16*$G$37 -> 0 | J16: =H16 -> 0 | K16: =J16*$G$37 -> 0 | M16: =ROUND((G16*1.19),0) -> 29615208 | N16: =M16/$M$37 -> 0.04331303 | O16: =+D16-N16 -> -7.2107229e-10 | V16: =$G16*1 -> 24886729 | Z16: =SUM(T16:Y16) -> 24886729 | AB16: =+G16-Z16 -> 0
B17: 2.04 | C17: Delimitación el cauce permanente del sistema lótico | D17: =(G17)/$G$37 -> 0.070137905 | E17: GLB | F17: 1 | G17: 40299722 | H17: 0 | I17: =H17*$G$37 -> 0 | J17: =H17 -> 0 | K17: =J17*$G$37 -> 0 | M17: =ROUND((G17*1.19),0) -> 47956669 | N17: =M17/$M$37 -> 0.070137905 | O17: =+D17-N17 -> 2.5607429e-10 | V17: =$G17*1 -> 40299722 | Z17: =SUM(T17:Y17) -> 40299722 | AB17: =+G17-Z17 -> 0
C18: FASE 2. Definición del límite físico y de estrategias para el manejo ambiental de la ronda hídrica | D18: =SUM(D20:D36) -> 0.33532121 | G18: =SUM(G20:G36) -> 192668308 | I18: =SUM(I20:I36) -> 0 | K18: =SUM(K20:K36) -> 0 | M18: =SUM(M20:M36) -> 229275285 | T18: =SUM(T20:T36) -> 0 | U18: =SUM(U20:U36) -> 0 | V18: =SUM(V20:V36) -> 0 | W18: =SUM(W20:W36) -> 99645384 | X18: =SUM(X20:X36) -> 45853736 | Y18: =SUM(Y20:Y36) -> 47169188 | Z18: =SUM(Z20:Z36) -> 192668308 | AB18: =+G18-Z18 -> 0
B19: 3.01 | C19: Definición del límite físico | AB19: =+G19-Z19 -> 0
B20: 3.02 | C20: Delimitación del componente geomorfológico | D20: =(G20)/$G$37 -> 0.021600093 | E20: GLB | F20: 1 | G20: 12410946 | H20: 0 | I20: =H20*$G$37 -> 0 | J20: =H20 -> 0 | K20: =J20*$G$37 -> 0 | M20: =ROUND((G20*1.19),0) -> 14769026 | N20: =M20/$M$37 -> 0.021600094 | O20: =+D20-N20 -> -3.8246827e-10 | W20: =$G20*1 -> 12410946 | Z20: =SUM(T20:Y20) -> 12410946 | AB20: =+G20-Z20 -> 0
B21: 3.03 | C21: Delimitación del componente hidrológico | D21: =(G21)/$G$37 -> 0.021600093 | E21: GLB | F21: 1 | G21: 12410946 | H21: 0 | I21: =H21*$G$37 -> 0 | J21: =H21 -> 0 | K21: =J21*$G$37 -> 0 | M21: =ROUND((G21*1.19),0) -> 14769026 | N21: =M21/$M$37 -> 0.021600094 | O21: =+D21-N21 -> -3.8246827e-10 | W21: =$G21*1 -> 12410946 | Z21: =SUM(T21:Y21) -> 12410946 | AB21: =+G21-Z21 -> 0
B22: 3.04 | C22: Delimitación del componente ecosistémico | D22: =(G22)/$G$37 -> 0.10862321 | E22: GLB | F22: 1 | G22: 62412546 | H22: 0 | I22: =H22*$G$37 -> 0 | J22: =H22 -> 0 | K22: =J22*$G$37 -> 0 | M22: =ROUND((G22*1.19),0) -> 74270930 | N22: =M22/$M$37 -> 0.10862321 | O22: =+D22-N22 -> -3.9137743e-10 | W22: =$G22*1 -> 62412546 | Z22: =SUM(T22:Y22) -> 62412546 | AB22: =+G22-Z22 -> 0
B23: 3.05 | C23: Definición del límite físico de la ronda hídrica | D23: =(G23)/$G$37 -> 0.021600093 | E23: GLB | F23: 1 | G23: 12410946 | H23: 0 | I23: =H23*$G$37 -> 0 | J23: =H23 -> 0 | K23: =J23*$G$37 -> 0 | M23: =ROUND((G23*1.19),0) -> 14769026 | N23: =M23/$M$37 -> 0.021600094 | O23: =+D23-N23 -> -3.8246827e-10 | W23: =$G23*1 -> 12410946 | Z23: =SUM(T23:Y23) -> 12410946 | AB23: =+G23-Z23 -> 0
B24: 3.06 | C24: Directrices para el manejo ambiental de las rondas hídricas | AB24: =+G24-Z24 -> 0
B25: 3,06,01 | C25: Aprobación de las generalidades | D25: =(G25)/$G$37 -> 0.01487304 | E25: GLB | F25: 1 | G25: 8545727 | H25: 0 | I25: =H25*$G$37 -> 0 | J25: =H25 -> 0 | K25: =J25*$G$37 -> 0 | M25: =ROUND((G25*1.19),0) -> 10169415 | N25: =M25/$M$37 -> 0.01487304 | O25: =+D25-N25 -> 1.886058e-10 | X25: =$G25*1 -> 8545727 | Z25: =SUM(T25:Y25) -> 8545727 | AB25: =+G25-Z25 -> 0
B26: 3,06,02 | C26: Identificación de los elementos constituyentes de la ronda hídrica establecidos en el artículo 206 de la Ley 1450 de 2011 | D26: =(G26)/$G$37 -> 0.01487304 | E26: GLB | F26: 1 | G26: 8545727 | H26: 0 | I26: =H26*$G$37 -> 0 | J26: =H26 -> 0 | K26: =J26*$G$37 -> 0 | M26: =ROUND((G26*1.19),0) -> 10169415 | N26: =M26/$M$37 -> 0.01487304 | O26: =+D26-N26 -> 1.886058e-10 | X26: =$G26*1 -> 8545727 | Z26: =SUM(T26:Y26) -> 8545727 | AB26: =+G26-Z26 -> 0
B27: 3,06,03 | C27: Identificación de actores | D27: =(G27)/$G$37 -> 0.039134278 | E27: GLB | F27: 1 | G27: 22485709 | H27: 0 | I27: =H27*$G$37 -> 0 | J27: =H27 -> 0 | K27: =J27*$G$37 -> 0 | M27: =ROUND((G27*1.19),0) -> 26757994 | N27: =M27/$M$37 -> 0.039134278 | O27: =+D27-N27 -> -4.2813916e-10 | X27: =$G27*0.519033122388256 -> 11670828 | Y27: =$G27*0.480966877611744 -> 10814881 | Z27: =SUM(T27:Y27) -> 22485709 | AB27: =+G27-Z27 -> 0
B28: 3,06,04 | C28: Identificación de servicios ecosistémicos | D28: =(G28)/$G$37 -> 0.01487304 | E28: GLB | F28: 1 | G28: 8545727 | H28: 0 | I28: =H28*$G$37 -> 0 | J28: =H28 -> 0 | K28: =J28*$G$37 -> 0 | M28: =ROUND((G28*1.19),0) -> 10169415 | N28: =M28/$M$37 -> 0.01487304 | O28: =+D28-N28 -> 1.886058e-10 | X28: =$G28*1 -> 8545727 | Z28: =SUM(T28:Y28) -> 8545727 | AB28: =+G28-Z28 -> 0
B29: 3,06,05 | C29: Estrategias para el manejo ambiental de las rondas hídricas. | D29: =(G29)/$G$37 -> 0.01487304 | E29: GLB | F29: 1 | G29: 8545727 | H29: 0 | I29: =H29*$G$37 -> 0 | J29: =H29 -> 0 | K29: =J29*$G$37 -> 0 | M29: =ROUND((G29*1.19),0) -> 10169415 | N29: =M29/$M$37 -> 0.01487304 | O29: =+D29-N29 -> 1.886058e-10 | X29: =$G29*1 -> 8545727 | Z29: =SUM(T29:Y29) -> 8545727 | AB29: =+G29-Z29 -> 0
B30: 3.12 | C30: Remisión de los resultados del acotamiento de las rondas hídricas y de sus estrategias para el manejo ambiental a los municipios y distritos | AB30: =+G30-Z30 -> 0
B31: 3,07,01 | C31: Remisión de los resultados del acotamiento a los municipios y distritos | D31: =(G31)/$G$37 -> 0.0097378938 | E31: GLB | F31: 1 | G31: 5595183 | H31: 0 | I31: =H31*$G$37 -> 0 | J31: =H31 -> 0 | K31: =J31*$G$37 -> 0 | M31: =ROUNDDOWN((G31*1.19),0) -> 6658267 | N31: =M31/$M$37 -> 0.0097378927 | O31: =+D31-N31 -> 1.1251486e-09 | Y31: =$G31*1 -> 5595183 | Z31: =SUM(T31:Y31) -> 5595183 | AB31: =+G31-Z31 -> 0
B32: 3.14 | C32: Plan de seguimiento y evaluación | AB32: =+G32-Z32 -> 0
B33: 3,08,01 | C33: Línea base de seguimiento y evaluación | D33: =(G33)/$G$37 -> 0.013383346 | E33: GLB | F33: 1 | G33: 7689781 | H33: 0 | I33: =H33*$G$37 -> 0 | J33: =H33 -> 0 | K33: =J33*$G$37 -> 0 | M33: =ROUNDDOWN((G33*1.19),0) -> 9150839 | N33: =M33/$M$37 -> 0.013383346 | O33: =+D33-N33 -> 5.6901523e-10 | Y33: =$G33*1 -> 7689781 | Z33: =SUM(T33:Y33) -> 7689781 | AB33: =+G33-Z33 -> 0
B34: 3,08,02 | C34: Formulación del Plan de Seguimiento y Evaluación | D34: =(G34)/$G$37 -> 0.013383346 | E34: GLB | F34: 1 | G34: 7689781 | H34: 0 | I34: =H34*$G$37 -> 0 | J34: =H34 -> 0 | K34: =J34*$G$37 -> 0 | M34: =ROUNDDOWN((G34*1.19),0) -> 9150839 | N34: =M34/$M$37 -> 0.013383346 | O34: =+D34-N34 -> 5.6901523e-10 | Y34: =$G34*1 -> 7689781 | Z34: =SUM(T34:Y34) -> 7689781 | AB34: =+G34-Z34 -> 0
B35: 3,08,03 | C35: Elaboración de la Providencia | D35: =(G35)/$G$37 -> 0.013383346 | E35: GLB | F35: 1 | G35: 7689781 | H35: 0 | I35: =H35*$G$37 -> 0 | J35: =H35 -> 0 | K35: =J35*$G$37 -> 0 | M35: =ROUNDDOWN((G35*1.19),0) -> 9150839 | N35: =M35/$M$37 -> 0.013383346 | O35: =+D35-N35 -> 5.6901523e-10 | Y35: =$G35*1 -> 7689781 | Z35: =SUM(T35:Y35) -> 7689781 | AB35: =+G35-Z35 -> 0
B36: 3,08,04 | C36: Resolución de Ronda | D36: =(G36)/$G$37 -> 0.013383346 | E36: GLB | F36: 1 | G36: 7689781 | H36: 0 | I36: =H36*$G$37 -> 0 | J36: =H36 -> 0 | K36: =J36*$G$37 -> 0 | M36: =ROUNDDOWN((G36*1.19),0) -> 9150839 | N36: =M36/$M$37 -> 0.013383346 | O36: =+D36-N36 -> 5.6901523e-10 | Y36: =$G36*1 -> 7689781 | Z36: =SUM(T36:Y36) -> 7689781 | AB36: =+G36-Z36 -> 0
C37: SUBTOTAL ACOTAMIENTO LAS GACHAS | D37: =+D5+D13+D18 -> 1 | G37: =+G5+G13+G18 -> 574578353 | I37: =ROUND((I5+I13+I18),0) -> 214300835 | K37: =+K5+K13+K18 -> 2.1430084e+08 | M37: =+M5+M13+M18 -> 683748240 | T37: =+T5+T13+T18 -> 1.3470922e+08 | U37: =+U5+U13+U18 -> 1.3158412e+08 | V37: =+V5+V13+V18 -> 115616706 | W37: =+W5+W13+W18 -> 99645384 | X37: =+X5+X13+X18 -> 45853736 | Y37: =+Y5+Y13+Y18 -> 47169188 | Z37: =+Z5+Z13+Z18 -> 574578353 | AB37: =+AB5+AB13+AB18 -> 0
C38: IVA 19% | G38: =ROUND((G37*0.19),0) -> 109169887 | I38: =ROUND((I37*0.19),0) -> 40717159 | K38: =ROUND((K37*0.19),0) -> 40717159 | T38: =+T37*0.19 -> 25594752 | U38: =+U37*0.19 -> 25000983 | V38: =+V37*0.19 -> 21967174 | W38: =+W37*0.19 -> 18932623 | X38: =+X37*0.19 -> 8712209.8 | Y38: =+Y37*0.19 -> 8962145.8 | Z38: =+Z37*0.19 -> 1.0916989e+08 | AB38: =+AB37*0.19 -> 0
C39: VALOR TOTAL | G39: =ROUND((G37+G38),0) -> 683748240 | I39: =ROUND((I37+I38),0) -> 255017994 | K39: =ROUND((K37+K38),0) -> 255017994 | T39: =ROUND((T37+T38),0) -> 160303971 | U39: =ROUND((U37+U38),0) -> 156585102 | V39: =ROUND((V37+V38),0) -> 137583880 | W39: =ROUND((W37+W38),0) -> 118578007 | X39: =ROUND((X37+X38),0) -> 54565946 | Y39: =ROUND((Y37+Y38),0) -> 56131334 | Z39: =ROUND((Z37+Z38),0) -> 683748240 | AB39: =ROUND((AB37+AB38),0) -> 0
C41: PRESUPUESTO CONSULTOR - ANEXO 12 | G41: 683748240 | I41: =+'Linea Base 1 - 160925'!N155-I39 -> 0 | K41: =+'Linea Base 1 - 160925'!P155-K39 -> -255017994
C42: DIFERENCIA | G42: =G41-G39 -> 0

Sheet Hoja1
D9: ID | E9: Actividad | F9: % Actividad Proyectada | G9: % Actividad Ejecutada | H9: Inicio | I9: Fin | J9: Atraso % por Actividad
D10: 1.01 | E10: Priorización de cuerpos de agua para el acotamiento de su ronda hídrica | F10: 0.03379667 | G10: 0 | H10: 45915 | I10: 45931 | J10: -0.0063368756
D11: 1.02 | E11: Recopilación de información secundaria | F11: 0.03379667 | G11: 0 | H11: 45912 | I11: 45945 | J11: =SUM(J12:J18) -> -0.016312066
D12: 1,02,01 | E12: Informacion historica de eventos de inundaciones o avenidas torrenciales | F12: 0.0048280957 | G12: 0 | H12: 45912 | I12: 45920 | J12: -0.0036210718
D13: 1,02,02 | E13: Caracterizacion climatica | F13: 0.0048280957 | G13: 0 | H13: 45912 | I13: 45927 | J13: -0.0019312383
D14: 1,02,03 | E14: Mapa de zonas de vida 1: 100000 | F14: 0.0048280957 | G14: 0 | H14: 45912 | I14: 45922 | J14: -0.0028968574
D15: 1,02,04 | E15: Caracterizacion de suelos - Informacion secundaria | F15: 0.0048280957 | G15: 0 | H15: 45912 | I15: 45922 | J15: -0.0028968574
D16: 1,02,05 | E16: Mapa de humedades de Colombia | F16: 0.0048280957 | G16: 0 | H16: 45912 | I16: 45922 | J16: -0.0028968574
D17: 1,02,06 | E17: Peticiones quejas solicitudes y reclamos o conflictos ambientales | F17: 0.0048280957 | G17: 0 | H17: 45912 | I17: 45926 | J17: -0.0020691839
D18: 1,02,07 | E18: Documento técnico Informacion secundaria - aprobación del area de estudio | F18: 0.0048280957 | G18: 0 | H18: 45927 | I18: 45937 | J18: 0
D19: 1.03 | E19: Diseño de la estrategia de participación | F19: 0.0054389449 | G19: 0 | H19: 45912 | I19: 45937 | J19: -0.0032633669
D20: 1,03,01 | E20: Documento de metodologia y estrategia de participacion | F20: 0.0054389449 | G20: 0 | H20: 45912 | I20: 45922 | J20: -0.0032633669
D21: 1.04 | E21: Diseño conceptual de la base de datos geográfica | F21: 0.03379667 | G21: 0 | H21: 45912 | I21: 45928 | J21: -0.012673751
D22: Total % de Programacion Actividades que reflejan atraso sin haber terminado su fecha de finalización | J22: =+J10+J11+J19+J21 -> -0.03858606
D27: ID | E27: Actividad | F27: % Actividad Proyectada | G27: % Actividad Ejecutada | H27: Inicio | I27: Fin | J27: Atraso % por Actividad | K27: Dias de Atraso
D28: 1.06 | E28: Programación de actividades | F28: 0.03379667 | G28: 0 | H28: 45911 | I28: 45916 | J28: 0.03379667 | K28: 2
